 Dungeon Crawl Stone Soup version 0.31-a0-221-gbddc013574 (webtiles) character file.

Game seed: 16904759404853341619

11611746 ASDFQWER the Archmage (level 27, 189/195 (224) HPs)
             Began as an Octopode Conjurer on July 3, 2023.
             Was an Initiate of Gozag.
             Escaped with the Orb
             ... and 15 runes on July 4, 2023!
             The game lasted 08:27:34 (148844 turns).

ASDFQWER the Archmage (Octopode Conjurer)         Turns: 148844, Time: 08:27:34

HP:   189/195 (224) AC: 15    Str:  7      XL:     27
MP:   65/91         EV: 47    Int: 40      God:    Gozag
Gold: 29361         SH:  0    Dex: 28 (33) Spells: 6/80 levels left

rFire   + + +        P - +3 Elemental Staff {rElec rF+ rC+ AC+3}
rCold   + + +        K - sphere of Battle
rNeg    . . .        r - +3 hat of Pondering {ponderous, Will+ MP+10 Int+5}
rPois   +            l - amulet of Vitality {RegenMP++ Regen++}
rElec   +            g - ring "Joniargh" {rC++ rCorr Dex+2 Slay+4}
rCorr   +            a - ring "Diahuor" {Wiz Will+ Int+4 Slay+2 Stlth+}
SInv    +            Z - ring "Vija Gugh" {Wiz rC- Str+3 Dex+9 SInv}
Will    ++++.        E - ring "Rucwy" {rElec MP+9 AC+4 Dex+4}
Stlth   +++++        L - ring of the Mage {Wiz Archmagi}
HPRegen 2.12/turn    S - ring of Zoclylah {rC+ MP+9 EV+5 Str+2}
MPRegen 1.32/turn    s - ring of Tuenamuc {rF+++ MP+9 Str-5 Slay+4 Stlth+}
                     W - ring "Jieboil" {rPois rC+ AC+4 Str+3 Dex+2}

%: wizardry (x3), archmagi
@: gold aura, studying 2 skills, heavily drained, slow
A: almost no armour, amphibious, 8 rings, camouflage 1, gelatinous body 1,
(nimble swimmer 1), tentacles, tentacle spike 1, agile 1, cold resistance 1,
mutation resistance 1, weak 1, wild magic 2, no potion heal 1
0: Orb of Zot
}: 15/15 runes: serpentine, barnacled, slimy, silver, golden, iron, obsidian,
icy, bone, abyssal, demonic, glowing, magical, fiery, dark
a: Renounce Religion, Potion Petition, Call Merchant, Bribe Branch


You escaped.
You worshipped Gozag.
Gozag was extremely pleased with you.
You visited 18 branches of the dungeon, and saw 88 of its levels.
You visited Pandemonium 1 time, and saw 17 of its levels.
You visited the Abyss 1 time.
You completed 6 ziggurats, and saw 162 of their levels.
You also visited: Trove, Ossuary, Wizlab and Desolation.

You collected 178066 gold pieces.
You spent 6843 gold pieces at shops.
You paid 141862 gold pieces to Gozag.

Inventory:

Hand Weapons
 P - the +3 Elemental Staff (weapon) {rElec rF+ rC+ AC+3}
   (You found it on level 23 of a ziggurat)

   It enhances your fire, ice, earth and air magic.
   AC:        It affects your AC (+3).
   rF:        It protects you from fire.
   rC:        It protects you from cold.
   rElec:     It insulates you from electricity.
Missiles
 w - 8 throwing nets
Armour
 r - the +3 hat of Pondering (worn) {ponderous, Will+ MP+10 Int+5}
   (You found it on level 12 of the Dungeon)

   Int:       It affects your intelligence (+5).
   MP:        It affects your magic capacity (+10).
   Will:      It increases your willpower.
 K - the sphere of Battle (worn)
   (You found it on level 25 of a ziggurat)

   It enhances your destructive magic.
   It weakens your non-destructive magic.
   It summons a battlesphere in combat, with strength depending on Conjurations
   skill.
 N - the +5 Storm Queen's Shield {shock, Fly rElec}
   (You found it on level 12 of a ziggurat)

   Shock:     When it blocks an attack, it may electrocute the attacker.
   This works even against foes who are a short distance away.
   rElec:     It insulates you from electricity.
   Fly:       It grants you flight.
Jewellery
 a - the ring "Diahuor" (right tentacle) {Wiz Will+ Int+4 Slay+2 Stlth+}
   (You found it in Pandemonium)

   [ring of wizardry]

   It improves your spell success rate.
   Int:       It affects your intelligence (+4).
   Slay:      It affects your accuracy & damage with ranged weapons and melee
   (+2).
   Will:      It increases your willpower.
   Stlth:     It makes you more stealthy.
 g - the ring "Joniargh" (left tentacle) {rC++ rCorr Dex+2 Slay+4}
   (You bought it in a shop on level 3 of the Shoals)

   [ring of slaying]

   Dex:       It affects your dexterity (+2).
   Slay:      It affects your accuracy & damage with ranged weapons and melee
   (+4).
   rC:        It greatly protects you from cold.
   rCorr:     It protects you from acid and corrosion.
 l - the amulet of Vitality (around mantle) {RegenMP++ Regen++}
   (You found it on level 4 of the Shoals)

   [amulet of magic regeneration]

   It increases your rate of magic regeneration.
   Regen:     It increases your rate of health regeneration.
 q - the ring "Sustiehi" {Drain rN+++ Str+6}
   (You bought it in a shop on level 3 of the Shoals)

   [ring of strength]

   Str:       It affects your strength (+6).
   rN:        It renders you almost immune to negative energy.
   Drain:     It drains your maximum health when unequipped.
 s - the ring of Tuenamuc (on tentacle) {rF+++ MP+9 Str-5 Slay+4 Stlth+}
   (You found it on level 3 of the Tomb of the Ancients)

   [ring of slaying]

   Str:       It affects your strength (-5).
   Slay:      It affects your accuracy & damage with ranged weapons and melee
   (+4).
   rF:        It renders you almost immune to fire.
   MP:        It affects your magic capacity (+9).
   Stlth:     It makes you more stealthy.
 E - the ring "Rucwy" (on tentacle) {rElec MP+9 AC+4 Dex+4}
   (You found it on level 25 of a ziggurat)

   [ring of protection]

   AC:        It affects your AC (+4).
   Dex:       It affects your dexterity (+4).
   rElec:     It insulates you from electricity.
   MP:        It affects your magic capacity (+9).
 L - the ring of the Mage (on tentacle) {Wiz Archmagi}
   (You found it on level 3 of the Tomb of the Ancients)

   [ring of wizardry]

   It improves your spell success rate.
   Archmagi:  It increases the power of your magical spells.
 S - the ring of Zoclylah (on tentacle) {rC+ MP+9 EV+5 Str+2}
   (You found it on level 5 of the Pits of Slime)

   [ring of evasion]

   EV:        It affects your evasion (+5).
   Str:       It affects your strength (+2).
   rC:        It protects you from cold.
   MP:        It affects your magic capacity (+9).
 W - the ring "Jieboil" (on tentacle) {rPois rC+ AC+4 Str+3 Dex+2}
   (You acquired it on level 16 of a ziggurat)

   [ring of protection]

   AC:        It affects your AC (+4).
   Str:       It affects your strength (+3).
   Dex:       It affects your dexterity (+2).
   rC:        It protects you from cold.
   rPois:     It protects you from poison.
 Z - the ring "Vija Gugh" (on tentacle) {Wiz rC- Str+3 Dex+9 SInv}
   (You found it on level 21 of a ziggurat)

   [ring of wizardry]

   It improves your spell success rate.
   Str:       It affects your strength (+3).
   Dex:       It affects your dexterity (+9).
   rC:        It makes you vulnerable to cold.
   SInv:      It lets you see invisible.
Wands
 D - a wand of acid (332)
 G - a wand of paralysis (463)
 Y - a wand of digging (182)
Scrolls
 c - 51 scrolls of immolation
 d - 8 scrolls of amnesia
 e - 56 scrolls of blinking
 h - 42 scrolls of revelation
 j - 6 scrolls of butterflies
 o - 131 scrolls of teleportation
 F - 24 scrolls of vulnerability
 V - 107 scrolls of fog
Potions
 b - 9 potions of haste
 i - 2 potions of curing
 k - 24 potions of might
 m - 13 potions of cancellation
 p - 4 potions of brilliance
 x - 34 potions of heal wounds
 z - 5 potions of resistance
 I - 13 potions of enlightenment
 Q - 137 potions of mutation
 R - 23 potions of magic
Miscellaneous
 f - the horn of Geryon
 n - a phial of floods
 v - 2 +6 figurines of a ziggurat
 J - a phantom mirror
 T - a tin of tremorstones (2/2)
 U - a box of beasts
 X - a lightning rod (4/4)


   Skills:
 O Level 27 Fighting
 O Level 27 Short Blades
 O Level 27 Long Blades
 O Level 27 Axes
 O Level 27 Maces & Flails
 O Level 27 Polearms
 O Level 27 Staves
 O Level 27 Ranged Weapons
 O Level 27 Throwing
 O Level 27 Dodging
 O Level 27 Stealth
 O Level 27 Shields
 O Level 27 Unarmed Combat
 O Level 27 Spellcasting
 O Level 27 Conjurations
 O Level 27 Hexes
 O Level 27 Summonings
 O Level 27 Necromancy
 O Level 27 Translocations
 O Level 27 Transmutations
 O Level 27 Fire Magic
 O Level 27 Ice Magic
 O Level 27 Air Magic
 O Level 27 Earth Magic
 O Level 27 Poison Magic
 O Level 27 Invocations
 O Level 27 Evocations


You had 6 spell levels left.
You knew the following spells:

 Your Spells              Type           Power      Damage    Failure   Level
a - Shatter               Erth           100%       3d71*     1%          9
b - Lehudib's Crystal Sp  Conj/Erth      100%       10d22     1%          8
c - Passwall              Tmut/Erth      100%       N/A       1%          2
d - Chain Lightning       Conj/Air       100%       3d133     1%          9
e - Polar Vortex          Ice            100%       N/A       1%          9
f - Infestation           Necr           81%        N/A       1%          8
g - Blink                 Tloc           100%       N/A       1%          2
h - Apportation           Tloc           100%       N/A       1%          1
i - Fire Storm            Conj/Fire      100%       8d25      1%          9
j - Dragon's Call         Summ           81%        N/A       1%          9
k - Necromutation         Tmut/Necr      81%        N/A       1%          8

Your spell library contained the following spells:

 Spells                   Type           Power      Damage    Failure   Level
 Beastly Appendage        Tmut           100%       N/A       1%          1
 Foxfire                  Conj/Fire      100%       2x1d9     1%          1
 Freeze                   Ice            100%       1d10      1%          1
 Kiss of Death            Conj/Necr      100%       2d13      1%          1
 Magic Dart               Conj           100%       1d8       1%          1
 Necrotise                Necr           100%       1d9       1%          1
 Sandblast                Erth           100%       2d20      1%          1
 Shock                    Conj/Air       100%       1d9       1%          1
 Slow                     Hex            100%       N/A       1%          1
 Sting                    Tmut/Pois      100%       1d8       1%          1
 Summon Small Mammal      Summ           100%       N/A       1%          1
 Call Imp                 Summ           100%       N/A       1%          2
 Cigotuvi's Dreadful Rot  Necr/Pois/Air  100%       N/A       1%          2
 Ensorcelled Hibernation  Hex/Ice        100%       N/A       1%          2
 Lesser Beckoning         Tloc           100%       N/A       1%          2
 Momentum Strike          Conj/Tloc      100%       3d10      1%          2
 Poisonous Vapours        Pois/Air       100%       N/A       1%          2
 Scorch                   Fire           100%       2d9       1%          2
 Searing Ray              Conj           100%       2d8       1%          2
 Static Discharge         Conj/Air       100%       2-7/arc   1%          2
 Sublimation of Blood     Necr           100%       N/A       1%          2
 Wereblood                Tmut           100%       N/A       1%          2
 Call Canine Familiar     Summ           100%       N/A       1%          3
 Confusing Touch          Hex            100%       N/A       1%          3
 Dazzling Flash           Conj/Hex       100%       N/A       1%          3
 Frozen Ramparts          Ice            100%       1d16      1%          3
 Gell's Gravitas          Tloc           100%       N/A       1%          3
 Hailstorm                Conj/Ice       100%       3d20      1%          3
 Ignite Poison            Fire/Tmut/Pois 100%       N/A       1%          3
 Inner Flame              Hex/Fire       100%       N/A       1%          3
 Mephitic Cloud           Conj/Pois/Air  100%       N/A       1%          3
 Ozocubu's Armour         Ice            100%       N/A       1%          3
 Portal Projectile        Hex/Tloc       100%       N/A       1%          3
 Spider Form              Tmut/Pois      100%       N/A       1%          3
 Stone Arrow              Conj/Erth      100%       3d13      1%          3
 Summon Guardian Golem    Hex/Summ       100%       N/A       1%          3
 Swiftness                Air            100%       N/A       1%          3
 Teleport Other           Tloc           100%       N/A       1%          3
 Tukima's Dance           Hex            100%       N/A       1%          3
 Vampiric Draining        Necr           100%       2d13      1%          3
 Vhi's Electric Charge    Tloc/Air       100%       N/A       1%          3
 Volatile Blastmotes      Fire/Tloc      100%       2d18      1%          3
 Airstrike                Air            100%       2d(15-31) 1%          4
 Anguish                  Hex/Necr       81%        N/A       1%          4
 Cause Fear               Hex            81%        N/A       1%          4
 Dispel Undead            Necr           100%       3d31      1%          4
 Flame Wave               Conj/Fire      100%       2d21      1%          4
 Fulminant Prism          Conj/Hex       100%       3d40      1%          4
 Ice Form                 Ice/Tmut       100%       N/A       1%          4
 Iskenderun's Mystic Bla  Conj/Tloc      100%       2d19      1%          4
 Leda's Liquefaction      Hex/Erth       95%        N/A       1%          4
 Manifold Assault         Tloc           100%       N/A       1%          4
 Olgreb's Toxic Radiance  Pois           100%       N/A       1%          4
 Passage of Golubria      Tloc           100%       N/A       1%          4
 Petrify                  Tmut/Erth      100%       N/A       1%          4
 Sticky Flame             Conj/Fire      100%       2d11      1%          4
 Summon Ice Beast         Ice/Summ       100%       N/A       1%          4
 Summon Lightning Spire   Summ/Air       100%       N/A       1%          4
 Agony                    Necr           100%       N/A       1%          5
 Alistair's Intoxication  Tmut/Pois      100%       N/A       1%          5
 Arcjolt                  Conj/Air       100%       1d110     1%          5
 Blade Hands              Tmut           81%        N/A       1%          5
 Borgnjor's Vile Clutch   Necr/Erth      95%        N/A       1%          5
 Fireball                 Conj/Fire      100%       3d36      1%          5
 Freezing Cloud           Conj/Ice/Air   100%       6-21      1%          5
 Irradiate                Conj/Tmut      100%       3d45      1%          5
 Iskenderun's Battlesphe  Conj           100%       2d15      1%          5
 Lee's Rapid Deconstruct  Erth           100%       3d44*     1%          5
 Metabolic Englaciation   Hex/Ice        95%        N/A       1%          5
 Silence                  Hex/Air        95%        N/A       1%          5
 Summon Forest            Summ/Tloc      81%        N/A       1%          5
 Summon Mana Viper        Hex/Summ       100%       N/A       1%          5
 Yara's Violent Unravell  Hex/Tmut       100%       3d36      1%          5
 Conjure Ball Lightning   Conj/Air       100%       3x3d38    1%          6
 Death Channel            Necr           81%        N/A       1%          6
 Dispersal                Tloc           81%        N/A       1%          6
 Eringya's Noxious Bog    Tmut/Pois      100%       N/A       1%          6
 Leda's Unmaking          Conj/Erth      100%       9d16      1%          6
 Plasma Beam              Fire/Air       100%       2x1d120   1%          6
 Starburst                Conj/Fire      100%       6d25      1%          6
 Statue Form              Tmut/Erth      100%       N/A       1%          6
 Summon Cactus Giant      Summ           81%        N/A       1%          6
 Dragon Form              Tmut           81%        N/A       1%          7
 Enfeeble                 Hex            81%        N/A       1%          7
 Haunt                    Necr/Summ      81%        N/A       1%          7
 Malign Gateway           Summ/Tloc      81%        N/A       1%          7
 Monstrous Menagerie      Summ           81%        N/A       1%          7
 Orb of Destruction       Conj           100%       9d21      1%          7
 Ozocubu's Refrigeration  Ice            100%       4d29      1%          7
 Spellforged Servitor     Conj/Summ      100%       N/A       1%          7
 Storm Form               Tmut/Air       95%        N/A       1%          7
 Summon Hydra             Summ           81%        N/A       1%          7
 Borgnjor's Revivificati  Necr           81%        N/A       1%          8
 Discord                  Hex            81%        N/A       1%          8
 Disjunction              Tloc           81%        N/A       1%          8
 Ignition                 Fire           100%       3d25      1%          8
 Maxwell's Capacitive Co  Air            100%       ∞         1%          8
 Summon Horrible Things   Summ           81%        N/A       1%          8
 Death's Door             Necr           81%        N/A       1%          9
 Animate Armour           Summ/Erth      Unusable   N/A       N/A         4
 Animate Dead             Necr           Unusable   N/A       N/A         4
 Simulacrum               Ice/Necr       Unusable   N/A       N/A         6

Dungeon Overview and Level Annotations

Branches:
Dungeon (15/15)            Temple (1/1) D:5            Lair (5/5) D:9
 Shoals (4/4) Lair:3        Snake (4/4) Lair:3        Slime (5/5) Lair:5
    Orc (2/2) D:10            Elf (3/3) Orc:2        Vaults (5/5) D:13
  Crypt (3/3) Vaults:3       Tomb (3/3) Crypt:3      Depths (4/4) D:15
   Hell (visited)             Dis (7/7) Hell            Geh (7/7) Hell
    Coc (7/7) Hell            Tar (7/7) Hell            Zot (5/5) Depths:4
Ossuary (visited)          WizLab (visited)         Desolation (visited)

Altars:
Ashenzari
Cheibriados
Dithmenos
Elyvilon
Fedhas
Gozag
Hepliaklqana
Kikubaaqudgha
Makhleb
Nemelex Xobeh
Qazlal
Ru
Sif Muna
Trog
Uskayaw
Vehumet
Wu Jian
Xom
Yredelemnul
Zin
The Shining One
Jiyva

Shops:
D:1 (   D:2 [   D:3 (   D:10 [   D:11 =   D:13 (?   Orc:1 *   Orc:2 [:=*
Elf:2 :   Elf:3 [   Lair:3 *   Lair:5 =   Shoals:3 =?(*:   Snake:1 :
Snake:4 *   Vaults:1 (   Vaults:4 (   Crypt:3 *   Depths:2 ((

Portals:
Hell: Depths:1 Depths:2 Depths:3 Depths:4
Abyss: Depths:1 Depths:2 Depths:3
Pandemonium: Depths:2

Annotations:
D:10 2 transporters
Depths:3 6 runed translucent doors
Dis:7 Serpent of
Hell
Zot:2 6 transporters


Innate Abilities, Weirdness & Mutations

You cannot wear most types of armour.
You are amphibious.
You can wear up to eight rings at the same time.
Your skin changes colour to match your surroundings (Stealth+).
Your rubbery body absorbs attacks. (AC +1, EV +1)
((You are camouflaged when in or above water. (Stealth+)))
You have tentacles for arms and can constrict up to eight enemies at once.
One of your tentacles bears a spike.
You are agile. (Dex +4, Str/Int -1)
Your flesh is cold resistant. (rC+)
You are somewhat resistant to further mutation.
You are weak. (Str -2)
Your spells are harder to cast, but more powerful.
Potions are less effective at restoring your health.


Message History

You feel a huge surge of power!
The crystal spear hits the red devil!!!!
You kill the red devil!
A Brimstone Fiend comes into view.
The Brimstone Fiend hits you! The Brimstone Fiend barely misses you.
The Brimstone Fiend completely misses you.
You take 12 damage, and have 174/186 hp.
Casting: Lehudib's Crystal Spear (mildly dangerous; 1% risk of failure)
Confirm with . or Enter, or press ? or * to list all spells.
Aiming: Lehudib's Crystal Spear (mildly dangerous; 1% risk of failure)
Press: ? - help, Shift-Dir - straight line, f - Brimstone Fiend
Aim: a Brimstone Fiend (94% to hit)
You feel a huge surge of power!
The crystal spear hits the Brimstone Fiend!!!!
You kill the Brimstone Fiend!
You now have 29361 gold pieces (gained 21).
There is a staircase leading out of the dungeon here.
Casting: Lehudib's Crystal Spear (mildly dangerous; 1% risk of failure)
Confirm with . or Enter, or press ? or * to list all spells.
You feel a huge surge of power!
The dungeon rumbles!
The Ice Fiend is heavily wounded.
Ka-crash!
Your battlesphere fires!
The barrage of energy hits the Ice Fiend but does no damage.
The Ice Fiend is heavily wounded.
Unknown command.
Casting: Shatter (mildly dangerous; 1% risk of failure)
Confirm with . or Enter, or press ? or * to list all spells.
Aiming: Fire Storm (mildly dangerous; 1% risk of failure)
Press: ? - help, Dir - move target, f - Ice Fiend
Aim: an Ice Fiend (water, heavily wounded, ally target)
You feel a huge surge of power!
A raging storm of fire appears!
The great blast of fire engulfs the Ice Fiend!!!!
The Ice Fiend is burned terribly!
You kill the Ice Fiend!
Your battlesphere is engulfed in blazing flames.
A blizzard demon comes into view.
Unknown command.
You have escaped!

...# ##.~~≈#≈≈...≈≈#≈≈~.## ####
#≈≈.~≈≈#≈#.#§#≈≈≈.≈≈#
#≈≈≈.≈≈#≈~.§§#≈§§~≈≈#
##≈≈~.~≈#≈.~#$§°~≈≈## ###
#≈#≈≈~.~#~.§#§☼≈~≈#≈# ### ####
#≈≈##≈~.≈~§~§○2§##≈≈# ### ...#
##≈≈≈##≈$#§#§§##≈≈≈## ### ##.#
###~~~~..§*#~≈~~### #.. ...#
#.......#@#.......# #.#
#..#######~~≈~#.#..~~≈~### #.#
#.......≈≈≈##~.#.#.≈##≈≈≈## #..
#..####~≈##~~.≈~.~≈.≈~##≈≈# #..
...# #≈#≈≈~.~#~.~#≈.~≈≈#≈# #..
...## ##≈≈~.~~#~.~#~~.~≈≈## ##.
....###≈≈~.≈~#≈~.~≈#≈≈.≈~≈######.
###(##.~~.≈≈≈#≈...≈#≈≈≈.~~##.....
###.###..~~≈#≈~#.#≈≈#≈~~.###.###.


You could see a blizzard demon and a friendly battlesphere.

Vanquished Creatures
  Cerebov (Pan)
  Antaeus (Coc:7)
  Asmodeus (Geh:7)
  the Royal Jelly (Slime:5)
  Ereshkigal (Tar:7)
  Ignacio (Pan)
  Gloorx Vloq (Pan)
  Mnoleg (Pan)
  Lom Lobon (Pan)
  50 orbs of fire
  39 dread liches
  28 juggernauts
  45 ancient liches
  Mennas (Pan)
  The ghost of Sojiosifa the Brawler, a veteran TrSu of Gozag (Zot:5)
  78 royal mummies
  Boris (twice) (Crypt:3 Tomb:2)
  Josephina (Zot:1)
  Parghit (Zot:3)
  Margery (Vaults:2)
  121 Killer Klowns
  49 shard shrikes
  Vashnia (Snake:2)
  4 curse toes
  2 caustic shrikes (shapeshifter) (Zig:18)
  Geryon (Hell)
  A golden dragon (shapeshifter) (Zig:20)
  69 caustic shrikes
  59 golden dragons
  A pearl dragon (Zig:26)
  9 profane servitors
  273 pandemonium lords
  51 bone dragons
  22 doom hounds
  the Enchantress (Depths:2)
  43 Tzitzimimeh
  64 Brimstone Fiends
  2 iron giants (shapeshifter)
  36 electric golems
  27 iron giants
  Zenata (Crypt:1)
  95 hellephants
  14 tainted leviathans
  48 tentacled monstrosities
  78 Ice Fiends
  A walking crystal tome (Depths:3)
  23 Orb Guardians
  84 Hell Sentinels
  72 deep elf master archers
  A shard shrike skeleton (Crypt:3)
  17 quicksilver dragons
  40 liches
  5 quicksilver dragons (shapeshifter)
  75 searing wretches
  2 walking earthen tomes
  57 deep elf blademasters
  83 titans
  214 acid blobs
  A walking divine tome (Depths:3)
  10 death cobs
  6 krakens
  Gastronok (D:8)
  51 ancient champions
  Frances (D:12)
  3 eldritch tentacles
  The ghost of Vruhak the Marksdemonspawn, an adept DsHu of Jiyva (Snake:3)
  53 Executioners
  51 storm dragons
  39 sphinxes
  53 tentacled starspawn
  Kirke (D:13)
  27 tengu reavers
  A storm dragon (shapeshifter) (Zig:18)
  20 shadow dragons
  8 shadow dragons (shapeshifter)
  6 thorn hunters
  3 fenstrider witches (shapeshifter)
  6 azure jellies (shapeshifter)
  65 draconian monks
  99 draconian knights
  76 rockslimes
  2 fenstrider witches
  A daeva (Zig:19)
  29 narguns
  65 azure jellies
  37 revenants
  45 demonspawn warmongers
  102 nagarajas
  81 fire giants
  59 quicksilver elementals
  20 deep elf sorcerers
  9 frost giants (shapeshifter)
  7 fire giants (shapeshifter)
  A spectral juggernaut (Tar:4)
  3 imperial myrmidons (Desolation)
  A ghost moth (shapeshifter) (Zig:27)
  A caustic shrike zombie (Hell)
  45 emperor scorpions
  107 ghost moths
  38 vault wardens
  49 frost giants
  2 iron dragons (shapeshifter)
  18 iron dragons
  187 balrugs
  An emperor scorpion (shapeshifter) (Zig:20)
  72 draconian scorchers
  30 curse skulls
  2 angels
  101 orc warlords
  15 shard shrike simulacra
  Aizul (Snake:3)
  5 deep elf elementalists
  6 spectral caustic shrikes
  94 very ugly things
  17 broodmothers
  15 ghouls
  61 quicksilver oozes
  57 draconian stormcallers
  66 draconian shifters
  8 juggernaut skeletons
  4 formless jellyfish (shapeshifter)
  28 formless jellyfish
  5 caustic shrike skeletons
  67 demonspawn corrupters
  47 war gargoyles
  49 reapers
  58 cacodemons
  92 draconian annihilators
  4 spriggan defenders
  62 stone giants
  A quicksilver ooze (shapeshifter) (Zig:20)
  5 stone giants (shapeshifter)
  8 ironbound thunderhulks
  59 deep elf demonologists
  3 ophanim
  22 ironbound preservers
  34 demonspawn blood saints
  39 vampire knights
  2 halazid warlocks (Desolation)
  48 demonspawn black suns
  2 bunyips (shapeshifter)
  33 green draconians
  32 black draconians
  24 bennus
  11 eleionomae
  18 putrid mouths
  36 lorocyprocas
  7 dire elephants (shapeshifter)
  18 elemental wellsprings
  34 red draconians
  40 purple draconians
  37 yellow draconians
  12 bunyips
  27 wendigos
  79 deep elf annihilators
  A spark wasp (shapeshifter) (Zig:21)
  39 white draconians
  38 dire elephants
  A minotaur (shapeshifter) (Zig:18)
  10 eleionomae (shapeshifter)
  34 eidola
  54 spark wasps
  31 ettins
  An ettin (shapeshifter) (Zig:18)
  45 iron golems
  5 crystal guardians
  37 deep elf death magi
  45 fire dragons
  47 merfolk javelineers
  3 quicksilver dragon zombies
  30 merfolk impalers
  2 great orbs of eyes (shapeshifter)
  Snorg (D:10)
  7 jiangshi
  91 entropy weavers
  77 blizzard demons
  19 shambling mangroves
  64 deep elf high priests
  67 mummy priests
  3 quicksilver dragon skeletons
  68 green deaths
  45 great orbs of eyes
  6 spriggan zombies
  A spectral quicksilver dragon (Zig:24)
  37 yaktaur captains
  A fire dragon (shapeshifter) (Zig:17)
  8 ragged hierophants (Desolation)
  3 spectral spriggans (Tar:1)
  6 servants of whispers (Desolation)
  3 hydras (shapeshifter)
  Fannar (D:11)
  39 ice dragons
  72 salamander tyrants
  96 hydras
  11 jorogumos
  7 juggernaut simulacra
  10 peacekeepers
  30 vault guards
  13 caustic shrike simulacra
  54 spriggan air magi
  Harold (Orc:1)
  The ghost of Nammoc the Thaumaturge, a journeyman GnWn of Cheibriados (Lair:3)
  25 catoblepae
  12 rakshasas
  17 hell beasts
  18 centaur warriors
  10 ironbound frosthearts
  9 merfolk avatars
  24 radroaches
  6 ghost crabs
  3 ice dragons (shapeshifter)
  17 ogre magi
  4 anacondas (shapeshifter)
  A boulder beetle (shapeshifter) (Zig:24)
  19 anacondas
  5 alligator snapping turtles
  7 spriggan skeletons
  A radroach (shapeshifter) (Zig:23)
  2 jorogumos (shapeshifter)
  11 stokers
  4 alligator snapping turtles (shapeshifter)
  A catoblepas (shapeshifter) (Zig:6)
  39 naga warriors
  18 satyrs
  16 two-headed ogres
  2 alligators (shapeshifter)
  102 death scarabs
  5 death yaks
  A fenstrider witch skeleton (Hell)
  5 tengu warriors
  2 two-headed ogres (shapeshifter)
  8 deep troll shamans
  51 merfolk aquamancers
  21 boulder beetles
  A satyr (shapeshifter) (Zig:8)
  3 titan zombies
  104 dancing weapons
  12 deep troll earth magi
  35 vampire magi
  70 hell hogs
  9 alligators
  2 death yaks (shapeshifter)
  6 shock serpents (shapeshifter)
  A spectral dire elephant (Tar:1)
  44 demonic crawlers
  46 naga sharpshooters
  A spectral orc (Tar:1)
  92 orc high priests
  8 spriggan berserkers
  64 shock serpents
  Urug (D:13)
  4 spectral nagas (Tar:1)
  A storm dragon zombie (Zig:14)
  The ghost of Koushar the Nimble, a journeyman FeTm of Gozag (D:10)
  42 hell knights
  3 skysharks (shapeshifter)
  39 soul eaters
  79 sun demons
  A titan skeleton (Zig:15)
  39 thrashing horrors
  67 deep elf knights
  5 iron trolls (shapeshifter)
  41 pharaoh ants
  12 skysharks
  2 fire crabs (shapeshifter)
  24 crystal echidnas
  17 skeletal warriors
  A spectral bunyip (Tar:1)
  Amaemon (D:8)
  5 sea snakes (shapeshifter)
  52 sixfirhies
  69 wretched stars
  2 storm dragon skeletons
  9 goliath frogs
  33 fire crabs
  11 salamander mystics
  A death drake (shapeshifter) (Zig:17)
  32 iron trolls
  16 shadow wraiths
  10 sun moths
  2 cherubim (Zig:22)
  A bunyip zombie (Crypt:2)
  2 goliath frogs (shapeshifter) (Zig:27)
  2 golden dragon zombies
  44 shadow demons
  20 death drakes
  40 deep trolls
  10 spatial maelstroms
  4 deep trolls (shapeshifter)
  21 swamp dragons
  An orb spider (shapeshifter) (Zig:23)
  4 shadow dragon zombies
  40 phantasmal warriors
  6 quicksilver dragon simulacra
  34 flayed ghosts
  Lodul (D:13)
  77 deep elf archers
  2 glowing orange brains (shapeshifter)
  27 glowing orange brains
  34 sea snakes
  91 orb spiders
  10 spriggan simulacra
  3 spectral iron dragons
  3 swamp dragons (shapeshifter)
  4 steelbarb worms (shapeshifter)
  21 naga ritualists
  4 bog bodies
  31 spriggan druids
  16 lindwurms
  6 obsidian statues
  Pikel (D:5)
  4 orange crystal statues
  121 deep elf zephyrmancers
  4 tengu zombies
  3 lindwurms (shapeshifter)
  A harpy (shapeshifter) (Zig:20)
  33 harpies
  2 anaconda skeletons
  A golden dragon skeleton (Zig:14)
  33 ironbound convokers
  35 steelbarb worms
  33 orc knights
  2 iron dragon zombies
  4 wolf spiders (shapeshifter)
  43 wolf spiders
  2 sphinx zombies
  4 shining eyes (shapeshifter)
  34 salamanders
  26 wizards
  3 shadow dragon skeletons
  2 mana vipers (shapeshifter)
  3 frost giant zombies
  114 deep elf pyromancers
  4 tengu skeletons
  36 fauns
  2 cyclopes (shapeshifter)
  44 orc sorcerers
  84 ugly things
  27 mana vipers
  31 necromancers
  53 manticores
  14 worldbinders
  51 shining eyes
  40 oklob plants
  5 fauns (shapeshifter)
  102 moths of wrath
  7 will-o-the-wisps
  A moth of wrath (shapeshifter) (Zig:23)
  2 iron dragon skeletons
  3 manticores (shapeshifter)
  An elephant (shapeshifter) (Zig:1)
  A salamander (shapeshifter) (Zig:21)
  7 titan simulacra
  33 cyclopes
  2 fire giant skeletons
  2 guardian serpents (shapeshifter)
  A draconian skeleton (Crypt:1)
  Maurice (D:8)
  121 black mambas
  25 merfolk sirens
  48 naga magi
  A sphinx skeleton (Zig:14)
  7 ice statues
  2 black mambas (shapeshifter)
  64 apocalypse crabs
  55 guardian serpents
  38 vault sentinels
  26 elephants
  3 water nymphs (shapeshifter)
  2 frost giant skeletons
  2 eyes of devastation (shapeshifter)
  10 molten gargoyles
  50 orange demons
  16 rust devils
  2 storm dragon simulacra
  54 water nymphs
  36 eyes of devastation
  7 gargoyles
  4 centaur skeletons
  93 smoke demons
  77 torpor snails
  4 torpor snails (shapeshifter)
  An elephant slug zombie (Crypt:2)
  6 cane toads (shapeshifter)
  57 cane toads
  An unseen horror (shapeshifter) (Zig:21)
  146 large abominations
  30 rime drakes
  2 alligator snapping turtle skeletons
  84 hellions
  A dire elephant skeleton (Pan)
  A rime drake (shapeshifter) (Zig:17)
  A sea snake zombie (Hell)
  2 spark wasp simulacra
  27 efreet
  3 unseen horrors
  A komodo dragon (shapeshifter) (Zig:20)
  51 yaktaurs
  An elf skeleton (Vaults:2)
  19 ice devils
  4 yaktaurs (shapeshifter)
  35 komodo dragons
  72 tormentors
  6 anaconda simulacra
  8 freezing wraiths
  2 bunyip simulacra
  58 ancient zymes
  5 iron giant simulacra
  134 guardian mummies
  6 tengu conjurers
  2 queen bees (shapeshifter) (D:13)
  18 red devils
  104 merfolk
  A queen bee (D:10)
  A meliai (shapeshifter) (Zig:27)
  2 bloated husks
  5 golden dragon simulacra
  3 hydra zombies (Hell)
  27 hellwings
  11 polar bears
  3 human skeletons (Vaults:2)
  4 silent spectres
  10 meliai
  A spectral harpy (Tar:1)
  A troll (shapeshifter) (Zig:18)
  51 trolls
  2 wind drakes (shapeshifter)
  3 harpy zombies
  4 merfolk (shapeshifter)
  A wandering mushroom (Zig:19)
  44 hornets
  7 shadow dragon simulacra
  42 tarantellas
  A hydra skeleton (Crypt:1)
  6 tarantellas (shapeshifter)
  3 tyrant leeches
  Prince Ribbit (D:5)
  A harpy skeleton (Pan)
  Grinder (D:3)
  59 saltlings (Desolation)
  5 iron dragon simulacra
  53 raiju
  14 wind drakes
  13 snapping turtles
  2 stone giant simulacra
  2 dream sheep (shapeshifter)
  30 blink frogs
  A death drake skeleton (Crypt:1)
  2 slime creatures (shapeshifter)
  An alligator zombie (Hell)
  A raiju (shapeshifter) (Zig:21)
  13 dream sheep
  2 frost giant simulacra
  5 snapping turtles (shapeshifter)
  A fire giant simulacrum (Zig:4)
  83 flying skulls
  2 spriggans (shapeshifter) (Zig:20)
  49 air elementals
  5 shadows
  213 slime creatures
  60 ushabtiu
  23 spriggans
  3 jumping spiders (shapeshifter)
  25 culicivoras
  51 water elementals
  46 jumping spiders
  3 centaur simulacra
  2 vampires
  61 ynoxinuls
  20 wyverns
  2 yaks (shapeshifter) (Zig:27)
  An alligator skeleton (Hell)
  A culicivora (shapeshifter) (Zig:23)
  12 wraiths
  A human (shapeshifter) (Zig:15)
  6 dire elephant simulacra
  37 golden eyes
  78 yaks
  37 fire elementals
  2 alligator snapping turtle simulacra (Crypt:1)
  2 fire bats (Pan)
  15 basilisks
  A basilisk (shapeshifter) (Zig:21)
  6 hogs
  51 redbacks
  Grum (Lair:1)
  A hog (shapeshifter) (Zig:27)
  66 starcursed masses
  A steam dragon (shapeshifter) (Zig:27)
  A minotaur simulacrum (Coc:1)
  7 redbacks (shapeshifter)
  The ghost of Vruhak the Shooter, an amateur DsHu (D:5)
  Menkaure (D:7)
  18 vampire mosquitoes
  8 steam dragons
  54 chaos spawn
  62 neqoxecs
  16 harpy simulacra
  2 wargs (shapeshifter)
  5 swamp worms (shapeshifter)
  2 spatial vortices (Zig:26)
  36 wargs
  73 nagas
  A naga zombie (Hell)
  6 acid dragons
  A merfolk zombie (Crypt:2)
  2 swamp worms (Snake:1)
  2 glowing shapeshifter zombies
  45 water moccasins
  35 hell hounds
  3 hydra simulacra
  A nameless horror (Zot:5)
  A water moccasin (shapeshifter) (Zig:24)
  2 moth of wrath simulacra (Zot:1)
  28 floating eyes
  5 floating eyes (shapeshifter)
  A black bear (shapeshifter) (Zig:17)
  5 glowing shapeshifter skeletons
  3 naga skeletons
  A hornet zombie (Crypt:2)
  An ice beast (shapeshifter) (Zig:21)
  A sky beast (D:7)
  8 swamp drakes
  229 orc warriors
  12 ice beasts
  5 black bears
  An ettin simulacrum (Coc:7)
  4 small abominations (Abyss:3)
  A black mamba simulacrum (Coc:2)
  102 ogres
  26 wolves
  27 centaurs
  6 boggarts
  4 lemures (D:5)
  2 phantoms (D:5)
  4 kobold brigands
  2 gnoll sergeants
  11 bullfrogs
  11 earth elementals
  5 naga simulacra
  5 scorpions
  2 necrophages
  A glowing shapeshifter simulacrum (Zig:26)
  5 wights
  11 killer bees
  3 howler monkeys
  3 lava snakes (D:12)
  An electric eel (Lair:3)
  A centaur zombie (Ossuary)
  A human simulacrum (Vaults:2)
  3 human zombies
  17 jellies
  4 hounds
  A gnoll bouda (D:7)
  39 orc priests
  A basilisk skeleton (Crypt:2)
  2 sleepcaps
  Ijyb (D:4)
  Natasha (D:3)
  4 iguanas
  2 lightning spires (Zig:21)
  30 orc wizards
  18 hell rats
  233 mummies
  6 adders
  17 gnolls
  2 shadow imps
  2 white imps
  2 ufetubi (D:5)
  An iguana zombie (Crypt:1)
  A worm (D:2)
  4 dart slugs
  79 orcs
  6 bats
  10 endoplasms
  8 goblins
  9 hobgoblins
  A jackal (shapeshifter) (Zig:27)
  2 jackals (D:2)
  2 quokkas (D:4)
  2 ball pythons
  3 frilled lizards
  4 goblin zombies
  A hobgoblin skeleton (Crypt:1)
  A hobgoblin zombie (Crypt:1)
  A jackal zombie (Crypt:1)
  25 kobolds
  5 orc zombies
  5 rats
  A river rat zombie (Crypt:2)
  9 ball lightnings
  3 creeping infernos
  81 fire vortices
  3 fulminant prisms
  16 starspawn tentacles
  12 tentacles
14208 creatures vanquished.

Vanquished Creatures (collateral kills)
  7 dread liches
  6 ancient liches
  An orb of fire (Zot:5)
  8 juggernauts
  15 royal mummies
  2 shard shrikes
  6 Killer Klowns
  14 pandemonium lords
  14 caustic shrikes
  8 golden dragons
  2 profane servitors
  25 bone dragons
  8 Tzitzimimeh
  5 doom hounds
  2 electric golems (Zig:20)
  4 Brimstone Fiends
  3 tentacled monstrosities
  2 iron giants
  9 Hell Sentinels
  4 Orb Guardians (Zot:5)
  2 hellephants
  5 Ice Fiends
  8 tainted leviathans
  The ghost of Xecaleth the Tortoise, an adept GrFi of Makhleb (Crypt:2)
  11 deep elf blademasters
  2 liches
  6 titans
  3 spectral shard shrikes (Tar:4)
  11 acid blobs
  A quicksilver dragon (Zot:5)
  6 deep elf master archers
  A sphinx (Zig:11)
  A tentacled starspawn (Zig:16)
  A thorn hunter (Zig:17)
  3 ancient champions
  2 Executioners (Pan)
  3 shadow dragons
  A storm dragon (Zig:20)
  A tengu reaver (Zig:10)
  6 fire giants
  2 azure jellies (Zig:24)
  11 nagarajas
  21 rockslimes
  A frost giant (shapeshifter) (Zig:8)
  A vault warden (Zig:11)
  A frost giant (Zig:3)
  An azure jelly (shapeshifter) (Zig:24)
  A quicksilver elemental (Dis:7)
  2 deep elf sorcerers
  6 balrugs
  3 emperor scorpions
  A nargun (Zig:12)
  2 iron dragons (Dis:7)
  4 demonspawn warmongers
  6 draconian scorchers
  3 shard shrike simulacra
  A draconian shifter (Zot:4)
  A draconian stormcaller (Zig:21)
  2 curse skulls (Zig:22)
  A deep elf elementalist (Elf:3)
  25 orc warlords
  A spectral caustic shrike (Tar:4)
  A ghost moth (Zig:18)
  A juggernaut zombie (Zig:19)
  A spectral juggernaut (Tar:4)
  2 ghouls
  12 demonspawn blood saints
  A quicksilver ooze (Zig:23)
  2 very ugly things
  6 cacodemons
  2 war gargoyles
  2 demonspawn corrupters
  2 draconian annihilators
  2 broodmothers
  2 stone giants (shapeshifter)
  A formless jellyfish (Zig:23)
  2 ironbound preservers
  An eleionoma (shapeshifter) (Zig:21)
  11 stone giants
  4 green draconians
  6 putrid mouths
  3 deep elf demonologists
  A lorocyproca (Zig:24)
  3 demonspawn black suns
  5 red draconians
  7 deep elf annihilators
  6 elemental wellsprings
  2 black draconians
  4 bennus
  A wendigo (Coc:3)
  4 purple draconians
  4 spark wasps
  5 yellow draconians
  3 white draconians
  An eidolon (Tar:7)
  6 blizzard demons
  6 mummy priests
  A merfolk javelineer (Zig:16)
  3 shambling mangroves
  3 green deaths
  3 ettins
  4 entropy weavers
  A yaktaur captain (Zig:11)
  A merfolk impaler (Zig:16)
  3 great orbs of eyes
  A spectral spriggan (Tar:4)
  9 deep elf high priests
  34 salamander tyrants
  A hydra (Zig:23)
  An ogre mage (Zig:19)
  A spriggan air mage (Zig:20)
  A hell beast (Zig:24)
  A centaur warrior (Zig:8)
  A merfolk avatar (Zig:16)
  A satyr (Zig:8)
  An anaconda (Zig:11)
  15 dancing weapons
  A spectral stone giant (Tar:5)
  5 two-headed ogres
  16 death scarabs
  4 merfolk aquamancers (Zig:16)
  4 naga warriors
  A demonic crawler (Zig:18)
  2 hell hogs (Pan)
  A vampire mage (Zig:22)
  A two-headed ogre (shapeshifter) (Zig:23)
  2 spectral dire elephants
  3 thrashing horrors
  A shock serpent (Zig:25)
  5 naga sharpshooters
  18 orc high priests
  A storm dragon zombie (Zig:23)
  2 soul eaters
  2 hell knights
  16 shadow wraiths
  2 titan skeletons (Zig:23)
  5 sun demons
  5 deep elf knights
  2 crystal echidnas
  20 iron trolls
  8 wretched stars
  4 salamander mystics
  2 sixfirhies (Pan)
  A skyshark (Lair:3)
  A spectral anaconda (Tar:1)
  2 spatial maelstroms
  A golden dragon zombie (Zig:19)
  2 naga ritualists (Zig:25)
  A spriggan druid (Zig:23)
  6 orb spiders
  An orb spider (shapeshifter) (Zig:15)
  5 sea snakes (Zig:16)
  A glowing orange brain (Zig:16)
  3 shadow demons
  A steelbarb worm (shapeshifter) (Zig:27)
  2 swamp dragons
  11 orc knights
  10 deep elf pyromancers
  A spriggan simulacrum (Coc:3)
  A lindwurm (D:12)
  2 deep elf archers
  A golden dragon skeleton (Zig:23)
  5 steelbarb worms
  9 harpies (Zig:16)
  8 deep elf zephyrmancers
  A phantasmal warrior (Crypt:3)
  An iron dragon zombie (Zig:23)
  3 shining eyes
  2 ugly things
  A wolf spider (Zig:5)
  A wolf spider (shapeshifter) (Zig:10)
  A will-o-the-wisp (Zig:23)
  14 moths of wrath
  8 manticores (Zig:16)
  5 oklob plants (Zig:19)
  2 cyclopes
  2 salamanders
  10 orc sorcerers
  An iron dragon skeleton (Zig:23)
  A rust devil (Zig:13)
  2 naga magi
  2 moths of wrath (shapeshifter)
  6 black mambas
  3 merfolk sirens (Zig:16)
  11 slime creatures
  4 smoke demons
  2 molten gargoyles (Geh:7)
  13 apocalypse crabs
  An eye of devastation (Zig:24)
  6 torpor snails
  2 orange demons (Pan)
  A green draconian zombie (Crypt:2)
  A yellow draconian zombie (Crypt:2)
  A torpor snail (shapeshifter) (Zig:26)
  4 water nymphs (Zig:16)
  4 hellions
  A cane toad (Lair:3)
  A bunyip simulacrum (Coc:1)
  An anaconda simulacrum (Coc:5)
  A spectral naga (Tar:4)
  A golden dragon simulacrum (Zot:1)
  4 tormentors
  9 guardian mummies
  A queen bee (shapeshifter) (Zig:10)
  2 red devils
  2 spectral harpies (Tar:4)
  A yaktaur (shapeshifter) (Zig:26)
  15 merfolk
  A silent spectre (Tar:4)
  A meliai (shapeshifter) (Zig:10)
  9 trolls
  A hellwing (Pan)
  A wind drake (shapeshifter) (Zig:23)
  A raiju (Zig:20)
  2 blink frogs
  A hydra skeleton (Hell)
  3 hornets
  A jumping spider (Zig:18)
  3 snapping turtles (Zig:16)
  3 flying skulls
  A spriggan (shapeshifter) (Zig:27)
  2 dire elephant simulacra
  An orc simulacrum (Coc:2)
  4 ushabtiu
  A culicivora (Zig:5)
  A wind drake zombie (Crypt:1)
  4 air elementals
  3 water elementals
  6 golden eyes
  8 large abominations
  7 chaos spawn
  4 neqoxecs
  11 fire elementals
  2 redbacks
  3 harpy simulacra (Coc:1)
  A naga (shapeshifter) (Zig:26)
  A naga (Zig:25)
  10 wargs
  A glowing shapeshifter skeleton (Zig:19)
  A sky beast (shapeshifter) (Zig:26)
  53 orc warriors
  An ogre (shapeshifter) (Zig:15)
  An ettin simulacrum (Coc:3)
  5 starcursed masses
  15 ogres
  2 naga simulacra
  10 earth elementals
  9 orc priests
  A gnoll bouda (Zig:15)
  6 orc wizards
  2 lightning spires (Zig:21)
  23 mummies
  A ball python (shapeshifter) (Zig:26)
  A creeping inferno (Geh:7)
  2 fire vortices
  2 starspawn tentacles (Zig:16)
1121 creatures vanquished.

Vanquished Creatures (others)
  6 pandemonium lords
  Dispater (Dis:7)
  A dread lich (Tar:4)
  2 ancient liches (Tar:1)
  7 Killer Klowns
  2 caustic shrikes (Dis:7)
  4 profane servitors (Tar:7)
  4 Tzitzimimeh
  A Brimstone Fiend (Geh:7)
  4 Ice Fiends (Coc:7)
  4 Hell Sentinels
  A tainted leviathan (Tar:1)
  6 titans
  A searing wretch (Geh:7)
  4 ancient champions
  2 eldritch tentacles
  A nagaraja (Zig:19)
  2 azure jellies (shapeshifter)
  2 fenstrider witches (shapeshifter)
  3 fire giants (shapeshifter)
  2 demonspawn warmongers (Zig:24)
  3 fire giants
  A nargun (Coc:7)
  A quicksilver elemental (Dis:7)
  A draconian shifter (Zot:5)
  A shard shrike simulacrum (Coc:7)
  3 balrugs
  A cacodemon (Zig:22)
  A stone giant (shapeshifter) (Zig:24)
  A demonspawn blood saint (Zig:24)
  A reaper (Tar:3)
  A quicksilver ooze (shapeshifter) (Zig:21)
  13 war gargoyles
  4 very ugly things
  A formless jellyfish (shapeshifter) (Zig:24)
  3 lorocyprocas
  An elemental wellspring (Coc:7)
  2 putrid mouths (Tar:4)
  4 wendigos
  An ettin (shapeshifter) (Zig:21)
  A blizzard demon (Coc:1)
  2 eidola
  A green death (Pan)
  5 salamander tyrants (Geh:7)
  2 hell beasts
  An ice dragon (Depths:3)
  A hydra (Zig:23)
  A jorogumo (shapeshifter) (Zig:21)
  An alligator snapping turtle (shapeshifter) (Zig:21)
  A death yak (shapeshifter) (Zig:21)
  2 deep elf knights
  2 crystal echidnas
  3 shadow wraiths (Tar:4)
  A sixfirhy (Zig:24)
  A shadow demon (Zig:21)
  A sea snake (shapeshifter) (Zig:21)
  A deep elf pyromancer (Zig:27)
  A wolf spider (shapeshifter) (Zig:21)
  2 ugly things
  2 fauns (shapeshifter)
  A shining eye (shapeshifter) (Zig:21)
  A smoke demon (Pan)
  2 guardian serpents (Snake:2)
  A rust devil (Zig:24)
  10 apocalypse crabs
  An eye of devastation (shapeshifter) (Zig:24)
  A cane toad (shapeshifter) (Zig:24)
  5 hellions
  A spectral naga (Tar:4)
  An ice devil (Coc:1)
  3 tormentors
  A blink frog (shapeshifter) (Zig:21)
  A merfolk (Zig:9)
  A tarantella (shapeshifter) (Zig:26)
  A jumping spider (shapeshifter) (Zig:24)
  A slime creature (shapeshifter) (Zig:21)
  A water elemental (Depths:3)
  A wraith (D:11)
  3 air elementals
  A fire elemental (Zig:17)
  A basilisk (shapeshifter) (Zig:21)
  4 chaos spawn
  A fire bat (Pan)
  A neqoxec (Zig:24)
  3 harpy simulacra
  A wolf (Zig:27)
  An orc (D:9)
  9 ball lightnings
  A creeping inferno (Geh:3)
  1590 fire vortices
  12 foxfires
  220 fulminant prisms
  22 starspawn tentacles
  24 tentacles
2064 creatures vanquished.

Grand Total: 17393 creatures vanquished

Notes
Turn   | Place    | Note
-------+----------+-------------------------------------------
     0 | D:1      | ASDFQWER the Octopode Conjurer began the quest for the Orb.
     0 | D:1      | Reached XP level 1. HP: 11/11 MP: 3/3
   233 | D:1      | Reached XP level 2. HP: 18/18 MP: 1/5
   273 | D:1      | Learned a level 2 spell: Searing Ray
   396 | D:1      | Found a faded altar of an unknown god.
   984 | D:1      | Found Witt's Antique Weapon Shop.
  1041 | D:1      | Reached XP level 3. HP: 22/22 MP: 6/6
  1102 | D:1      | Reached skill level 1 in Fighting
  1717 | D:2      | Reached XP level 4. HP: 28/28 MP: 7/7
  1723 | D:2      | Learned a level 4 spell: Iskenderun's Mystic Blast
  1918 | D:2      | Found Moiter Colu's Armour Emporium.
  2993 | D:3      | Reached skill level 5 in Conjurations
  2993 | D:3      | Reached XP level 5. HP: 34/34 MP: 9/9
  3155 | D:3      | Noticed Grinder
  3158 | D:3      | Paralysed by Grinder for 4 turns
  3173 | D:3      | Killed Grinder
  3174 | D:3      | Reached skill level 5 in Stealth
  3174 | D:3      | Reached XP level 6. HP: 12/39 MP: 5/10
  3362 | D:3      | Found Ewnimy Doi's Antique Weapon Boutique.
  3367 | D:3      | Noticed Natasha
  3375 | D:3      | Killed Natasha
  3497 | D:3      | Learned a level 4 spell: Fulminant Prism
  3631 | D:4      | Noticed Ijyb
  3701 | D:4      | Paralysed by Ijyb for 2 turns
  3706 | D:4      | Paralysed by Ijyb for 3 turns
  3711 | D:4      | Paralysed by Ijyb for 5 turns
  3720 | D:4      | Killed Ijyb
  3813 | D:4      | Found a sand-covered staircase.
  3831 | D:4      | Reached XP level 7. HP: 45/45 MP: 12/12
  3859 | Ossuary  | Entered an ossuary
  4354 | D:4      | Reached skill level 10 in Stealth
  4354 | D:4      | Reached XP level 8. HP: 50/50 MP: 18/18
  4592 | D:4      | Found a burning altar of Makhleb.
  4680 | D:4      | Found a hazy altar of Hepliaklqana.
  5037 | D:4      | Learned a level 2 spell: Passwall
  5049 | D:4      | Found a sacrificial altar of Ru.
  5133 | D:5      | Entered Level 5 of the Dungeon
  5190 | D:5      | Noticed Prince Ribbit
  5387 | D:5      | Reached skill level 1 in Throwing
  5413 | D:5      | Found a staircase to the Ecumenical Temple.
  5537 | D:5      | Reached skill level 1 in Evocations
  5538 | D:5      | Killed Prince Ribbit
  5539 | D:5      | Reached XP level 9. HP: 54/54 MP: 20/20
  5633 | D:5      | Found an ancient bone altar of Kikubaaqudgha.
  5738 | D:5      | Noticed Pikel
  5753 | D:5      | Killed Pikel
  5855 | D:5      | Found a runed translucent gate.
  5855 | D:5      | Found a runed translucent gate.
  5855 | D:5      | Noticed Vruhak's ghost (amateur DsHu)
  5856 | D:5      | Found a runed translucent gate.
  6160 | D:6      | Found a white marble altar of Elyvilon.
  6287 | D:6      | Found a hide-covered altar of Uskayaw.
  6842 | D:6      | Found a shimmering blue altar of Sif Muna.
  7160 | D:7      | Noticed a hornet
  7168 | D:7      | Killed a hornet
  7169 | D:7      | Reached XP level 10. HP: 60/60 MP: 22/22
  7649 | D:7      | Reached skill level 1 in Translocations
  7797 | D:7      | Noticed Menkaure
  7807 | D:7      | Killed Menkaure
  7989 | D:7      | Reached skill level 1 in Hexes
  8126 | D:7      | Found an ornate altar of the Wu Jian Council.
  8466 | D:8      | Noticed a two-headed ogre
  8467 | D:8      | Noticed Gastronok
  8478 | D:8      | Noticed a manticore
  8692 | D:8      | Noticed a centaur warrior
  8714 | D:8      | Noticed a centaur warrior
  8743 | D:8      | Noticed a four-headed hydra
  8783 | D:8      | Noticed Maurice
  8797 | D:8      | Killed Maurice
  8798 | D:8      | Reached skill level 5 in Evocations
  8919 | D:8      | Found a shadowy altar of Dithmenos.
  9049 | D:8      | Noticed an orange demon
  9058 | D:8      | Noticed Amaemon
  9061 | D:8      | Killed an orange demon
  9074 | D:8      | Killed Amaemon
  9126 | D:8      | Found a bloodstained altar of Trog.
  9294 | D:8      | Reached XP level 11. HP: 69/69 MP: 23/23
  9466 | D:9      | Found a staircase to the Lair.
  9673 | D:9      | Reached skill level 5 in Dodging
  9899 | D:9      | Identified the +10 whip "Huilul" {flame, Str+5}
  9900 | D:9      | Noticed a two-headed ogre
  9930 | D:9      | Killed a two-headed ogre
  9931 | D:9      | Reached skill level 1 in Maces & Flails
 10112 | D:9      | Noticed a two-headed ogre
 10132 | D:9      | Killed a two-headed ogre
 10573 | D:10     | Entered Level 10 of the Dungeon
 11034 | Lair:1   | Entered Level 1 of the Lair of Beasts
 11422 | Temple   | Entered the Ecumenical Temple
 11472 | Temple   | Became a worshipper of Gozag Ym Sagoz the Greedy
 11728 | Lair:1   | Noticed Grum
 11734 | Lair:1   | Killed Grum
 12194 | Lair:1   | Reached XP level 12. HP: 74/74 MP: 19/24
 12479 | Lair:1   | Identified the amulet of the Sunfish {Acrobat Str+2}
 14781 | Lair:3   | Found a staircase to the Snake Pit.
 15000 | Lair:3   | Noticed a four-headed hydra
 15128 | Lair:3   | Noticed a skyshark
 15147 | Lair:3   | Killed a four-headed hydra
 15151 | Lair:3   | Found a staircase to the Shoals.
 15152 | Lair:3   | Killed a skyshark
 15153 | Lair:3   | Reached skill level 5 in Translocations
 15168 | Lair:3   | Reached XP level 13. HP: 47/79 MP: 2/26
 15719 | Lair:3   | Found a runed translucent door.
 15781 | Lair:3   | Noticed Nammoc's ghost (journeyman GnWn)
 15859 | Lair:3   | Killed Nammoc's ghost
 16358 | Lair:3   | Bought a potion of magic for 128 gold pieces
 16732 | D:10     | Identified the +4 whip "Osmiofon" {flame, rF+ Will+ rCorr
                  | Int-4 Dex+2}
 16870 | D:10     | Found Pofugh's Antique Armour Emporium.
 16880 | D:10     | Noticed Snorg
 16891 | D:10     | Killed Snorg
 16950 | D:10     | Found a transporter.
 16952 | D:10     | Found a transporter.
 16954 | D:10     | Found a transporter.
 16995 | D:10     | Found a staircase to the Orcish Mines.
 17061 | D:10     | Reached skill level 10 in Spellcasting
 17063 | D:10     | Found a transporter.
 17230 | D:10     | Found a transporter.
 17234 | D:10     | Found a transporter.
 17235 | D:10     | Noticed Koushar's ghost (journeyman FeTm)
 17789 | D:11     | Noticed Fannar
 17834 | D:11     | Killed Fannar
 17920 | D:11     | Found a shimmering altar of Xom.
 18201 | D:11     | Identified the +2 falchion of Xijiqemo {spect, rF+ Str+3
                  | Int+4 Dex+3}
 18545 | D:12     | Found a runed translucent door.
 18545 | D:12     | Found the +3 hat of Pondering {ponderous, Will+ MP+10
                  | Int+5}
 18627 | D:12     | Identified the +9 whip of Shame {venom, rC+ Dex+3}
 18628 | D:12     | Found a runed translucent gate.
 18628 | D:12     | Found a runed translucent gate.
 18628 | D:12     | Found a runed translucent gate.
 18628 | D:12     | Found a runed translucent gate.
 18628 | D:12     | Found a runed translucent gate.
 18628 | D:12     | Found a runed translucent gate.
 18836 | D:12     | Identified the ring of Wuytt {rF+ rC+}
 18954 | D:12     | Noticed Frances
 18995 | D:12     | Killed Frances
 19456 | Orc:1    | Entered Level 1 of the Orcish Mines
 19457 | Orc:1    | Noticed Harold
 19477 | Orc:1    | Killed Harold
 19634 | Orc:1    | Found Leuwil's General Store.
 19678 | Orc:1    | Reached XP level 14. HP: 85/85 MP: 29/29
 19760 | Orc:1    | Noticed an orc warlord
 19761 | Orc:1    | Identified the +6 scimitar "Grim Tooth" {heavy, +Blink
                  | rN+++ Dex-3 Stlth+}
 19796 | Orc:1    | Killed an orc warlord
 20496 | Orc:2    | Entered Level 2 of the Orcish Mines
 20654 | Orc:2    | Found a staircase to the Elven Halls.
 21431 | Lair:4   | Reached skill level 15 in Conjurations
 21491 | Lair:4   | You fall into a shaft and drop 1 floor!
 21491 | Lair:5   | Entered Level 5 of the Lair of Beasts
 21553 | Lair:5   | Found a staircase to the Slime Pits.
 21555 | Lair:5   | Found a viscous altar of Jiyva.
 21643 | Lair:5   | Reached skill level 5 in Fighting
 23253 | Lair:5   | Reached XP level 15. HP: 80/99 MP: 22/31
 24384 | D:13     | Reached skill level 1 in Shields
 24508 | D:13     | Noticed Kirke
 24513 | D:13     | Killed Kirke
 24557 | D:13     | Noticed Lodul
 24570 | D:13     | Killed Lodul
 24832 | D:13     | Found a broken altar of Ashenzari.
 24855 | D:13     | Noticed Urug
 24865 | D:13     | Killed Urug
 24866 | D:13     | Reached skill level 5 in Shields
 24888 | D:13     | Found a gate to the Vaults.
 24905 | D:13     | Found Iffev's Antique Weapon Emporium.
 24946 | D:13     | Bought a buzzing short sword for 272 gold pieces
 24946 | D:13     | Identified the +3 short sword "Pebla" {freeze, rF+++} (You
                  | bought it in a shop on level 13 of the Dungeon)
 25092 | D:13     | Found a portal to a secret trove of treasure.
 25666 | D:13     | Identified a scroll of acquirement
 25671 | D:13     | Acquired the ring of Zeorchiu {rElec Int+6 Slay+5}
 26081 | D:14     | Found a shadowy altar of Dithmenos.
 26453 | D:15     | Entered Level 15 of the Dungeon
 26640 | D:15     | Reached skill level 10 in Fighting
 26828 | D:15     | Reached XP level 16. HP: 76/109 MP: 32/32
 27277 | D:15     | Found a staircase to the Depths.
 27727 | D:15     | Reached skill level 1 in Transmutations
 27727 | D:15     | Reached skill level 1 in Earth Magic
 27859 | D:15     | Found a blossoming altar of Fedhas.
 28515 | Snake:1  | Entered Level 1 of the Snake Pit
 28536 | Snake:1  | Bought Utesiboc's Compilation of Bombardment for 520 gold
                  | pieces
 28540 | Snake:1  | Learned a level 3 spell: Stone Arrow
 28547 | Snake:1  | Learned a level 6 spell: Leda's Unmaking
 28574 | Snake:1  | Noticed a tentacled monstrosity
 28574 | Snake:1  | Noticed a thorn hunter
 28603 | Snake:1  | Killed a tentacled monstrosity
 28751 | Snake:1  | Killed a thorn hunter
 29279 | Snake:1  | Reached skill level 5 in Transmutations
 29279 | Snake:1  | Reached skill level 5 in Earth Magic
 30756 | Snake:1  | Bought a Necronomicon for 728 gold pieces
 30765 | Snake:1  | Learned a level 8 spell: Necromutation
 30795 | Snake:2  | Noticed a nagaraja
 31321 | Snake:2  | Reached XP level 17. HP: 115/115 MP: 33/33
 32363 | Snake:2  | Noticed Vashnia
 32374 | Snake:2  | Killed Vashnia
 32685 | Snake:2  | Reached skill level 10 in Transmutations
 33828 | Snake:2  | Reached skill level 1 in Necromancy
 34328 | Snake:3  | Noticed Aizul
 34341 | Snake:3  | Killed Aizul
 35176 | Snake:3  | Reached XP level 18. HP: 120/120 MP: 34/34
 35276 | Snake:3  | Found a runed translucent door.
 35281 | Snake:3  | Learned a level 2 spell: Blink
 35284 | Snake:3  | Noticed Vruhak's ghost (adept DsHu)
 35487 | Snake:4  | Entered Level 4 of the Snake Pit
 35761 | Snake:4  | Reached skill level 5 in Necromancy
 35880 | Snake:4  | Found Socam's General Store.
 35894 | Snake:4  | Bought a potion of heal wounds for 80 gold pieces
 36902 | Shoals:1 | Entered Level 1 of the Shoals
 39291 | Shoals:2 | Found a runed translucent door.
 39670 | Shoals:2 | Reached skill level 10 in Shields
 39766 | Shoals:2 | Reached XP level 19. HP: 97/126 MP: 20/35
 40107 | Shoals:2 | Identified the staff "Tigoty" {Fly rN+ Necro}
 40115 | Shoals:2 | Identified the +3 rapier of Emaac {antimagic, rElec Int+6
                  | Dex+4}
 40412 | Shoals:3 | Found Fafoph's Magic Scroll Shoppe.
 40633 | Shoals:3 | Found Fuwn's Jewellery Shoppe.
 40716 | Shoals:3 | Bought the ring "Joniargh" {rC++ rCorr Dex+2 Slay+4} for
                  | 1303 gold pieces
 40803 | Shoals:3 | Found Mebruquss's Antique Weapon Emporium.
 40817 | Shoals:3 | Found a runed translucent door.
 40818 | Shoals:3 | Identified the ring of Qyclusul {rC+ rCorr}
 40871 | Shoals:3 | Found a transporter.
 40871 | Shoals:3 | Found Cibean's General Store.
 40875 | Shoals:3 | Found a transporter.
 41004 | Shoals:3 | Found Taqat's Book Shop.
 41012 | Shoals:3 | Bought a book of the Spheres for 918 gold pieces
 41018 | Shoals:3 | Learned a level 5 spell: Fireball
 41026 | Shoals:3 | Learned a level 7 spell: Orb of Destruction
 41051 | Shoals:3 | Identified the +1 ring mail of Chill Winds {Drain +Inv
                  | Str+3 Slay+6}
 41054 | Shoals:3 | Reached skill level 1 in Fire Magic
 41230 | Shoals:3 | Acquired 710 gold pieces
 41542 | Shoals:4 | Entered Level 4 of the Shoals
 41885 | Shoals:4 | Identified the +1 mace of Classification {holy, +Blink
                  | rElec rN+}
 41965 | Shoals:4 | Found the amulet of Vitality {RegenMP++ Regen++}
 42159 | Shoals:4 | Got the Catalogue of Clouds
 42358 | Shoals:4 | Got a barnacled rune of Zot
 42707 | Shoals:4 | Found a broken altar of Ashenzari.
 43420 | Snake:4  | Reached skill level 5 in Fire Magic
 43523 | Snake:4  | Got a serpentine rune of Zot
 43796 | Vaults:1 | Entered Level 1 of the Vaults
 43956 | Vaults:1 | Reached XP level 20. HP: 130/132 MP: 14/36
 43965 | Vaults:1 | Found a crumbling gateway.
 43998 | Desolati | Entered the Desolation of Salt
 44412 | Desolati | Identified the +4 glaive "Qizid" {vamp, rElec}
 44559 | Desolati | Got the Compilation of the Fifth Circle
 44655 | Desolati | Identified the +3 quarterstaff of Cyeruuda {freeze, Drain
                  | rF++}
 44713 | Desolati | Identified the amulet "Nosy" {Faith rCorr Str+2}
 44784 | Desolati | HP: 3/114 [halazid warlock/bolt of negative energy (46)]
 44785 | Desolati | Identified the staff of Courage {Int+2 Conj}
 44845 | Desolati | Reached skill level 15 in Shields
 45050 | Desolati | Got the Parchment of the Calorific Retinue
 45056 | Desolati | Identified the +6 buckler of Wideur {rF+}
 45322 | Desolati | Identified the +0 halberd of Viclek {flame, rPois rF+ rC+
                  | Dex-3}
 45710 | Vaults:1 | Paralysed by a great orb of eyes for 2 turns
 46318 | Vaults:1 | Identified the +1 falchion "Nidosh" {holy, Str+3 Int+4
                  | Dex-2}
 46451 | Vaults:1 | Found Cung's Antique Weapon Boutique.
 46891 | Vaults:2 | Reached XP level 21. HP: 137/137 MP: 38/38
 46914 | Vaults:2 | Noticed Margery
 46923 | Vaults:2 | Killed Margery
 46931 | Vaults:2 | Reached skill level 10 in Fire Magic
 48580 | Vaults:3 | Found a staircase to the Crypt.
 48580 | Vaults:3 | Found an ancient bone altar of Kikubaaqudgha.
 48581 | Vaults:3 | Found a basalt altar of Yredelemnul.
 49700 | Vaults:3 | Identified the ring of Gicok {rElec rPois rN+ Str+4 Dex+3}
 49714 | Vaults:3 | Identified the staff "Newtbane" {rN+ Str+2 Necro}
 49717 | Vaults:3 | Identified the staff of Moderation {MP+9 Dex+3 Conj}
 50245 | Vaults:4 | Reached skill level 15 in Spellcasting
 50403 | Vaults:4 | Reached XP level 22. HP: 116/143 MP: 41/41
 50637 | Vaults:4 | Identified the +8 quarterstaff of the Egg {flame, rElec
                  | rPois rCorr}
 50765 | Vaults:4 | Found Igusseo's Antique Weapon Boutique.
 50952 | Vaults:4 | Got the Thoughts on Twisted Hurting
 51017 | Vaults:4 | Got Everyday Witchery
 51272 | Vaults:4 | Learned a level 9 spell: Fire Storm
 52033 | Orc:2    | Found Femmugha's Jewellery Boutique.
 52033 | Orc:2    | Found Tiss's Book Shoppe.
 52033 | Orc:2    | Found Gyuruadi's Armour Emporium.
 52036 | Orc:2    | Found Zoro's General Store.
 52343 | Elf:1    | Entered Level 1 of the Elven Halls
 52559 | Elf:1    | Reached skill level 15 in Fire Magic
 52947 | Elf:1    | Paralysed by an air elemental for 1 turns
 53392 | Elf:2    | Found Hiutuupn's Book Shoppe.
 53711 | Lair:3   | Bought a tin of tremorstones (2/2) for 640 gold pieces
 53819 | Orc:1    | Bought a lightning rod (4/4) for 450 gold pieces
 53945 | Elf:2    | Found a runed translucent gate.
 53945 | Elf:2    | Found a runed translucent gate.
 53946 | Elf:2    | Found a runed translucent gate.
 54194 | Elf:3    | Entered Level 3 of the Elven Halls
 54427 | Elf:3    | Found Ryabuxku's Armour Shoppe.
 55093 | Elf:3    | Reached XP level 23. HP: 121/148 MP: 43/43
 55209 | Elf:3    | Identified the +11 demon blade of Prudence {freeze, rN+
                  | Str+3 Int+3 Dex+3}
 55219 | Elf:3    | Identified the +6 scale mail of Marbles {rElec Int+2}
 55236 | Elf:3    | Reached skill level 10 in Dodging
 55248 | Elf:3    | Got the Compendium of the Blinking Winter
 55283 | Elf:3    | Got the Directory of Torrid Injury
 55321 | Elf:3    | Acquired 808 gold pieces
 55656 | Elf:3    | Learned a level 8 spell: Ignition
 55738 | Elf:2    | Learned a level 6 spell: Plasma Beam
 55968 | Depths:1 | Entered Level 1 of the Depths
 56357 | Depths:1 | Noticed a caustic shrike
 56358 | Depths:1 | Noticed a caustic shrike
 56360 | Depths:1 | Noticed a caustic shrike
 56366 | Depths:1 | Killed a caustic shrike
 56367 | Depths:1 | Killed a caustic shrike
 56495 | Depths:1 | Killed a caustic shrike
 56582 | Depths:1 | Found a gateway to Hell.
 56616 | Depths:1 | Reached skill level 1 in Staves
 56762 | Depths:1 | Found a one-way gate to the infinite horrors of the Abyss.
 57101 | Depths:1 | Found a glowing silver altar of Zin.
 57196 | Depths:2 | Found Senub's Weapon Shop.
 57204 | Depths:2 | Found Meel's Antique Weapon Boutique.
 57600 | Depths:2 | Found a hide-covered altar of Uskayaw.
 57683 | Depths:2 | Noticed the Enchantress
 57687 | Depths:2 | Killed the Enchantress
 57847 | Depths:2 | Found a one-way gate leading to the halls of Pandemonium.
 57978 | Depths:2 | Reached XP level 24. HP: 153/154 MP: 44/44
 58089 | Depths:2 | Found a one-way gateway to a ziggurat.
 58246 | Depths:2 | You fall into a shaft and drop 1 floor!
 58495 | Depths:3 | Found a magical portal.
 58508 | WizLab   | Entered Alistair's Party Mansion
 58707 | WizLab   | Got the Compendium of the Serac
 58823 | WizLab   | Acquired the +3 crown of Dyrovepreva {rElec Int+2 SInv}
 58823 | WizLab   | Found the +3 crown of Dyrovepreva {rElec Int+2 SInv}
 58953 | WizLab   | Got the Handbook of the Changed Gift
 59250 | Depths:3 | Found a large runed translucent door.
 59251 | Depths:3 | Found a large runed translucent door.
 59253 | Depths:3 | Found a large runed translucent door.
 59254 | Depths:3 | Found a large runed translucent door.
 59407 | Depths:3 | Paralysed by a floating eye for 4 turns
 59495 | Depths:3 | Found a large runed translucent door.
 59496 | Depths:3 | Found a large runed translucent door.
 59675 | Depths:3 | Got Qihuovepn's Handbook of the Sphinx
 59902 | Depths:3 | Found a large runed translucent door.
 59905 | Depths:3 | Found a large runed translucent door.
 60294 | Depths:2 | Got Sif Muna's Precepts of the Oath
 60729 | Depths:4 | Entered Level 4 of the Depths
 60837 | Depths:4 | Identified the +7 orcbow of the Ship {flame, Fragile rElec
                  | rF+++ Dex-5}
 61640 | Depths:4 | Reached XP level 25. HP: 152/159 MP: 44/45
 61841 | Depths:4 | Found a gate to the Realm of Zot.
 62421 | Vaults:5 | Entered Level 5 of the Vaults
 62431 | Vaults:5 | Noticed an ancient lich
 62451 | Vaults:5 | Killed an ancient lich
 62571 | Vaults:5 | Got Sif Muna's Tome of Hazy Geology
 63024 | Vaults:5 | Noticed an ancient lich
 63029 | Vaults:5 | Killed an ancient lich
 63205 | Vaults:5 | Got a silver rune of Zot
 63407 | Vaults:5 | Identified the +8 mace of Terra Nullius {holy, rN+ Str+4}
 63615 | Vaults:5 | Noticed a dread lich
 63624 | Vaults:5 | Killed a dread lich
 63690 | Vaults:5 | Reached XP level 26. HP: 165/165 MP: 45/45
 64110 | Vaults:5 | Noticed a dread lich
 64116 | Vaults:5 | Killed a dread lich
 64229 | Vaults:5 | Identified the amulet "Hiobli" {RegenMP Will+ Dex+2}
 64848 | Slime:1  | Entered Level 1 of the Pits of Slime
 64884 | Slime:2  | Paralysed by a formless jellyfish for 1 turns
 65046 | Slime:3  | Gained mutation: Your spells are a little easier to cast,
                  | but a little less powerful. [a shining eye]
 65166 | Slime:5  | Entered Level 5 of the Pits of Slime
 65270 | Slime:5  | Found a viscous altar of Jiyva.
 65270 | Slime:5  | Found the +3 salamander hide armour {Flames, rFlCloud rF++
                  | rC--}
 65271 | Slime:5  | Noticed the Royal Jelly
 65274 | Slime:5  | Found the +6 arbalest "Damnation" {damnation}
 65277 | Slime:5  | Killed the Royal Jelly
 65542 | Slime:5  | Gained mutation: Your mind is acute. (Int +4, Str/Dex -1)
                  | [a shining eye]
 65834 | Slime:5  | Identified the ring of Zoclylah {rC+ MP+9 EV+5 Str+2}
 65852 | Slime:5  | Identified the +5 ring mail of Sif Muna's Hatred {rF+ rN+
                  | Str+3}
 65897 | Slime:5  | Identified the +1 morningstar "Pywyrergh" {flame, rF+++ rC-
                  | Will- Str+8}
 65900 | Slime:5  | Identified the +4 scimitar of Woe {heavy, rElec}
 65917 | Slime:5  | Got a slimy rune of Zot
 66550 | Depths:3 | Voluntarily entered the Abyss.
 66558 | Abyss:2  | Found a corrupted altar of Lugonu.
 66598 | Abyss:3  | Gained mutation: Your muscles are strong. (Str +4, Int/Dex
                  | -1) [a neqoxec]
 66939 | Abyss:3  | Found a blossoming altar of Fedhas.
 66946 | Abyss:3  | Found a blossoming altar of Fedhas.
 67024 | Abyss:3  | Found a blossoming altar of Fedhas.
 67088 | Abyss:3  | Got an abyssal rune of Zot
 67126 | Depths:3 | Escaped the Abyss
 67186 | Depths:3 | Learned a level 8 spell: Necromutation
 67319 | Zot:1    | Entered Level 1 of the Realm of Zot
 67343 | Zot:1    | You fall into a shaft and drop 1 floor!
 67546 | Zot:1    | Reached XP level 27. HP: 171/171 MP: 45/45
 67573 | Zot:1    | Identified the ring of Zuatte Oclirph {Ice SInv}
 67573 | Zot:1    | Noticed Josephina
 67575 | Zot:1    | Killed Josephina
 68300 | Zot:2    | Found a transporter.
 68301 | Zot:2    | Found a transporter.
 68387 | Zot:2    | Found a transporter.
 68400 | Zot:2    | Found a transporter.
 68423 | Zot:2    | Identified the +7 dagger "Kouream" {freeze, rCorr Str-5
                  | Int+3 SInv}
 68423 | Zot:2    | Identified the ring "Egayduif" {Contam rElec EV+5 Int+2
                  | Dex+2}
 68424 | Zot:2    | Found a transporter.
 68443 | Zot:2    | Found a transporter.
 69208 | Zot:2    | Found a transporter.
 69209 | Zot:2    | Found a transporter.
 69712 | Zot:3    | Noticed an orb of fire
 69722 | Zot:3    | Killed an orb of fire
 69929 | Zot:3    | Noticed Parghit
 69934 | Zot:3    | Killed Parghit
 71069 | Vaults:5 | Learned a level 8 spell: Lehudib's Crystal Spear
 71075 | Vaults:5 | Learned a level 5 spell: Borgnjor's Vile Clutch
 71998 | Zot:4    | Noticed an orb of fire
 72000 | Zot:4    | Gained mutation: You are frail. (-10% HP) [an orb of fire]
 72003 | Zot:4    | Killed an orb of fire
 72099 | Zot:4    | Noticed an orb of fire
 72106 | Zot:4    | Killed an orb of fire
 72434 | Zot:4    | Identified the +4 dagger "Wojurcha" {antimagic, Dex+5}
 72839 | Zot:4    | Learned a level 7 spell: Spellforged Servitor
 73022 | Zot:5    | Entered Level 5 of the Realm of Zot
 73226 | Zot:5    | Found a runed translucent door.
 73228 | Zot:5    | Found a shimmering altar of Xom.
 73228 | Zot:5    | Noticed Sojiosifa's ghost (veteran TrSu)
 73228 | Zot:5    | Identified the +2 scimitar "Zatuu" {chaos, rElec rF- Str+3}
 73235 | Zot:5    | Noticed an orb of fire
 73237 | Zot:5    | Gained mutation: You occasionally shout uncontrollably at
                  | your foes. [an orb of fire]
 73242 | Zot:5    | Killed an orb of fire
 73246 | Zot:5    | Lost mutation: Your spells are a little easier to cast, but
                  | a little less powerful. [potion of mutation]
 73246 | Zot:5    | Lost mutation: You are frail. (-10% HP) [potion of
                  | mutation]
 73246 | Zot:5    | Lost mutation: Your muscles are strong. (Str +4, Int/Dex
                  | -1) [potion of mutation]
 73246 | Zot:5    | Lost mutation: Your mind is acute. (Int +4, Str/Dex -1)
                  | [potion of mutation]
 73246 | Zot:5    | Gained mutation: You are vulnerable to cold. (rC-) [potion
                  | of mutation]
 73247 | Zot:5    | Lost mutation: You occasionally shout uncontrollably at
                  | your foes. [potion of mutation]
 73247 | Zot:5    | Lost mutation: You are vulnerable to cold. (rC-) [potion of
                  | mutation]
 73247 | Zot:5    | Gained mutation: Your muscles are strong. (Str +4, Int/Dex
                  | -1) [potion of mutation]
 73247 | Zot:5    | Gained mutation: Your spells are a little harder to cast,
                  | but a little more powerful. [potion of mutation]
 73247 | Zot:5    | Gained mutation: You are somewhat resistant to further
                  | mutation. [potion of mutation]
 73670 | Zot:5    | Noticed a dread lich
 73670 | Zot:5    | Noticed an orb of fire
 73678 | Zot:5    | Killed a dread lich
 73736 | Zot:5    | Lost mutation: You are somewhat resistant to further
                  | mutation. [an orb of fire]
 73738 | Zot:5    | Killed an orb of fire
 73739 | Zot:5    | Noticed a dread lich
 73742 | Zot:5    | Noticed a dread lich
 73746 | Zot:5    | Killed a dread lich
 73746 | Zot:5    | Killed a dread lich
 73956 | Zot:5    | Reached skill level 10 in Earth Magic
 74121 | Zot:5    | Noticed an orb of fire
 74128 | Zot:5    | Killed an orb of fire
 74262 | Zot:5    | Noticed an orb of fire
 74272 | Zot:5    | Noticed a dread lich
 74276 | Zot:5    | Killed an orb of fire
 74286 | Zot:5    | Killed a dread lich
 74591 | Zot:5    | Noticed a dread lich
 74594 | Zot:5    | Killed a dread lich
 75080 | Pan      | Entered Pandemonium
 75237 | Pan      | Noticed Fycotulo the pandemonium lord
 75249 | Pan      | Killed Fycotulo the pandemonium lord
 75431 | Pan      | Noticed Ubleana the pandemonium lord
 75450 | Pan      | Killed Ubleana the pandemonium lord
 75815 | Pan      | Entered the realm of Mnoleg.
 75953 | Pan      | Gained mutation: You are frail. (-10% HP) [a neqoxec]
 75955 | Pan      | Gained mutation: You are dopey. (Int -2) [a neqoxec]
 75961 | Pan      | Gained mutation: Your magical capacity is low. (-10% MP) [a
                  | cacodemon]
 75968 | Pan      | Gained mutation: You are vulnerable to cold. (rC-) [a
                  | cacodemon]
 76008 | Pan      | Lost mutation: You are frail. (-10% HP) [potion of
                  | mutation]
 76008 | Pan      | Lost mutation: You are dopey. (Int -2) [potion of mutation]
 76008 | Pan      | Lost mutation: You are vulnerable to cold. (rC-) [potion of
                  | mutation]
 76008 | Pan      | Gained mutation: You are dopey. (Int -2) [potion of
                  | mutation]
 76008 | Pan      | Gained mutation: You expend magic power (3 MP) to
                  | strengthen your wands. [potion of mutation]
 76008 | Pan      | Gained mutation: You have hidden genetic potential. [potion
                  | of mutation]
 76060 | Pan      | Lost mutation: Your muscles are strong. (Str +4, Int/Dex
                  | -1) [a cacodemon]
 76097 | Pan      | Gained mutation: You occasionally lose the ability to drink
                  | potions when taking damage. [a cacodemon]
 76158 | Pan      | Noticed Mnoleg
 76166 | Pan      | Reached skill level 1 in Summonings
 76167 | Pan      | Killed Mnoleg
 76908 | Pan      | Identified the +5 great mace "Gerr" {freeze, rN+}
 76927 | Pan      | Got a glowing rune of Zot
 77113 | Pan      | Lost mutation: Your magical capacity is low. (-10% MP)
                  | [potion of mutation]
 77113 | Pan      | Lost mutation: You occasionally lose the ability to drink
                  | potions when taking damage. [potion of mutation]
 77113 | Pan      | Gained mutation: You have an increased reservoir of magic.
                  | (+10% MP) [potion of mutation]
 77240 | Pan      | Found an exit through the horrors of the Abyss.
 77325 | Pan      | Noticed Joamacu the pandemonium lord
 77334 | Pan      | Killed Joamacu the pandemonium lord
 77403 | Pan      | Gained mutation: You sometimes lose your temper in combat.
                  | [a cacodemon]
 77416 | Pan      | Gained mutation: You are weak. (Str -2) [a cacodemon]
 77429 | Pan      | Gained mutation: You occasionally lose the ability to read
                  | scrolls when taking damage. [a cacodemon]
 77516 | Pan      | Lost mutation: You occasionally lose the ability to read
                  | scrolls when taking damage. [potion of mutation]
 77516 | Pan      | Lost mutation: You sometimes lose your temper in combat.
                  | [potion of mutation]
 77516 | Pan      | Gained mutation: Your spells are harder to cast, but more
                  | powerful. [potion of mutation]
 77516 | Pan      | Lost mutation: You have an increased reservoir of magic.
                  | (+10% MP) [potion of mutation]
 77516 | Pan      | Gained mutation: You have great hidden genetic potential.
                  | [potion of mutation]
 77573 | Pan      | Entered the realm of Gloorx Vloq.
 77827 | Pan      | Found an exit through the horrors of the Abyss.
 78273 | Pan      | Reached skill level 15 in Earth Magic
 78369 | Pan      | Noticed Gloorx Vloq
 78379 | Pan      | Killed Gloorx Vloq
 78441 | Pan      | Got a dark rune of Zot
 78613 | Pan      | Noticed Ignacio
 78618 | Pan      | Killed Ignacio
 78647 | Pan      | Gained mutation: You are very weak. (Str -4) [a cacodemon]
 78942 | Pan      | Identified the +2 tower shield of Eternal Vigilance {Harm
                  | rElec Regen+}
 78942 | Pan      | Noticed Mennas
 78944 | Pan      | Gained mutation: Your system is resistant to poisons.
                  | (rPois) [hidden potential]
 78947 | Pan      | Killed Mennas
 78948 | Pan      | Reached skill level 15 in Transmutations
 78959 | Pan      | Noticed Kuoc the pandemonium lord
 78962 | Pan      | Killed Kuoc the pandemonium lord
 78963 | Pan      | Reached skill level 10 in Necromancy
 79021 | Pan      | HP: 3/185 [Hell Sentinel/damnation (38)]
 79031 | Pan      | Noticed Keteplom the pandemonium lord
 79038 | Pan      | Killed Keteplom the pandemonium lord
 79039 | Pan      | Reached skill level 15 in Fighting
 79164 | Pan      | Identified the +3 dagger of Moral Flaws {protect, *Corrode
                  | Fly rF+ Int+3}
 79441 | Pan      | Found an exit through the horrors of the Abyss.
 79687 | Pan      | Noticed Mel Naph the pandemonium lord
 79698 | Pan      | Killed Mel Naph the pandemonium lord
 80043 | Pan      | Entered the realm of Cerebov.
 80122 | Pan      | Learned a level 5 spell: Irradiate
 80439 | Pan      | Identified the ring of Rol Mirph {Wiz rElec rC- Will++
                  | Dex+2}
 80442 | Pan      | Identified the -2 helmet of Henotheism {Regen+}
 80443 | Pan      | Identified the +8 short sword "Jeffe" {flame, rC- rN+
                  | Str+7}
 80447 | Pan      | Identified the +1 scimitar "Lacertilian's Peril" {vamp,
                  | rF++ Will+ rCorr Int-5}
 80464 | Pan      | Identified the +6 trident "Xeagg" {elec, rPois rN+ Int+2}
 80473 | Pan      | Identified the +3 trident of Classification {protect, rElec
                  | rN++}
 80575 | Pan      | Found the +6 sword of Cerebov {flame}
 80575 | Pan      | Noticed Cerebov
 80593 | Pan      | Killed Cerebov
 80668 | Pan      | Identified the +4 quarterstaff of Ehunurgh {speed, Will++}
 80681 | Pan      | Got a fiery rune of Zot
 81041 | Pan      | Found a runed translucent door.
 81123 | Pan      | Entered the realm of Lom Lobon.
 81270 | Pan      | Gained mutation: Your flesh is cold resistant. (rC+)
                  | [hidden potential]
 81270 | Pan      | Lost mutation: You have great hidden genetic potential.
                  | [hidden potential expressed]
 81344 | Pan      | Noticed Lom Lobon
 81525 | Pan      | Killed Lom Lobon
 81702 | Pan      | Got a magical rune of Zot
 81948 | Pan      | Found an exit through the horrors of the Abyss.
 82125 | Pan      | Noticed Yfe Xuo the pandemonium lord
 82249 | Pan      | Killed Yfe Xuo the pandemonium lord
 82430 | Pan      | Reached skill level 15 in Dodging
 82510 | Pan      | Identified the ring "Diahuor" {Wiz Will+ Int+4 Slay+2
                  | Stlth+}
 82989 | Pan      | Found an exit through the horrors of the Abyss.
 83612 | Pan      | Noticed Feoggaad the pandemonium lord
 83615 | Pan      | Killed Feoggaad the pandemonium lord
 83871 | Pan      | Got a demonic rune of Zot
 84020 | Pan      | Noticed Qoawn the pandemonium lord
 84025 | Pan      | Killed Qoawn the pandemonium lord
 84475 | Pan      | Found an exit through the horrors of the Abyss.
 84689 | Depths:2 | Escaped Pandemonium
 85309 | Hell     | Entered the Vestibule of Hell
 85309 | Hell     | Noticed Geryon
 85314 | Hell     | Killed Geryon
 85474 | Hell     | Gained mutation: You are agile. (Dex +4, Str/Int -1)
                  | [hidden potential]
 85941 | Hell     | Found a gateway to the freezing wastes of Cocytus.
 86008 | Hell     | Found a gateway to the ashen valley of Gehenna.
 86156 | Hell     | Found a gateway to the decaying netherworld of Tartarus.
 86267 | Hell     | Found a gateway to the Iron City of Dis.
 86612 | Crypt:1  | Entered Level 1 of the Crypt
 86693 | Crypt:1  | Noticed Zenata
 86696 | Crypt:1  | Killed Zenata
 86939 | Crypt:1  | Found a glowing golden altar of the Shining One.
 86946 | Crypt:1  | Found a burning altar of Makhleb.
 87700 | Crypt:2  | Found a runed translucent gate.
 87700 | Crypt:2  | Found a runed translucent gate.
 87701 | Crypt:2  | Found a runed translucent gate.
 87701 | Crypt:2  | Noticed Xecaleth's ghost (adept GrFi)
 87935 | Crypt:2  | Killed Xecaleth's ghost
 87960 | Crypt:2  | Identified the staff of Arbitration {rElec rCorr Air}
 88563 | Crypt:3  | Entered Level 3 of the Crypt
 88632 | Crypt:3  | Reached skill level 1 in Air Magic
 88829 | Crypt:3  | Noticed Boris
 88833 | Crypt:3  | Killed Boris
 88934 | Crypt:3  | Bought a scroll of blinking for 225 gold pieces
 88985 | Crypt:3  | Identified the ring of Sakeroi {rN+ Str+3}
 88985 | Crypt:3  | Identified the ring "Qade" {rN+ Str+2}
 88993 | Crypt:3  | Identified the amulet of the Jester {Acrobat Rampage rPois
                  | Str-3}
 88997 | Crypt:3  | Got Zonguldrok's Compendium of Darkness
 89259 | Crypt:3  | Identified the staff "Xedorchi" {rPois rF+ rC+ Poison}
 89282 | Crypt:3  | Noticed an ancient lich
 89283 | Crypt:3  | Killed an ancient lich
 89688 | Crypt:3  | Found a staircase to the Tomb.
 89690 | Crypt:3  | Noticed a dread lich
 89695 | Crypt:3  | Killed a dread lich
 89704 | Crypt:3  | Noticed a dread lich
 89708 | Crypt:3  | Killed a dread lich
 89709 | Crypt:3  | Gained mutation: You passively dampen the noise of your
                  | surroundings. [hidden potential]
 89709 | Crypt:3  | Lost mutation: You have hidden genetic potential. [hidden
                  | potential expressed]
 89714 | Crypt:3  | Reached skill level 5 in Air Magic
 89733 | Crypt:3  | Noticed an ancient lich
 89735 | Crypt:3  | Killed an ancient lich
 90201 | Crypt:3  | Identified the +1 sling of Zin's Grace {speed, Int+2 Dex+3}
 90534 | Snake:1  | Bought the Octavo of Pyromania and Blows for 494 gold
                  | pieces
 90676 | Shoals:2 | Learned a level 9 spell: Chain Lightning
 91011 | Zig:1    | Entered Level 1 of a ziggurat
 91032 | Zig:2    | Entered Level 2 of a ziggurat
 91036 | Zig:2    | Paralysed by you for 2 turns
 91174 | Zig:3    | Entered Level 3 of a ziggurat
 91175 | Zig:3    | Found the +3 warlock's mirror {omnireflect}
 91210 | Zig:3    | Identified the staff of the Bruised Villages {rC+ Will+
                  | Conj}
 91231 | Zig:4    | Entered Level 4 of a ziggurat
 91250 | Zig:4    | Identified the +1 helmet of the Trombone {Int+4 Stlth+}
 91258 | Zig:5    | Entered Level 5 of a ziggurat
 91308 | Zig:6    | Entered Level 6 of a ziggurat
 91311 | Zig:6    | Noticed a juggernaut
 91313 | Zig:6    | Noticed a juggernaut
 91315 | Zig:6    | Killed a juggernaut
 91315 | Zig:6    | Killed a juggernaut
 91498 | Zig:7    | Entered Level 7 of a ziggurat
 91505 | Zig:7    | Found the +7 lajatang of Order {silver, rMut}
 91550 | Zig:7    | Identified the staff "Gekeg" {rPois rN++ Poison}
 91576 | Zig:8    | Entered Level 8 of a ziggurat
 91585 | Zig:8    | Reached skill level 10 in Air Magic
 91624 | Zig:8    | Identified the amulet of Pakhlos {Faith Str+5}
 91661 | Zig:9    | Entered Level 9 of a ziggurat
 91764 | Zig:9    | Identified the ring of Peace {Drain rF+ rC+ Dex+4}
 91768 | Zig:10   | Entered Level 10 of a ziggurat
 91820 | Zig:10   | Identified the +2 battleaxe "Gaeliuhi" {protect, rPois
                  | SInv}
 91824 | Zig:10   | Identified the +6 war axe "Abygg" {pain, rC+ rCorr Dex+2}
 91867 | Zig:10   | Acquired 439 gold pieces
 91873 | Zig:11   | Entered Level 11 of a ziggurat
 91884 | Zig:11   | Found the +8 demon blade "Leech" {evervamp, Harm Drain rN+}
 92054 | Zig:11   | Identified the ring "Asaicef" {Fly Slay+5}
 92056 | Zig:11   | Identified the +1 hand axe of Saltpetre {drain, rC+ rN+
                  | Dex+2}
 92069 | Zig:11   | Reached skill level 15 in Air Magic
 92082 | Zig:11   | Identified the staff "Wiza" {rN+ Str+2 Dex+6 Stlth- Necro}
 92102 | Zig:12   | Entered Level 12 of a ziggurat
 92113 | Zig:12   | Noticed a dread lich
 92115 | Zig:12   | Killed a dread lich
 92177 | Zig:12   | Found the +5 Lochaber axe {reach-cleave, Poleaxe Drain}
 92231 | Zig:12   | Identified the +5 broad axe of Maty {holy, rC++}
 92260 | Zig:13   | Entered Level 13 of a ziggurat
 92436 | Zig:14   | Entered Level 14 of a ziggurat
 92610 | Zig:14   | Found the +4 Cigotuvi's embrace {Corpsefed rMiasma Drain
                  | rN+}
 92673 | Zig:14   | Identified the +5 whip of Tension {heavy, Fly}
 92708 | Zig:15   | Entered Level 15 of a ziggurat
 92715 | Zig:15   | Noticed Picraw the pandemonium lord
 92719 | Zig:15   | Killed Picraw the pandemonium lord
 92725 | Zig:15   | Noticed Lomyeb the pandemonium lord
 92732 | Zig:15   | Killed Lomyeb the pandemonium lord
 92760 | Zig:15   | Noticed Jarchuirch the pandemonium lord
 92765 | Zig:15   | Killed Jarchuirch the pandemonium lord
 92877 | Zig:15   | Identified the +11 quarterstaff "Cuqoqug" {pain, Int+4
                  | Dex+3}
 92883 | Zig:15   | Identified the +1 sling "Qaczur" {heavy, Int+6 Stlth+}
 92892 | Zig:15   | Identified the +6 broad axe "Hydra's Funeral" {drain, rC-
                  | Str+6 Int+4}
 92921 | Zig:16   | Entered Level 16 of a ziggurat
 92937 | Zig:16   | Found the +8 trishula "Condemnation" {holy, anguish, *Noise
                  | Fly rN+}
 92941 | Zig:16   | Reached skill level 15 in Stealth
 92943 | Zig:16   | Found the ring of Shadows {Umbra +Inv Stlth+}
 92953 | Zig:16   | Identified the ring "Epoaniof" {rC+ Will+ Dex+3}
 93011 | Zig:16   | Identified the staff of Eternal Harmony {rN+ Int+6 Necro}
 93027 | Zig:16   | Identified the ring "Ryaplygi" {rElec rCorr Int+6}
 93037 | Zig:16   | Identified the +3 glaive of Legoomok {flame, rPois Str+2}
 93123 | Zig:17   | Entered Level 17 of a ziggurat
 93149 | Zig:17   | Noticed a dread lich
 93151 | Zig:17   | Killed a dread lich
 93358 | Zig:17   | Found the +8 orange crystal plate armour {Archmagi, Int+3
                  | Clar}
 93384 | Zig:18   | Entered Level 18 of a ziggurat
 93399 | Zig:18   | Noticed Laj Timi the pandemonium lord
 93401 | Zig:18   | Killed Laj Timi the pandemonium lord
 93404 | Zig:18   | Noticed Wotozacku the pandemonium lord
 93404 | Zig:18   | Noticed Migyun the pandemonium lord
 93404 | Zig:18   | Noticed Tico the pandemonium lord
 93404 | Zig:18   | Noticed Hiwak the pandemonium lord
 93412 | Zig:18   | Killed Tico the pandemonium lord
 93412 | Zig:18   | Killed Migyun the pandemonium lord
 93412 | Zig:18   | Killed Wotozacku the pandemonium lord
 93412 | Zig:18   | Killed Hiwak the pandemonium lord
 93413 | Zig:18   | Noticed Beatiple the pandemonium lord
 93428 | Zig:18   | Killed Beatiple the pandemonium lord
 93429 | Zig:18   | Noticed Atukuk the pandemonium lord
 93436 | Zig:18   | Paralysed by you for 3 turns
 93445 | Zig:18   | Killed Atukuk the pandemonium lord
 93445 | Zig:18   | Gained mutation: Potions are less effective at restoring
                  | your health. [a shining eye]
 93593 | Zig:18   | Acquired 931 gold pieces
 93619 | Zig:18   | Identified the +10 war axe "Xitsu" {heavy, rPois rF- rN+
                  | Str+5}
 93621 | Zig:18   | Identified the +6 scale mail of Pocumyeh {rF+ Int+2 Dex+2}
 93624 | Zig:18   | Identified the staff of Intimidation {rPois Will+ Dex+3
                  | Poison}
 93636 | Zig:19   | Entered Level 19 of a ziggurat
 93834 | Zig:19   | Identified the ring "Osifocint" {rF+ Str+3 Stlth+}
 93837 | Zig:19   | Identified the +5 scale mail "Xaucs" {Dex+3}
 93852 | Zig:19   | Identified the scarf of Ceroigh {+Inv, Rampage rN+}
 93858 | Zig:20   | Entered Level 20 of a ziggurat
 93884 | Zig:20   | Reached skill level 15 in Necromancy
 94022 | Zig:20   | Identified the +5 great sword "Ynopiur" {pain, *Rage rPois
                  | Will+ MP+9}
 94039 | Zig:20   | Identified the ring of Sosm {Fire rElec Will+}
 94041 | Zig:20   | Identified the staff "Meemim" {rPois Dex+3 Poison}
 94042 | Zig:20   | Identified the +9 shortbow of Uhidixt {heavy, rC- Will+++
                  | rCorr Int+2}
 94100 | Zig:21   | Entered Level 21 of a ziggurat
 94125 | Zig:21   | Reached skill level 10 in Hexes
 94260 | Zig:21   | Identified the staff of Victory {rPois rC+ rCorr MP-9 SInv
                  | Ice}
 94261 | Zig:21   | Identified the +6 glaive "Miso" {heavy, rElec rF+ rC+}
 94264 | Zig:21   | Identified the ring "Vija Gugh" {Wiz rC- Str+3 Dex+9 SInv}
 94266 | Zig:21   | Identified the +0 hand axe "Jellyslayer" {vamp, rCorr}
 94268 | Zig:21   | Identified the staff "Xonys" {Str+3 Int+4 Stlth+ Conj}
 94364 | Zig:22   | Entered Level 22 of a ziggurat
 94396 | Zig:22   | Noticed Rionnos the pandemonium lord
 94402 | Zig:22   | Killed Rionnos the pandemonium lord
 94508 | Zig:22   | Found the +2 hat of the Bear Spirit {Spirit, Bear, *Rage
                  | Will++}
 94558 | Zig:22   | Got the Treatise on Fulgent Inhalation
 94567 | Zig:22   | Identified the +4 short sword of Pedoli Yrgha {freeze,
                  | Int+3 Dex+4}
 94569 | Zig:22   | Identified the staff "Oshrugguo" {rElec rF+ Will+ Stlth+
                  | Fire}
 94649 | Zig:22   | Identified the +1 barding of the Farmer {rElec Will- Dex+7}
 94654 | Zig:23   | Entered Level 23 of a ziggurat
 94754 | Zig:23   | Killed Utzatzo the pandemonium lord
 94948 | Zig:23   | Identified the ring of Apaisec {rElec rN+ Dex+5 Stlth+}
 94993 | Zig:24   | Entered Level 24 of a ziggurat
 95164 | Zig:24   | Found the +10 dark maul {heavy}
 95246 | Zig:25   | Entered Level 25 of a ziggurat
 95291 | Zig:25   | Reached skill level 15 in Hexes
 95526 | Zig:25   | Identified the ring "Atzyam" {rN+ Will+ MP+9 Str+5}
 95529 | Zig:25   | Identified the ring of the Ego {EV+5 Str+7 Dex-3}
 95549 | Zig:25   | Identified the +4 chain mail of Resourcefulness {+Blink
                  | Str+2 Int-5 Dex+6}
 95565 | Zig:26   | Entered Level 26 of a ziggurat
 95868 | Zig:26   | Identified the staff of Doom {rF+ Int+6 Dex-4 Fire}
 95940 | Zig:27   | Entered Level 27 of a ziggurat
 95952 | Zig:27   | Noticed Waicun the pandemonium lord
 95962 | Zig:27   | Killed Waicun the pandemonium lord
 95969 | Zig:27   | Noticed Heakawur the pandemonium lord
 95976 | Zig:27   | Noticed Dougg the pandemonium lord
 95977 | Zig:27   | Noticed Segoxt the pandemonium lord
 95978 | Zig:27   | Killed Heakawur the pandemonium lord
 95985 | Zig:27   | Killed Segoxt the pandemonium lord
 95987 | Zig:27   | Killed Dougg the pandemonium lord
 95992 | Zig:27   | Noticed Vozy the pandemonium lord
 95992 | Zig:27   | Noticed Toabb the pandemonium lord
 95993 | Zig:27   | Noticed Huot the pandemonium lord
 95994 | Zig:27   | Killed Vozy the pandemonium lord
 95994 | Zig:27   | Noticed Nuyppueru the pandemonium lord
 95995 | Zig:27   | Killed Toabb the pandemonium lord
 95995 | Zig:27   | Noticed Poiruc the pandemonium lord
 95996 | Zig:27   | Killed Nuyppueru the pandemonium lord
 95997 | Zig:27   | Killed Poiruc the pandemonium lord
 95999 | Zig:27   | Killed Huot the pandemonium lord
 96001 | Zig:27   | Noticed Vuadibb the pandemonium lord
 96003 | Zig:27   | Noticed Wurruk the pandemonium lord
 96004 | Zig:27   | Killed Vuadibb the pandemonium lord
 96006 | Zig:27   | Noticed Lenakloj the pandemonium lord
 96007 | Zig:27   | Noticed Ciorr the pandemonium lord
 96008 | Zig:27   | Killed Wurruk the pandemonium lord
 96009 | Zig:27   | Noticed Dousiwab the pandemonium lord
 96009 | Zig:27   | Noticed Nyamahip the pandemonium lord
 96009 | Zig:27   | Noticed Pien the pandemonium lord
 96010 | Zig:27   | Noticed Hilup the pandemonium lord
 96012 | Zig:27   | Killed Dousiwab the pandemonium lord
 96012 | Zig:27   | Killed Ciorr the pandemonium lord
 96013 | Zig:27   | Noticed Elacwiv the pandemonium lord
 96014 | Zig:27   | Killed Pien the pandemonium lord
 96015 | Zig:27   | Killed Hilup the pandemonium lord
 96016 | Zig:27   | Noticed Hubow the pandemonium lord
 96017 | Zig:27   | Killed Nyamahip the pandemonium lord
 96018 | Zig:27   | Killed Lenakloj the pandemonium lord
 96020 | Zig:27   | Killed Elacwiv the pandemonium lord
 96036 | Zig:27   | Killed Hubow the pandemonium lord
 96208 | Zig:27   | Found the +3 Mad Mage's Maulers {Infuse+∞ VampMP -Cast}
 96208 | Zig:27   | Found the +8 Vampire's Tooth {megavamp}
 96228 | Zig:27   | Identified the +6 glaive of Dytaesa {elec, rPois SInv}
 96234 | Zig:27   | Identified the +1 troll leather armour "Cuituih" {Regen+
                  | Int+3}
 96649 | D:8      | Killed Gastronok
 96797 | D:5      | Killed Vruhak's ghost
 96974 | D:10     | Killed Koushar's ghost
 97483 | Snake:3  | Killed Vruhak's ghost
 98602 | Depths:3 | Learned a level 9 spell: Shatter
 98602 | Depths:3 | Acquired 535 gold pieces
 98851 | Orc:2    | Bought a scroll of amnesia for 52 gold pieces
 99215 | Shoals:3 | Bought a scroll of amnesia for 72 gold pieces
 99215 | Shoals:3 | Bought a scroll of revelation for 135 gold pieces
 99215 | Shoals:3 | Bought a scroll of teleportation for 54 gold pieces
 99215 | Shoals:3 | Bought a scroll of immolation for 72 gold pieces
 99835 | Zot:2    | Identified the staff "Dilitz" {Dex+2 Earth}
 99854 | Zot:2    | Identified the +5 helmet of Kusoh {Harm Str+2}
100002 | Zot:5    | Killed Sojiosifa's ghost
100053 | Zot:5    | Learned a level 8 spell: Infestation
100724 | Tomb:1   | Entered Level 1 of the Tomb of the Ancients
100734 | Tomb:1   | Noticed a royal mummy
100737 | Tomb:1   | Noticed a royal mummy
100742 | Tomb:1   | Noticed a royal mummy
100743 | Tomb:1   | Killed a royal mummy
100743 | Tomb:1   | Killed a royal mummy
100744 | Tomb:1   | Noticed a royal mummy
100745 | Tomb:1   | Killed a royal mummy
100745 | Tomb:1   | Noticed a royal mummy
100915 | Tomb:1   | Noticed a royal mummy
100917 | Tomb:1   | Killed a royal mummy
100917 | Tomb:1   | Killed a royal mummy
100917 | Tomb:1   | Killed a royal mummy
100918 | Tomb:1   | Noticed a royal mummy
100925 | Tomb:1   | Noticed a royal mummy
100928 | Tomb:1   | Killed a royal mummy
100931 | Tomb:1   | Killed a royal mummy
101001 | Tomb:1   | Noticed a royal mummy
101007 | Tomb:1   | Killed a royal mummy
101612 | Tomb:1   | Noticed a royal mummy
101621 | Tomb:1   | Killed a royal mummy
101632 | Tomb:1   | Noticed a royal mummy
101632 | Tomb:1   | Noticed a royal mummy
101633 | Tomb:1   | Noticed a royal mummy
101634 | Tomb:1   | Noticed a royal mummy
101635 | Tomb:1   | Noticed a royal mummy
101635 | Tomb:1   | Noticed a royal mummy
101635 | Tomb:1   | Noticed a royal mummy
101636 | Tomb:1   | Noticed a royal mummy
101637 | Tomb:1   | Killed a royal mummy
101637 | Tomb:1   | Killed a royal mummy
101637 | Tomb:1   | Killed a royal mummy
101637 | Tomb:1   | Noticed a royal mummy
101638 | Tomb:1   | Killed a royal mummy
101638 | Tomb:1   | Killed a royal mummy
101639 | Tomb:1   | Killed a royal mummy
101639 | Tomb:1   | Killed a royal mummy
101639 | Tomb:1   | Killed a royal mummy
101640 | Tomb:1   | Killed a royal mummy
102109 | Tomb:1   | Noticed a royal mummy
102115 | Tomb:1   | Noticed a royal mummy
102116 | Tomb:1   | Killed a royal mummy
102123 | Tomb:1   | Killed a royal mummy
102259 | Tomb:1   | Noticed a royal mummy
102260 | Tomb:1   | Noticed a royal mummy
102260 | Tomb:1   | Noticed a royal mummy
102263 | Tomb:1   | Noticed a royal mummy
102265 | Tomb:1   | Killed a royal mummy
102267 | Tomb:1   | Killed a royal mummy
102268 | Tomb:1   | Killed a royal mummy
102271 | Tomb:1   | Killed a royal mummy
102522 | Tomb:2   | Noticed a royal mummy
102522 | Tomb:2   | Noticed a royal mummy
102524 | Tomb:2   | Killed a royal mummy
102524 | Tomb:2   | Killed a royal mummy
102525 | Tomb:2   | Noticed a royal mummy
102797 | Tomb:2   | Noticed a royal mummy
102803 | Tomb:2   | Killed a royal mummy
102871 | Tomb:2   | Killed a royal mummy
102915 | Tomb:2   | Noticed Boris
102918 | Tomb:2   | Killed Boris
103432 | Tomb:3   | Entered Level 3 of the Tomb of the Ancients
103452 | Tomb:3   | Reached skill level 27 in Spellcasting
103452 | Tomb:3   | Noticed a royal mummy
103453 | Tomb:3   | Noticed a royal mummy
103454 | Tomb:3   | Noticed a royal mummy
103455 | Tomb:3   | Killed a royal mummy
103455 | Tomb:3   | Killed a royal mummy
103455 | Tomb:3   | Noticed a royal mummy
103456 | Tomb:3   | Noticed a royal mummy
103456 | Tomb:3   | Noticed a royal mummy
103457 | Tomb:3   | Noticed a royal mummy
103457 | Tomb:3   | Killed a royal mummy
103458 | Tomb:3   | Killed a royal mummy
103458 | Tomb:3   | Killed a royal mummy
103459 | Tomb:3   | Killed a royal mummy
103459 | Tomb:3   | Killed a royal mummy
103460 | Tomb:3   | Noticed a royal mummy
103461 | Tomb:3   | Noticed a royal mummy
103463 | Tomb:3   | Killed a royal mummy
103466 | Tomb:3   | Killed a royal mummy
103530 | Tomb:3   | Got a golden rune of Zot
103760 | Tomb:3   | Identified the +2 battleaxe of Wu Jian's Reproof {drain,
                  | rElec Str+7 Stlth-}
103934 | Tomb:3   | Found the ring of the Mage {Wiz Archmagi}
103939 | Tomb:3   | Identified the staff of the Moth {+Blink Str+4 Dex+5 Conj}
103942 | Tomb:3   | Identified the ring of Tuenamuc {rF+++ MP+9 Str-5 Slay+4
                  | Stlth+}
103946 | Tomb:3   | Identified the +11 flail of the Heavens {drain, rC+ Will+}
103995 | Tomb:3   | Identified the amulet "Peitypt" {Spirit rN+ Str+8 Slay-5}
104048 | Tomb:3   | Identified the +0 cloak of the Realm of Zot {+Inv Will-
                  | Int+2 Slay+3}
104061 | Tomb:3   | Identified the +4 whip "Lytab" {heavy, Dex+7}
104191 | Tomb:1   | Lost mutation: You expend magic power (3 MP) to strengthen
                  | your wands. [potion of mutation]
104191 | Tomb:1   | Lost mutation: Potions are less effective at restoring your
                  | health. [potion of mutation]
104191 | Tomb:1   | Lost mutation: You are very weak. (Str -4) [potion of
                  | mutation]
104191 | Tomb:1   | Lost mutation: You passively dampen the noise of your
                  | surroundings. [potion of mutation]
104191 | Tomb:1   | Gained mutation: Your magical capacity is low. (-10% MP)
                  | [potion of mutation]
104191 | Tomb:1   | Gained mutation: Your flesh is heat resistant. (rF+)
                  | [potion of mutation]
104192 | Tomb:1   | Lost mutation: Your flesh is cold resistant. (rC+) [potion
                  | of mutation]
104192 | Tomb:1   | Lost mutation: Your flesh is heat resistant. (rF+) [potion
                  | of mutation]
104192 | Tomb:1   | Lost mutation: Your system is resistant to poisons. (rPois)
                  | [potion of mutation]
104192 | Tomb:1   | Gained mutation: One of your tentacles bears a spike.
                  | [potion of mutation]
104192 | Tomb:1   | Gained mutation: You passively map a small area around you.
                  | [potion of mutation]
104193 | Tomb:1   | Lost mutation: You passively map a small area around you.
                  | [potion of mutation]
104193 | Tomb:1   | Lost mutation: One of your tentacles bears a spike. [potion
                  | of mutation]
104193 | Tomb:1   | Gained mutation: Your flesh is cold resistant. (rC+)
                  | [potion of mutation]
104193 | Tomb:1   | Lost mutation: You are dopey. (Int -2) [potion of mutation]
104193 | Tomb:1   | Gained mutation: Your flesh is very cold resistant. (rC++)
                  | [potion of mutation]
104194 | Tomb:1   | Lost mutation: Your flesh is very cold resistant. (rC++)
                  | [potion of mutation]
104194 | Tomb:1   | Lost mutation: Your magical capacity is low. (-10% MP)
                  | [potion of mutation]
104194 | Tomb:1   | Lost mutation: Your flesh is cold resistant. (rC+) [potion
                  | of mutation]
104194 | Tomb:1   | Gained mutation: One of your tentacles bears a spike.
                  | [potion of mutation]
104194 | Tomb:1   | Gained mutation: You are somewhat resistant to further
                  | mutation. [potion of mutation]
104194 | Tomb:1   | Gained mutation: Your flesh is cold resistant. (rC+)
                  | [potion of mutation]
104754 | Zig:1    | Entered Level 1 of a ziggurat
104754 | Zig:1    | Noticed Umuemiph the pandemonium lord
104760 | Zig:1    | Killed Umuemiph the pandemonium lord
104797 | Zig:2    | Entered Level 2 of a ziggurat
104827 | Zig:3    | Entered Level 3 of a ziggurat
104877 | Zig:4    | Entered Level 4 of a ziggurat
104911 | Zig:5    | Entered Level 5 of a ziggurat
104957 | Zig:5    | Identified the +5 chain mail of Pleasant Breezes {Harm
                  | Rampage rElec SInv}
104970 | Zig:6    | Entered Level 6 of a ziggurat
104980 | Zig:6    | Reached skill level 5 in Summonings
105134 | Zig:7    | Entered Level 7 of a ziggurat
105166 | Zig:7    | Identified the ring of Paranoia {Fire Will+ Str+8 Slay-4}
105177 | Zig:7    | Identified the +7 dagger "Ziah" {freeze, Dex+4}
105185 | Zig:7    | Identified the +8 ring mail of Servitude {Rampage rF++
                  | Will+}
105200 | Zig:8    | Entered Level 8 of a ziggurat
105297 | Zig:8    | Identified the +6 great mace of Eternal Harmony {freeze,
                  | rElec rF+ rN+}
105304 | Zig:9    | Entered Level 9 of a ziggurat
105314 | Zig:9    | Noticed a dread lich
105317 | Zig:9    | Killed a dread lich
105335 | Zig:9    | Identified the amulet "Ezaut" {Acrobat Fragile rPois rC-
                  | rCorr}
105337 | Zig:9    | Identified the staff "Tupiesch" {rElec rF+ Str+3 Air}
105360 | Zig:9    | Identified the +2 glaive of Niothiegah {drain, +Blink}
105478 | Zig:10   | Entered Level 10 of a ziggurat
105488 | Zig:10   | Noticed a royal mummy
105490 | Zig:10   | Noticed a royal mummy
105491 | Zig:10   | Noticed a royal mummy
105493 | Zig:10   | Killed a royal mummy
105493 | Zig:10   | Killed a royal mummy
105494 | Zig:10   | Killed a royal mummy
105685 | Zig:10   | Identified the +5 shortbow of Pehuoxkonn {flame, Str+3
                  | Dex+3 Stlth-}
105704 | Zig:10   | Identified the +3 short sword of the Shifting Boar {flame,
                  | Str+3}
105724 | Zig:11   | Entered Level 11 of a ziggurat
105960 | Zig:12   | Entered Level 12 of a ziggurat
106057 | Zig:12   | Identified the amulet "Witwocliuf" {RegenMP rElec Str-3
                  | Int+3 Dex+4}
106074 | Zig:12   | Identified the +5 executioner's axe of the Delightful God
                  | {flame, Fly Int-5 Dex+2}
106121 | Zig:12   | Acquired 973 gold pieces
106123 | Zig:12   | Acquired 434 gold pieces
106126 | Zig:13   | Entered Level 13 of a ziggurat
106143 | Zig:13   | Found the macabre finger necklace {Finger+ rN+}
106144 | Zig:13   | Noticed an ancient lich
106146 | Zig:13   | Killed an ancient lich
106156 | Zig:13   | Identified the amulet of Dolaxke {Spirit *Corrode Str+2
                  | SInv}
106161 | Zig:13   | Identified the ring "Sinorig" {Drain rN+ Dex+4 Slay+2
                  | Stlth+}
106175 | Zig:13   | Identified the +5 battleaxe of Prudence {venom, rCorr MP+9
                  | Stlth-}
106183 | Zig:13   | Got the Guide on Mustering and Graupel
106184 | Zig:13   | Identified the +0 whip of the Howling One {protect, Will+
                  | rCorr Dex+3}
106315 | Zig:14   | Entered Level 14 of a ziggurat
106468 | Zig:15   | Entered Level 15 of a ziggurat
106484 | Zig:15   | Noticed an orb of fire
106485 | Zig:15   | Noticed an orb of fire
106486 | Zig:15   | Noticed an orb of fire
106486 | Zig:15   | Noticed an orb of fire
106487 | Zig:15   | Noticed an orb of fire
106490 | Zig:15   | Killed an orb of fire
106490 | Zig:15   | Killed an orb of fire
106490 | Zig:15   | Killed an orb of fire
106490 | Zig:15   | Killed an orb of fire
106491 | Zig:15   | Found the +1 cloak of Starlight {*Dazzle EV+4 Stlth--}
106491 | Zig:15   | Gained mutation: Potions are less effective at restoring
                  | your health. [an orb of fire]
106492 | Zig:15   | Killed an orb of fire
106583 | Zig:15   | Identified the +7 dagger "Bung" {elec, rElec Int+3}
106589 | Zig:15   | Identified the +5 ring mail "Dig Diug" {Int+3}
106630 | Zig:16   | Entered Level 16 of a ziggurat
106652 | Zig:16   | Found the ring of the Hare {EV+10}
106709 | Zig:16   | Identified the staff "Gidydus" {SInv Earth}
106754 | Zig:16   | Identified the +3 leather armour of Uskayaw's Delight
                  | {Dex+3}
106791 | Zig:16   | Acquired the ring "Jieboil" {rPois rC+ AC+4 Str+3 Dex+2}
106805 | Zig:17   | Entered Level 17 of a ziggurat
107035 | Zig:17   | Found the brooch of Shielding {Spirit SH+8}
107042 | Zig:17   | Identified the ring of the Kraken {rPois rF+ Int+2}
107043 | Zig:17   | Identified the ring "Vide" {+Blink rPois MP+9 Int+6 Slay+2}
107054 | Zig:17   | Identified the ring "Bosionwa" {rElec rF+ Str+6}
107064 | Zig:17   | Identified the amulet "Xeusac" {Spirit Will+ Slay+2}
107100 | Zig:18   | Entered Level 18 of a ziggurat
107111 | Zig:18   | Noticed Yzamebbi the pandemonium lord
107112 | Zig:18   | Noticed Olaudax the pandemonium lord
107112 | Zig:18   | Noticed Lapsoh the pandemonium lord
107116 | Zig:18   | Noticed Aphowis the pandemonium lord
107117 | Zig:18   | Noticed Qeuter the pandemonium lord
107121 | Zig:18   | Killed Olaudax the pandemonium lord
107121 | Zig:18   | Killed Lapsoh the pandemonium lord
107122 | Zig:18   | Reached skill level 10 in Summonings
107122 | Zig:18   | Killed Yzamebbi the pandemonium lord
107124 | Zig:18   | Killed Aphowis the pandemonium lord
107129 | Zig:18   | Noticed Teaxiel the pandemonium lord
107129 | Zig:18   | Killed Qeuter the pandemonium lord
107133 | Zig:18   | Noticed Piunu the pandemonium lord
107134 | Zig:18   | Noticed Pahid the pandemonium lord
107135 | Zig:18   | Killed Piunu the pandemonium lord
107136 | Zig:18   | Killed Teaxiel the pandemonium lord
107138 | Zig:18   | Killed Pahid the pandemonium lord
107149 | Zig:18   | Noticed Weenoc the pandemonium lord
107150 | Zig:18   | Noticed Pucupil the pandemonium lord
107152 | Zig:18   | Killed Weenoc the pandemonium lord
107167 | Zig:18   | Noticed Ynoec the pandemonium lord
107169 | Zig:18   | Killed Pucupil the pandemonium lord
107170 | Zig:18   | Killed Ynoec the pandemonium lord
107319 | Zig:18   | Identified the +3 short sword of the Maze {protect, Dex+5}
107324 | Zig:18   | Identified the +8 orcbow of Expedience {speed, +Blink SInv}
107327 | Zig:18   | Identified the +4 orcbow of Fragile Peace {heavy, Int+2}
107334 | Zig:18   | Identified the staff "Vuothruk" {rElec rC+ Str+6 Ice}
107335 | Zig:18   | Identified the +4 war axe "Doiqiuto" {heavy, rElec rF- rN+}
107377 | Zig:18   | Reached skill level 27 in Fighting
107395 | Zig:19   | Entered Level 19 of a ziggurat
107608 | Zig:19   | Identified the ring of Fookut {rPois EV+5 Str+2 Dex-5}
107612 | Zig:19   | Identified the +4 sling of Musaikh {drain, Int+2}
107614 | Zig:19   | Identified the staff "Huas" {*Corrode rPois Dex+3 Conj
                  | Poison}
107627 | Zig:19   | Identified the +5 short sword "Tuojoukh" {freeze, rC+ Will+
                  | Int+3}
107660 | Zig:20   | Entered Level 20 of a ziggurat
107680 | Zig:20   | Reached skill level 10 in Evocations
107835 | Zig:20   | Got Kizof's Dissertation on the Switch and Generation
107843 | Zig:20   | Identified the ring "Likus" {rF+ rN+++ Str-2 Int+6 Dex-4}
108076 | Zig:20   | Reached skill level 10 in Translocations
108079 | Zig:21   | Entered Level 21 of a ziggurat
108121 | Zig:21   | Identified the ring of Kautaog {Will+ rCorr}
108128 | Zig:21   | Identified the ring "Gaduhoj" {rElec rPois rF+ rN+}
108162 | Zig:21   | Identified the +0 cloak of the Vaults {+Inv rF- rN+ Stlth+}
108306 | Zig:22   | Entered Level 22 of a ziggurat
108340 | Zig:22   | Noticed an ancient lich
108342 | Zig:22   | Killed an ancient lich
108348 | Zig:22   | Noticed a dread lich
108356 | Zig:22   | Killed a dread lich
108470 | Zig:22   | Identified the +2 rapier of Parts Unknown {protect, rCorr}
108476 | Zig:22   | Identified the ring of Lusesh {Ice rPois Dex+3 Slay+3}
108477 | Zig:22   | Identified the +10 mace of the Elven Halls {spect, Will++
                  | Str+2}
108482 | Zig:22   | Identified the ring of Xom's Attic {Ice Str+3 Dex+3}
108485 | Zig:22   | Identified the ring of Pragmatism {rF+ rN+ Will+ Str+5
                  | Dex+2}
108489 | Zig:22   | Identified the +2 helmet of Liberty {-Cast rPois Str+2
                  | Dex+4}
108558 | Zig:23   | Entered Level 23 of a ziggurat
108594 | Zig:23   | Reached skill level 15 in Evocations
108799 | Zig:23   | Identified the +2 scale mail "Doashryma" {rElec rC+}
108801 | Zig:23   | Identified the +1 helmet of Loss {Harm +Blink rC+}
108822 | Zig:23   | Learned a level 8 spell: Discord
108829 | Zig:24   | Entered Level 24 of a ziggurat
108888 | Zig:24   | Noticed Womon the pandemonium lord
108896 | Zig:24   | Killed Womon the pandemonium lord
108967 | Zig:24   | Found the ring of the Octopus King
109024 | Zig:24   | Identified a ring of the Octopus King {Fly HP+2 AC+2 EV+2
                  | SH+2}
109068 | Zig:25   | Entered Level 25 of a ziggurat
109131 | Zig:25   | Reached skill level 27 in Stealth
109276 | Zig:25   | Identified the amulet "Fonyjouf" {Faith Will+}
109285 | Zig:25   | Identified the ring "Rucwy" {rElec MP+9 AC+4 Dex+4}
109300 | Zig:25   | Identified the amulet "Vaesketz" {Reflect Int+6 SH+5}
109310 | Zig:26   | Entered Level 26 of a ziggurat
109326 | Zig:26   | Noticed Noaskao the pandemonium lord
109328 | Zig:26   | Noticed Pobom the pandemonium lord
109328 | Zig:26   | Noticed Nunu the pandemonium lord
109345 | Zig:26   | Killed Pobom the pandemonium lord
109351 | Zig:26   | Noticed Puusytt the pandemonium lord
109352 | Zig:26   | Killed Nunu the pandemonium lord
109354 | Zig:26   | Killed Noaskao the pandemonium lord
109354 | Zig:26   | Killed Puusytt the pandemonium lord
109356 | Zig:26   | Noticed Miaczaiff the pandemonium lord
109360 | Zig:26   | Killed Miaczaiff the pandemonium lord
109363 | Zig:26   | Noticed Lasy the pandemonium lord
109370 | Zig:26   | Noticed Qoumeps the pandemonium lord
109371 | Zig:26   | Killed Lasy the pandemonium lord
109371 | Zig:26   | Noticed Okaushri the pandemonium lord
109373 | Zig:26   | Noticed Ithred the pandemonium lord
109374 | Zig:26   | Noticed Udeemisk the pandemonium lord
109375 | Zig:26   | Killed Qoumeps the pandemonium lord
109375 | Zig:26   | Killed Okaushri the pandemonium lord
109375 | Zig:26   | Noticed Diewom the pandemonium lord
109377 | Zig:26   | Killed Diewom the pandemonium lord
109377 | Zig:26   | Noticed Diodaemm the pandemonium lord
109379 | Zig:26   | Killed Udeemisk the pandemonium lord
109380 | Zig:26   | Killed Diodaemm the pandemonium lord
109381 | Zig:26   | Noticed Kesuadoxt the pandemonium lord
109382 | Zig:26   | Killed Ithred the pandemonium lord
109382 | Zig:26   | Noticed Kausto the pandemonium lord
109383 | Zig:26   | Noticed Ylulir the pandemonium lord
109384 | Zig:26   | Killed Kesuadoxt the pandemonium lord
109386 | Zig:26   | Noticed Vify the pandemonium lord
109387 | Zig:26   | Killed Ylulir the pandemonium lord
109387 | Zig:26   | Killed Vify the pandemonium lord
109388 | Zig:26   | Noticed Xefouqut the pandemonium lord
109389 | Zig:26   | Noticed Cozuyr the pandemonium lord
109391 | Zig:26   | Killed Kausto the pandemonium lord
109391 | Zig:26   | Noticed Gahuguoh the pandemonium lord
109402 | Zig:26   | Noticed Caich the pandemonium lord
109404 | Zig:26   | Noticed Vealolez the pandemonium lord
109404 | Zig:26   | Noticed Buacheob the pandemonium lord
109405 | Zig:26   | Killed Vealolez the pandemonium lord
109407 | Zig:26   | Killed Buacheob the pandemonium lord
109418 | Zig:26   | Killed Caich the pandemonium lord
109423 | Zig:26   | Noticed Havyckye the pandemonium lord
109423 | Zig:26   | Killed Gahuguoh the pandemonium lord
109426 | Zig:26   | Noticed Pun Tucw the pandemonium lord
109428 | Zig:26   | Killed Xefouqut the pandemonium lord
109429 | Zig:26   | Killed Havyckye the pandemonium lord
109430 | Zig:26   | Killed Pun Tucw the pandemonium lord
109431 | Zig:26   | Reached skill level 27 in Conjurations
109431 | Zig:26   | Noticed Nalo the pandemonium lord
109436 | Zig:26   | Killed Nalo the pandemonium lord
109438 | Zig:26   | Killed Cozuyr the pandemonium lord
109443 | Zig:26   | Killed Zery the pandemonium lord
109623 | Zig:26   | Found the +11 plutonium sword {Contam Stlth-}
109630 | Zig:26   | Identified the ring of the Devil {rF+ rC+ MP-9 Str+6}
109644 | Zig:26   | Identified the amulet of Contention {Acrobat Rampage rCorr
                  | Int-4 Stlth+}
109649 | Zig:26   | Identified the amulet of Greed {Acrobat Rampage Str+3}
109660 | Zig:26   | Reached skill level 15 in Translocations
109669 | Zig:26   | Identified the ring of Arrival {Drain rN++ Str+6}
109684 | Zig:27   | Entered Level 27 of a ziggurat
109716 | Zig:27   | Paralysed by an air elemental for 1 turns
109834 | Zig:27   | Found the +27 heavy crossbow "Sniper" {heavy, Acc+∞ SInv}
109943 | Zig:27   | Identified the +3 robe of Joy {rF+ Str+4 Archmagi}
109965 | Zig:27   | Identified the ring "Noedoam" {Fly rF+}
110083 | Zig:1    | Entered Level 1 of a ziggurat
110109 | Zig:2    | Entered Level 2 of a ziggurat
110180 | Zig:2    | Identified the +4 shortbow "Ogrebane" {drain, *Corrode rC+
                  | Stlth+}
110188 | Zig:3    | Entered Level 3 of a ziggurat
110235 | Zig:4    | Entered Level 4 of a ziggurat
110291 | Zig:5    | Entered Level 5 of a ziggurat
110295 | Zig:5    | Found the ring of the Octopus King
110318 | Zig:5    | Identified a ring of the Octopus King {Wiz HP+2 AC+2 EV+2
                  | SH+2}
110333 | Zig:6    | Entered Level 6 of a ziggurat
110341 | Zig:6    | Noticed Pufareeg the pandemonium lord
110344 | Zig:6    | Killed Pufareeg the pandemonium lord
110463 | Zig:6    | Identified the +5 flail of the Original Sin {freeze, rN++
                  | Int+3 Stlth-}
110475 | Zig:7    | Entered Level 7 of a ziggurat
110665 | Zig:8    | Entered Level 8 of a ziggurat
110737 | Zig:9    | Entered Level 9 of a ziggurat
110754 | Zig:9    | Found the +7 Spriggan's Knife {stab, EV+4 Stlth+}
110856 | Zig:9    | Identified the amulet "Yvubbibixt" {Acrobat *Slow +Inv MP+9
                  | SInv}
110906 | Zig:10   | Entered Level 10 of a ziggurat
110973 | Zig:10   | Identified the +3 sling of the Endless Expanse {freeze,
                  | rF+}
110990 | Zig:10   | Identified the staff "Bomewki" {rElec rN+ Will+ Necro}
110992 | Zig:10   | Identified the +0 helmet of Deokad {rF- Regen+ Int+7}
110997 | Zig:11   | Entered Level 11 of a ziggurat
111183 | Zig:12   | Entered Level 12 of a ziggurat
111254 | Zig:12   | Found the +5 Storm Queen's Shield {shock, Fly rElec}
111314 | Zig:12   | Identified the +0 dagger of Ejat {freeze, Int+6}
111362 | Zig:13   | Entered Level 13 of a ziggurat
111456 | Zig:13   | Identified the staff of Causality {rPois rC- MP+9 Int-4
                  | Conj}
111459 | Zig:13   | Identified the +2 quick blade "Zecusif" {antimagic, rF+ rN+
                  | Str+3 Int-4}
111460 | Zig:13   | Identified the +6 falchion of Checks and Balances {freeze,
                  | rElec Int-2 Stlth+}
111464 | Zig:13   | Identified the +8 mace "Efiuna" {freeze, rCorr}
111465 | Zig:13   | Identified the +8 rapier "Ujutaen" {venom, rElec rF++
                  | Int+3}
111470 | Zig:13   | Identified the +1 falchion of Plague {flame, Stlth+}
111558 | Zig:14   | Entered Level 14 of a ziggurat
111714 | Zig:14   | Identified the ring of Yghi {Fire MP-9 Int+3 Dex+4}
111737 | Zig:14   | Identified the staff of Midsummer {rF+ Str+3 Dex+6 Fire}
111739 | Zig:15   | Entered Level 15 of a ziggurat
111761 | Zig:15   | Found the +2 shield of Resistance {rF++ rC++ Will++}
111764 | Zig:15   | Found the ring of the Tortoise {AC+8}
111876 | Zig:15   | Identified the +10 spear "Death Rattle" {flame, rF+ Dex+3}
111878 | Zig:15   | Identified the staff of Action {*Corrode rPois Str+3 Int+4
                  | Stlth+ Poison}
111946 | Zig:15   | Identified the +0 ring mail of Sunlight {Dex+2}
111949 | Zig:16   | Entered Level 16 of a ziggurat
111965 | Zig:16   | Noticed an orb of fire
111965 | Zig:16   | Noticed an orb of fire
111966 | Zig:16   | Noticed an orb of fire
111968 | Zig:16   | Killed an orb of fire
111969 | Zig:16   | Killed an orb of fire
111970 | Zig:16   | Killed an orb of fire
111970 | Zig:16   | Noticed an orb of fire
111971 | Zig:16   | Noticed an orb of fire
111975 | Zig:16   | Killed an orb of fire
111975 | Zig:16   | Killed an orb of fire
111976 | Zig:16   | Noticed an orb of fire
111979 | Zig:16   | Killed an orb of fire
111980 | Zig:16   | Reached skill level 27 in Shields
112117 | Zig:16   | Identified the +6 scale mail "Vobu" {rN+ rCorr}
112128 | Zig:17   | Entered Level 17 of a ziggurat
112146 | Zig:17   | Noticed Neteaxay the pandemonium lord
112150 | Zig:17   | Killed Neteaxay the pandemonium lord
112246 | Zig:17   | Identified the +1 halberd "Sibbynn" {freeze, Str+5}
112247 | Zig:17   | Identified the +2 morningstar of the Carved God {speed,
                  | rPois rF+ rC+ Int+2}
112248 | Zig:17   | Identified the staff "Jetol" {rF- Dex+6 Conj}
112299 | Zig:17   | Identified the +0 robe of the Albatross {rElec rC+}
112360 | Zig:18   | Entered Level 18 of a ziggurat
112371 | Zig:18   | Reached skill level 27 in Hexes
112520 | Zig:18   | Identified the +9 short sword of Shame {heavy, rF+ rC++}
112527 | Zig:18   | Identified the ring "Inysada" {Contam rF+++ rC- Str+6
                  | Dex+6}
112528 | Zig:18   | Identified the +8 rapier "Orb Guardian's Curse" {heavy,
                  | rF+}
112532 | Zig:18   | Identified the +3 hat of Vafaitom {-Tele Regen+ Int+3}
112541 | Zig:18   | Identified the +2 scale mail of Fashionability {Harm Str+3
                  | Stlth+}
112581 | Zig:19   | Entered Level 19 of a ziggurat
112780 | Zig:19   | Identified the ring of the Death Scarab {Fly rPois MP+9
                  | Int-2 Dex+6 Slay+5}
112788 | Zig:19   | Identified the +7 battleaxe "Biruat" {flame, Int+5}
112837 | Zig:20   | Entered Level 20 of a ziggurat
112856 | Zig:20   | Noticed an ancient lich
112858 | Zig:20   | Killed an ancient lich
112997 | Zig:20   | Found the +8 arc blade {discharge, rElec}
113013 | Zig:20   | Identified the +6 spear of Diytumomm {heavy, Int+3}
113058 | Zig:21   | Entered Level 21 of a ziggurat
113169 | Zig:21   | Identified the ring "Hanatal Gyu" {rN+ EV+5}
113178 | Zig:21   | Identified the +1 arbalest of World's End {freeze, rN+
                  | Str+3 Dex+2}
113179 | Zig:21   | Identified the staff of Inconvenience {rF+ Will+ Str+3
                  | Int+3 Fire}
113318 | Zig:22   | Entered Level 22 of a ziggurat
113340 | Zig:22   | Noticed Kataucs the pandemonium lord
113344 | Zig:22   | Killed Kataucs the pandemonium lord
113350 | Zig:22   | Reached skill level 27 in Fire Magic
113564 | Zig:22   | Identified the +1 quick blade "Orb Guardian's Curse" {pain,
                  | rPois Will+}
113570 | Zig:22   | Identified the ring "Baihaufe" {rPois Str+5 Slay-4 SInv}
113576 | Zig:22   | Identified the staff "Fiysus" {rF- rC+ Will+ Str+6 Earth}
113579 | Zig:22   | Identified the ring "Baiberom" {Drain rElec rPois rN++
                  | Dex+6}
113583 | Zig:22   | Identified the +9 short sword "Ytuf" {flame, Str+3 Int+3}
113588 | Zig:23   | Entered Level 23 of a ziggurat
113592 | Zig:23   | Noticed a royal mummy
113592 | Zig:23   | Noticed a royal mummy
113592 | Zig:23   | Noticed a royal mummy
113593 | Zig:23   | Noticed a royal mummy
113593 | Zig:23   | Noticed a royal mummy
113594 | Zig:23   | Noticed a royal mummy
113594 | Zig:23   | Noticed a royal mummy
113596 | Zig:23   | Noticed a royal mummy
113597 | Zig:23   | Noticed a royal mummy
113598 | Zig:23   | Killed a royal mummy
113598 | Zig:23   | Killed a royal mummy
113598 | Zig:23   | Killed a royal mummy
113598 | Zig:23   | Killed a royal mummy
113599 | Zig:23   | Killed a royal mummy
113600 | Zig:23   | Killed a royal mummy
113600 | Zig:23   | Killed a royal mummy
113600 | Zig:23   | Killed a royal mummy
113601 | Zig:23   | Noticed a royal mummy
113601 | Zig:23   | Noticed a royal mummy
113601 | Zig:23   | Killed a royal mummy
113603 | Zig:23   | Killed a royal mummy
113604 | Zig:23   | Killed a royal mummy
113605 | Zig:23   | Noticed a royal mummy
113606 | Zig:23   | Noticed a royal mummy
113606 | Zig:23   | Noticed a royal mummy
113610 | Zig:23   | Killed a royal mummy
113610 | Zig:23   | Noticed a royal mummy
113611 | Zig:23   | Killed a royal mummy
113611 | Zig:23   | Killed a royal mummy
113612 | Zig:23   | Noticed a royal mummy
113613 | Zig:23   | Killed a royal mummy
113613 | Zig:23   | Noticed a royal mummy
113614 | Zig:23   | Noticed a royal mummy
113614 | Zig:23   | Noticed a royal mummy
113615 | Zig:23   | Noticed a royal mummy
113615 | Zig:23   | Noticed a royal mummy
113616 | Zig:23   | Noticed a royal mummy
113617 | Zig:23   | Noticed a royal mummy
113619 | Zig:23   | Killed a royal mummy
113620 | Zig:23   | Killed a royal mummy
113620 | Zig:23   | Killed a royal mummy
113620 | Zig:23   | Killed a royal mummy
113620 | Zig:23   | Killed a royal mummy
113620 | Zig:23   | Killed a royal mummy
113620 | Zig:23   | Killed a royal mummy
113620 | Zig:23   | Killed a royal mummy
113622 | Zig:23   | Noticed a royal mummy
113624 | Zig:23   | Killed a royal mummy
113633 | Zig:23   | Found the +8 storm bow {elec, penet}
113791 | Zig:23   | Identified the staff of the Undead {rElec Str+6 Air}
113799 | Zig:23   | Identified the +3 scimitar "Noxze" {pain, rCorr}
113911 | Zig:23   | Reached skill level 27 in Air Magic
113913 | Zig:23   | Reached skill level 27 in Dodging
113917 | Zig:23   | Identified the +1 robe of the Endless Expanse {Str+4}
113921 | Zig:24   | Entered Level 24 of a ziggurat
113933 | Zig:24   | Reached skill level 10 in Ranged Weapons
113942 | Zig:24   | Reached skill level 15 in Ranged Weapons
113946 | Zig:24   | Found the +15 Maxwell's patent armour {-Cast -Tele rElec
                  | Will+ rCorr}
114119 | Zig:24   | Identified the ring "Ecuveh" {Ice Str+3}
114120 | Zig:24   | Identified the +9 mace of Impermanence {spect, rElec rPois
                  | rF- Dex-2}
114225 | Zig:24   | Identified the amulet "Urer" {Reflect Fragile rN+ Str+5
                  | SH+5}
114255 | Zig:24   | Acquired 628 gold pieces
114257 | Zig:24   | Acquired 1011 gold pieces
114259 | Zig:24   | Acquired 1096 gold pieces
114268 | Zig:25   | Entered Level 25 of a ziggurat
114288 | Zig:25   | Reached skill level 10 in Staves
114299 | Zig:25   | Noticed Finoig the pandemonium lord
114302 | Zig:25   | Killed Finoig the pandemonium lord
114418 | Zig:25   | Found the +13 scythe of Curses {drain, curses, Drain}
114629 | Zig:25   | Identified the +4 barding "Teycw" {rC+}
114644 | Zig:26   | Entered Level 26 of a ziggurat
114661 | Zig:26   | Reached skill level 15 in Staves
114682 | Zig:26   | Found the +2 pair of slick slippers {slick, slippery, EV+4}
114979 | Zig:26   | Identified the +0 ring mail of Dramatic Exits {Will+ Int+3}
114983 | Zig:26   | Identified the +4 bardiche of Kutiv {freeze, rElec MP+9
                  | Int+2 Dex+5}
115025 | Zig:26   | Identified the +0 chain mail "Baoshrys" {+Inv Str+4 Stlth-}
115028 | Zig:26   | Identified the ring "Wafean" {rElec rC- rN+ Will++ Int+8}
115031 | Zig:26   | Identified the +6 quarterstaff of Malaise {heavy, rF+ rC+
                  | Dex+2}
115040 | Zig:26   | Identified the staff "Bethiferch" {rElec rPois rF- rC+
                  | Int+6 Ice}
115041 | Zig:26   | Identified the +6 quarterstaff of Departure {drain, rElec
                  | rF+ Dex+6 Stlth-}
115090 | Zig:26   | Identified the +0 fire dragon scales of Dithmenos's Regard
                  | {Contam rF++ rC- Regen+ Str+7}
115103 | Zig:27   | Entered Level 27 of a ziggurat
115113 | Zig:27   | Reached skill level 27 in Earth Magic
115389 | Zig:27   | Identified the staff "Keup" {rF+ Str+3 Fire}
115392 | Zig:27   | Identified the +0 lajatang of Destiny {flame, Fragile rPois
                  | rF+ Str+4}
115403 | Zig:27   | Identified the +0 scale mail of the End {Rampage rPois
                  | rCorr Int+4 Dex+2}
115421 | Zig:27   | Acquired 866 gold pieces
115423 | Zig:27   | Acquired 638 gold pieces
115459 | Zig:1    | Entered Level 1 of a ziggurat
115484 | Zig:2    | Entered Level 2 of a ziggurat
115514 | Zig:2    | Identified the +9 scimitar "Vekk" {heavy, rPois Int+3}
115519 | Zig:3    | Entered Level 3 of a ziggurat
115591 | Zig:4    | Entered Level 4 of a ziggurat
115593 | Zig:4    | Noticed a juggernaut
115595 | Zig:4    | Killed a juggernaut
115649 | Zig:4    | Identified the +7 morningstar of the Sky {heavy, Int+2
                  | Dex+3}
115669 | Zig:5    | Entered Level 5 of a ziggurat
115672 | Zig:5    | Noticed Wothro the pandemonium lord
115673 | Zig:5    | Noticed Jino the pandemonium lord
115676 | Zig:5    | Killed Jino the pandemonium lord
115676 | Zig:5    | Killed Wothro the pandemonium lord
115856 | Zig:6    | Entered Level 6 of a ziggurat
115859 | Zig:6    | Noticed Ostun the pandemonium lord
115860 | Zig:6    | Noticed Gimpeost the pandemonium lord
115865 | Zig:6    | Killed Gimpeost the pandemonium lord
115867 | Zig:6    | Killed Ostun the pandemonium lord
115943 | Zig:6    | Identified the +4 plate armour of the Baker {Harm rElec}
115964 | Zig:6    | Identified the +5 quarterstaff "Fonn" {flame, rF+++ MP+9
                  | Dex-2 SInv}
115985 | Zig:7    | Entered Level 7 of a ziggurat
116046 | Zig:7    | Learned a level 9 spell: Dragon's Call
116079 | Zig:7    | Identified the staff of the Eggplant {rC+ Int-5 Conj Earth}
116286 | Zig:8    | Entered Level 8 of a ziggurat
116289 | Zig:8    | Noticed Wipesy the pandemonium lord
116291 | Zig:8    | Noticed Velip the pandemonium lord
116295 | Zig:8    | Noticed Kabeq the pandemonium lord
116295 | Zig:8    | Killed Wipesy the pandemonium lord
116297 | Zig:8    | Killed Velip the pandemonium lord
116299 | Zig:8    | Killed Kabeq the pandemonium lord
116412 | Zig:8    | Identified the +10 mace of Turmoil {drain, Str+3}
116445 | Zig:9    | Entered Level 9 of a ziggurat
116505 | Zig:9    | Identified the +6 plate armour of Geetuaxo {Fly rC++ Str-2
                  | Stlth+}
116507 | Zig:9    | Identified the +7 trident of Laceration {venom, rElec rC-
                  | Str+3}
116595 | Zig:10   | Entered Level 10 of a ziggurat
116757 | Zig:11   | Entered Level 11 of a ziggurat
116761 | Zig:11   | Noticed an orb of fire
116762 | Zig:11   | Noticed an orb of fire
116764 | Zig:11   | Noticed an orb of fire
116767 | Zig:11   | Killed an orb of fire
116767 | Zig:11   | Noticed an orb of fire
116768 | Zig:11   | Noticed an orb of fire
116768 | Zig:11   | Killed an orb of fire
116769 | Zig:11   | Killed an orb of fire
116770 | Zig:11   | Noticed an orb of fire
116771 | Zig:11   | Noticed an orb of fire
116772 | Zig:11   | Killed an orb of fire
116773 | Zig:11   | Killed an orb of fire
116773 | Zig:11   | Noticed an orb of fire
116774 | Zig:11   | Killed an orb of fire
116774 | Zig:11   | Killed an orb of fire
116778 | Zig:11   | Killed an orb of fire
116913 | Zig:11   | Identified the staff "Taom" {rF+ Conj}
116923 | Zig:11   | Identified the staff "Adwannath" {*Corrode rN+ Will+ Dex+2
                  | SInv Necro}
116928 | Zig:12   | Entered Level 12 of a ziggurat
116944 | Zig:12   | Reached skill level 15 in Summonings
117073 | Zig:12   | Identified the +2 shortbow of Intuition {speed, rF+ Int+2
                  | Dex+5}
117094 | Zig:12   | Identified the amulet of the Genius {Spirit rPois rC+
                  | Int+2}
117100 | Zig:12   | Identified the +3 robe of the Dozen Souls {rElec rC+ Will+}
117149 | Zig:13   | Entered Level 13 of a ziggurat
117167 | Zig:13   | Noticed a juggernaut
117167 | Zig:13   | Noticed a juggernaut
117169 | Zig:13   | Noticed a juggernaut
117170 | Zig:13   | Noticed a juggernaut
117170 | Zig:13   | Noticed a juggernaut
117171 | Zig:13   | Killed a juggernaut
117171 | Zig:13   | Killed a juggernaut
117172 | Zig:13   | Killed a juggernaut
117172 | Zig:13   | Killed a juggernaut
117172 | Zig:13   | Killed a juggernaut
117172 | Zig:13   | Noticed a juggernaut
117174 | Zig:13   | Found the amulet of the Air {Inacc Air Fly rElec RMsl}
117176 | Zig:13   | Killed a juggernaut
117258 | Zig:13   | Identified the staff "Voera" {Dex+2 Earth}
117304 | Zig:14   | Entered Level 14 of a ziggurat
117312 | Zig:14   | Noticed a royal mummy
117317 | Zig:14   | Noticed a royal mummy
117318 | Zig:14   | Killed a royal mummy
117319 | Zig:14   | Noticed a royal mummy
117320 | Zig:14   | Killed a royal mummy
117321 | Zig:14   | Killed a royal mummy
117326 | Zig:14   | Noticed a royal mummy
117327 | Zig:14   | Noticed a royal mummy
117329 | Zig:14   | Noticed a royal mummy
117329 | Zig:14   | Noticed a royal mummy
117330 | Zig:14   | Killed a royal mummy
117330 | Zig:14   | Killed a royal mummy
117330 | Zig:14   | Killed a royal mummy
117332 | Zig:14   | Killed a royal mummy
117398 | Zig:14   | Found the +4 consecrated labrys {holy, Valiant Fragile Fly
                  | SInv}
117499 | Zig:14   | Identified the +5 arbalest of Ahinosor {antimagic, Fly}
117506 | Zig:14   | Identified the +6 falchion of Beogh {freeze, rElec rC+++
                  | Str-3 Stlth-}
117560 | Zig:14   | Acquired 1289 gold pieces
117566 | Zig:15   | Entered Level 15 of a ziggurat
117571 | Zig:15   | Noticed a royal mummy
117578 | Zig:15   | Killed a royal mummy
117579 | Zig:15   | Noticed a royal mummy
117581 | Zig:15   | Noticed a royal mummy
117583 | Zig:15   | Noticed a royal mummy
117583 | Zig:15   | Noticed a royal mummy
117583 | Zig:15   | Noticed a royal mummy
117583 | Zig:15   | Noticed a royal mummy
117585 | Zig:15   | Killed a royal mummy
117585 | Zig:15   | Killed a royal mummy
117585 | Zig:15   | Killed a royal mummy
117585 | Zig:15   | Killed a royal mummy
117586 | Zig:15   | Noticed a royal mummy
117586 | Zig:15   | Noticed a royal mummy
117586 | Zig:15   | Noticed a royal mummy
117587 | Zig:15   | Killed a royal mummy
117588 | Zig:15   | Killed a royal mummy
117588 | Zig:15   | Killed a royal mummy
117589 | Zig:15   | Killed a royal mummy
117589 | Zig:15   | Killed a royal mummy
117613 | Zig:15   | Found the +8 mithril axe "Arga" {speed, Will+}
117625 | Zig:15   | Identified the +7 scimitar "Nankotox" {holy, Int+3}
117665 | Zig:15   | Identified the +2 flail of Geon {vamp, Str+6}
117838 | Zig:16   | Entered Level 16 of a ziggurat
118004 | Zig:16   | Identified the +11 falchion of Qumnucsa {drain, rElec}
118012 | Zig:16   | Identified the +10 broad axe of Plunder {protect, Dex+4}
118038 | Zig:16   | Identified the amulet "Datis" {Spirit rPois Str+3}
118041 | Zig:16   | Identified the ring of Iriwami {Str+6 Int+2}
118093 | Zig:17   | Entered Level 17 of a ziggurat
118106 | Zig:17   | Noticed a juggernaut
118107 | Zig:17   | Noticed a juggernaut
118110 | Zig:17   | Killed a juggernaut
118111 | Zig:17   | Killed a juggernaut
118358 | Zig:17   | Identified the +5 mace "Lustremych" {speed, *Corrode rElec
                  | Dex+5}
118359 | Zig:17   | Identified the ring of Yqaenag {rF- rN+ Will+ Slay+2}
118361 | Zig:17   | Identified the +5 orcbow "Zeshob" {flame, Str+3 Int+3}
118402 | Zig:18   | Entered Level 18 of a ziggurat
118419 | Zig:18   | Noticed Enwis the pandemonium lord
118419 | Zig:18   | Noticed Yrroivij the pandemonium lord
118420 | Zig:18   | Killed Enwis the pandemonium lord
118420 | Zig:18   | Noticed Tealiuw the pandemonium lord
118420 | Zig:18   | Noticed Goffot the pandemonium lord
118420 | Zig:18   | Noticed Xaavog the pandemonium lord
118421 | Zig:18   | Noticed Enono the pandemonium lord
118430 | Zig:18   | Killed Goffot the pandemonium lord
118431 | Zig:18   | Killed Xaavog the pandemonium lord
118432 | Zig:18   | Killed Tealiuw the pandemonium lord
118432 | Zig:18   | Noticed Aghecoq the pandemonium lord
118434 | Zig:18   | Noticed Amoppil the pandemonium lord
118435 | Zig:18   | Killed Aghecoq the pandemonium lord
118436 | Zig:18   | Killed Yrroivij the pandemonium lord
118436 | Zig:18   | Noticed Zipsebli the pandemonium lord
118437 | Zig:18   | Noticed Etuallit the pandemonium lord
118437 | Zig:18   | Noticed Ingoosch the pandemonium lord
118439 | Zig:18   | Killed Etuallit the pandemonium lord
118440 | Zig:18   | Killed Amoppil the pandemonium lord
118440 | Zig:18   | Killed Zipsebli the pandemonium lord
118443 | Zig:18   | Noticed Rauz the pandemonium lord
118443 | Zig:18   | Noticed Ifu Ucka the pandemonium lord
118444 | Zig:18   | Noticed Casesch the pandemonium lord
118446 | Zig:18   | Killed Rauz the pandemonium lord
118446 | Zig:18   | Killed Casesch the pandemonium lord
118446 | Zig:18   | Killed Ingoosch the pandemonium lord
118447 | Zig:18   | Killed Enono the pandemonium lord
118451 | Zig:18   | Killed Ifu Ucka the pandemonium lord
118453 | Zig:18   | Noticed Aciar the pandemonium lord
118458 | Zig:18   | Noticed Quhomed the pandemonium lord
118461 | Zig:18   | Killed Aciar the pandemonium lord
118461 | Zig:18   | Killed Quhomed the pandemonium lord
118587 | Zig:18   | Found the +5 glaive of the Guard {elec, spectral, AC+5}
118644 | Zig:18   | Identified the amulet "Izarer" {Regen+ rCorr Int+6}
118655 | Zig:18   | Identified the +6 halberd "Dionip" {protect, rPois rF-
                  | Str+4}
118661 | Zig:18   | Identified the staff "Exkied" {rPois rF+ Str+4 Dex-4 Fire}
118666 | Zig:18   | Identified the +0 ring mail of the Thirsty Gods {Str+2
                  | Slay+3}
118673 | Zig:18   | Identified the +1 leather armour of Viraec {Str-3 Dex+5}
118702 | Zig:19   | Entered Level 19 of a ziggurat
118736 | Zig:19   | Found the ring of the Octopus King
118803 | Zig:19   | Identified a ring of the Octopus King {HP+2 MP+9 AC+2 EV+2
                  | SH+2}
118883 | Zig:19   | Identified the +6 mace of Eternity {freeze, rC+ Dex+7}
118884 | Zig:19   | Identified the ring "Wuduih" {*Slow rF+ AC+4 Int+6 Slay+2}
118886 | Zig:19   | Identified the +6 scimitar of Golden Subterfuge {drain,
                  | rPois MP+9 Int+4 Dex-3}
118973 | Zig:19   | Reached skill level 27 in Staves
118985 | Zig:19   | Identified the +5 plate armour of Torphewi {rN+ Str-4
                  | Stlth+}
118987 | Zig:20   | Entered Level 20 of a ziggurat
119037 | Zig:20   | Found the +8 frozen axe "Frostbite" {freeze, freezing
                  | cloud, *Noise Fly rC+}
119053 | Zig:20   | Identified the staff "Orantamp" {+Blink rPois rF+ rC+ Will+
                  | Poison}
119131 | Zig:20   | Identified the +1 leather armour "Reria" {rElec rF+ Will+
                  | Str+4}
119134 | Zig:20   | Identified the +7 hand axe of Due Proportion {heavy, rElec
                  | Int+4 SInv}
119230 | Zig:21   | Entered Level 21 of a ziggurat
119236 | Zig:21   | Noticed a juggernaut
119244 | Zig:21   | Killed a juggernaut
119249 | Zig:21   | Noticed a juggernaut
119253 | Zig:21   | Noticed a juggernaut
119254 | Zig:21   | Killed a juggernaut
119254 | Zig:21   | Noticed a juggernaut
119257 | Zig:21   | Killed a juggernaut
119257 | Zig:21   | Killed a juggernaut
119260 | Zig:21   | Noticed a juggernaut
119262 | Zig:21   | Killed a juggernaut
119269 | Zig:21   | Reached skill level 27 in Translocations
119355 | Zig:21   | Found the +8 whip "Snakebite" {venom, curare, rPois}
119389 | Zig:21   | Identified the ring "Uthenk" {Fly rF+ Int+3}
119391 | Zig:21   | Identified the amulet "Alepuhir" {RegenMP SInv}
119403 | Zig:21   | Identified the +8 long sword of Neurosis {freeze, Will+
                  | Int+4 Dex-2}
119538 | Zig:22   | Entered Level 22 of a ziggurat
119562 | Zig:22   | Reached skill level 27 in Summonings
119581 | Zig:22   | Found the +0 mask of the Dragon {Will+ Slay+3 SInv}
119805 | Zig:22   | Identified the +1 robe of Resilience {*Corrode rF+ MP-9
                  | Str+5 Stlth+}
119820 | Zig:23   | Entered Level 23 of a ziggurat
119846 | Zig:23   | Reached skill level 27 in Evocations
119977 | Zig:23   | Found the +9 sword of Power {lifebolt}
120087 | Zig:23   | Found the +3 Elemental Staff {rElec rF+ rC+ AC+3}
120091 | Zig:23   | Found the +7 great mace "Undeadhunter" {deathbane, rN+}
120097 | Zig:23   | Identified the +1 sling "Ynas" {elec, rPois rN+ Stlth+}
120124 | Zig:23   | Identified the +2 scimitar of Unreason {antimagic, rPois
                  | Dex+3}
120130 | Zig:23   | Identified the +9 arbalest of the Invisible Xenops {penet,
                  | Fly}
120183 | Zig:24   | Entered Level 24 of a ziggurat
120232 | Zig:24   | Noticed an ancient lich
120288 | Zig:24   | Killed an ancient lich
120543 | Zig:24   | Identified the +5 battleaxe "Octopus's Regret" {speed,
                  | Dex+4}
120545 | Zig:24   | Identified the amulet of Ledgh {RegenMP rN+ Will+}
120549 | Zig:24   | Identified the +1 flail of Uceid {flame, rF- rN++ rCorr}
120553 | Zig:24   | Identified the +0 cloak "Uwa Zemm" {Harm rF+}
120568 | Zig:24   | Identified the +3 ring mail "Loomurph" {Rampage rC++ MP+9
                  | Dex-2}
120572 | Zig:24   | Identified the +9 lajatang of Yeast {pain, rCorr Str+4
                  | Stlth-}
120576 | Zig:24   | Identified the +3 morningstar of Hiuwkoon {freeze, +Blink
                  | Str+4}
120581 | Zig:24   | Identified the staff "Deamivem" {rF+ rC+ Str+3 Tloc Fire}
120589 | Zig:24   | Identified the +5 mace of Yredelemnul's Delight {freeze,
                  | Will+}
120628 | Zig:25   | Entered Level 25 of a ziggurat
120639 | Zig:25   | Noticed a juggernaut
120641 | Zig:25   | Noticed a juggernaut
120644 | Zig:25   | Killed a juggernaut
120645 | Zig:25   | Killed a juggernaut
120647 | Zig:25   | Reached skill level 5 in Short Blades
120647 | Zig:25   | Noticed a juggernaut
120649 | Zig:25   | Killed a juggernaut
120654 | Zig:25   | Noticed a juggernaut
120659 | Zig:25   | Killed a juggernaut
120669 | Zig:25   | Reached skill level 10 in Short Blades
120669 | Zig:25   | Reached skill level 27 in Ranged Weapons
120935 | Zig:25   | Identified the +6 rapier "Jelly's Undoing" {heavy, Str+3
                  | Int+3}
120936 | Zig:25   | Identified the ring "Afuthrud" {Ice rPois MP+9 Int-3
                  | Dex+10}
120937 | Zig:25   | Identified the staff "Wovoiji" {*Slow rF+ rCorr Int+3 Fire}
120938 | Zig:25   | Identified the +6 morningstar of Misery {heavy, Contam
                  | rPois Dex+7 Stlth+}
120939 | Zig:25   | Identified the +4 spear of Eternal Harmony {venom, Will+
                  | Int-4 Dex+3 Stlth+}
121050 | Zig:26   | Entered Level 26 of a ziggurat
121079 | Zig:26   | Noticed an ancient lich
121080 | Zig:26   | Reached skill level 15 in Short Blades
121082 | Zig:26   | Killed an ancient lich
121103 | Zig:26   | Found the +3 pair of gauntlets of War {Slay+5}
121422 | Zig:26   | Identified the +0 scale mail of Wu Jian's Whim {rC- Regen+
                  | Int+7}
121439 | Zig:27   | Entered Level 27 of a ziggurat
121497 | Zig:27   | Found the +7 mace of Variability {chaos, chaos arc}
121548 | Zig:27   | Identified the +10 war axe "Osyixej" {flame, rF+ Will+
                  | Dex+2 Stlth-}
122004 | Zig:1    | Entered Level 1 of a ziggurat
122033 | Zig:2    | Entered Level 2 of a ziggurat
122075 | Zig:3    | Entered Level 3 of a ziggurat
122150 | Zig:4    | Entered Level 4 of a ziggurat
122221 | Zig:5    | Entered Level 5 of a ziggurat
122224 | Zig:5    | Noticed a dread lich
122224 | Zig:5    | Noticed an ancient lich
122226 | Zig:5    | Killed an ancient lich
122226 | Zig:5    | Killed a dread lich
122227 | Zig:5    | Noticed a dread lich
122228 | Zig:5    | Killed a dread lich
122266 | Zig:5    | Identified the +4 short sword "Eleah" {heavy, rElec rCorr
                  | Dex+2 Stlth+}
122273 | Zig:5    | Identified the ring "Trusted Companion" {Fire Stlth+}
122279 | Zig:6    | Entered Level 6 of a ziggurat
122281 | Zig:6    | Noticed an orb of fire
122284 | Zig:6    | Noticed an orb of fire
122284 | Zig:6    | Noticed an orb of fire
122286 | Zig:6    | Noticed an orb of fire
122288 | Zig:6    | Noticed an orb of fire
122288 | Zig:6    | Killed an orb of fire
122288 | Zig:6    | Killed an orb of fire
122289 | Zig:6    | Killed an orb of fire
122289 | Zig:6    | Killed an orb of fire
122294 | Zig:6    | Killed an orb of fire
122351 | Zig:6    | Identified the +1 chain mail "Zustrute" {MP+9}
122572 | Zig:7    | Entered Level 7 of a ziggurat
122583 | Zig:7    | Found the dreamshard necklace {Acrobat *Dream}
122583 | Zig:7    | Found the +0 toga "Victory" {*Victory Clar}
122621 | Zig:7    | Identified the +0 helmet of the Realm of Zot {*Slow rElec
                  | rCorr Int-5}
122665 | Zig:8    | Entered Level 8 of a ziggurat
122671 | Zig:8    | Noticed a dread lich
122674 | Zig:8    | Noticed an ancient lich
122676 | Zig:8    | Noticed a dread lich
122676 | Zig:8    | Killed a dread lich
122677 | Zig:8    | Reached skill level 27 in Short Blades
122679 | Zig:8    | Killed a dread lich
122680 | Zig:8    | Killed an ancient lich
122681 | Zig:8    | Reached skill level 5 in Ice Magic
122755 | Zig:8    | Identified the ring "Lycangol" {rF+ rC+ Will+}
122771 | Zig:9    | Entered Level 9 of a ziggurat
123071 | Zig:9    | Identified the +4 rapier of Pujuzo {elec, *Rage Str+3}
123113 | Zig:10   | Entered Level 10 of a ziggurat
123296 | Zig:10   | Identified the amulet of the Heavens {Acrobat rElec rC+}
123298 | Zig:10   | Identified the amulet of Elyvilon's Supremacy {Acrobat
                  | rPois MP+9}
123328 | Zig:10   | Identified the amulet "Yhyvatal" {Acrobat rF+ Will+}
123355 | Zig:11   | Entered Level 11 of a ziggurat
123368 | Zig:11   | Reached skill level 10 in Ice Magic
123375 | Zig:11   | Noticed Gastoick the pandemonium lord
123379 | Zig:11   | Killed Gastoick the pandemonium lord
123404 | Zig:11   | Found the ring of the Octopus King
123472 | Zig:11   | Identified a ring of the Octopus King {rF+ HP+2 AC+2 EV+2
                  | SH+2}
123498 | Zig:12   | Entered Level 12 of a ziggurat
123515 | Zig:12   | Found the +10 Black Knight's barding {ponderous, rPois rN+}
123580 | Zig:12   | Got the Directory of Power
123590 | Zig:12   | Identified the staff of the Lettuce {rPois rN+ Necro}
123728 | Zig:13   | Entered Level 13 of a ziggurat
123752 | Zig:13   | Noticed Oboynif the pandemonium lord
123755 | Zig:13   | Killed Oboynif the pandemonium lord
123810 | Zig:13   | Found the +2 hood of the Assassin {Detect Stab+ Stlth++}
123867 | Zig:13   | Identified the staff "Orb Guardian's Regret" {rElec rPois
                  | rN+ Dex+2 Necro}
123940 | Zig:13   | Identified the +1 chain mail of Focus {+Inv rPois Will-
                  | Str+5}
123964 | Zig:14   | Entered Level 14 of a ziggurat
123978 | Zig:14   | Reached skill level 15 in Ice Magic
124178 | Zig:14   | Identified the +0 scale mail of Oqulo {rPois Dex+4}
124226 | Zig:15   | Entered Level 15 of a ziggurat
124233 | Zig:15   | Noticed a juggernaut
124238 | Zig:15   | Killed a juggernaut
124239 | Zig:15   | Noticed a juggernaut
124243 | Zig:15   | Killed a juggernaut
124434 | Zig:15   | Identified the ring of Daffodils {Ice Will+}
124447 | Zig:15   | Identified the ring of Butchery {rPois SInv}
124502 | Zig:16   | Entered Level 16 of a ziggurat
124530 | Zig:16   | Found the +6 Majin-Bo {spellvamp, MP+6 Int+6}
124531 | Zig:16   | Found the +5 robe of Night {Dark Will+ SInv}
124533 | Zig:16   | Found the ring of the Octopus King
124589 | Zig:16   | Identified a ring of the Octopus King {rN+ HP+2 AC+2 EV+2
                  | SH+2}
124593 | Zig:16   | Identified the +1 sling of Premature Burial {freeze, Int-4
                  | Dex+4}
124595 | Zig:16   | Identified the +3 orcbow of Conversion {antimagic, Int+3}
124648 | Zig:16   | Identified the ring "Jiexopp" {rElec rPois rF+ Str+2 Dex+2}
124696 | Zig:16   | Acquired 696 gold pieces
124697 | Zig:16   | Acquired 488 gold pieces
124701 | Zig:17   | Entered Level 17 of a ziggurat
124711 | Zig:17   | Noticed a dread lich
124716 | Zig:17   | Killed a dread lich
124716 | Zig:17   | Noticed a dread lich
124717 | Zig:17   | Noticed an ancient lich
124719 | Zig:17   | Killed a dread lich
124719 | Zig:17   | Killed an ancient lich
124720 | Zig:17   | Noticed a dread lich
124721 | Zig:17   | Noticed an ancient lich
124721 | Zig:17   | Noticed a dread lich
124722 | Zig:17   | Noticed an ancient lich
124722 | Zig:17   | Noticed an ancient lich
124723 | Zig:17   | Killed a dread lich
124724 | Zig:17   | Killed a dread lich
124724 | Zig:17   | Killed an ancient lich
124724 | Zig:17   | Killed an ancient lich
124725 | Zig:17   | Killed an ancient lich
124809 | Zig:17   | Found the +10 morningstar "Eos" {elec, Halo rElec}
124822 | Zig:17   | Identified the ring of Dishonesty {Ice rPois Will+}
124825 | Zig:17   | Identified the +6 quarterstaff of Conscience {antimagic,
                  | rElec Str+5 Int-5}
124837 | Zig:17   | Identified the +1 ring mail "Gicrafoxai" {rElec Will-
                  | Dex+2}
124846 | Zig:17   | Identified the ring "Jiesypiz" {Str+3 Dex+6}
125010 | Zig:18   | Entered Level 18 of a ziggurat
125038 | Zig:18   | Noticed a dread lich
125047 | Zig:18   | Killed a dread lich
125203 | Zig:18   | Found the ring of the Octopus King
125259 | Zig:18   | Identified the +1 short sword of Fitud {heavy, Dex+2}
125260 | Zig:18   | Identified the +1 longbow "Myatzam" {heavy, rF+ Str+5}
125269 | Zig:18   | Identified the ring "Myuwasie" {Fly rElec EV+5 Int+2 Dex-5}
125274 | Zig:18   | Identified a ring of the Octopus King {rC+ HP+2 AC+2 EV+2
                  | SH+2}
125285 | Zig:18   | Identified the ring "Ruephid" {rElec Dex+5 SInv}
125297 | Zig:18   | Identified the +3 robe of the Sandy Sturgeon {rF+ SInv}
125298 | Zig:18   | Identified the +0 plate armour of Unreason {rF+ Int+2
                  | Stlth+}
125338 | Zig:18   | Learned a level 9 spell: Polar Vortex
125340 | Zig:18   | Learned a level 1 spell: Apportation
125364 | Zig:19   | Entered Level 19 of a ziggurat
125370 | Zig:19   | Noticed a royal mummy
125374 | Zig:19   | Noticed a royal mummy
125375 | Zig:19   | Noticed a royal mummy
125378 | Zig:19   | Noticed a royal mummy
125380 | Zig:19   | Noticed a royal mummy
125380 | Zig:19   | Killed a royal mummy
125380 | Zig:19   | Noticed a royal mummy
125381 | Zig:19   | Killed a royal mummy
125381 | Zig:19   | Killed a royal mummy
125381 | Zig:19   | Killed a royal mummy
125381 | Zig:19   | Noticed a royal mummy
125381 | Zig:19   | Noticed a royal mummy
125382 | Zig:19   | Killed a royal mummy
125382 | Zig:19   | Noticed a royal mummy
125385 | Zig:19   | Killed a royal mummy
125385 | Zig:19   | Killed a royal mummy
125385 | Zig:19   | Killed a royal mummy
125387 | Zig:19   | Noticed a royal mummy
125390 | Zig:19   | Killed a royal mummy
125395 | Zig:19   | Killed a royal mummy
125396 | Zig:19   | Noticed a royal mummy
125400 | Zig:19   | Killed a royal mummy
125780 | Zig:19   | Identified the ring of the Present {rElec rF+ Dex+6}
125808 | Zig:19   | Identified the staff of Integrity {rF++ Str+3 Earth}
125996 | Zig:20   | Entered Level 20 of a ziggurat
126024 | Zig:20   | Reached skill level 27 in Necromancy
126035 | Zig:20   | Found the +10 zealot's sword {holy, Zealotry, *Rage rN+
                  | EV+3}
126038 | Zig:20   | Found the +3 giant club "Skullcrusher" {speed, Str+7}
126270 | Zig:20   | Identified the ring of Ridibiyh {+Blink rF+ Str-2 Dex+6}
126292 | Zig:20   | Identified the +7 mace "Erunawk" {heavy, rC+}
126314 | Zig:20   | Identified the staff "Orooraopn" {rCorr Conj}
126379 | Zig:21   | Entered Level 21 of a ziggurat
126387 | Zig:21   | Noticed Mysofafov the pandemonium lord
126393 | Zig:21   | Noticed Judwuika the pandemonium lord
126394 | Zig:21   | Noticed Iraboomo the pandemonium lord
126394 | Zig:21   | Noticed Setedas the pandemonium lord
126394 | Zig:21   | Noticed Xavimum the pandemonium lord
126397 | Zig:21   | Noticed Hyaqaata the pandemonium lord
126398 | Zig:21   | Killed Judwuika the pandemonium lord
126398 | Zig:21   | Noticed Iklu the pandemonium lord
126399 | Zig:21   | Killed Iraboomo the pandemonium lord
126399 | Zig:21   | Killed Setedas the pandemonium lord
126399 | Zig:21   | Killed Xavimum the pandemonium lord
126400 | Zig:21   | Killed Mysofafov the pandemonium lord
126400 | Zig:21   | Noticed Tein the pandemonium lord
126400 | Zig:21   | Noticed Beb Xora the pandemonium lord
126400 | Zig:21   | Noticed Amunaled the pandemonium lord
126401 | Zig:21   | Killed Hyaqaata the pandemonium lord
126401 | Zig:21   | Noticed Cacses the pandemonium lord
126403 | Zig:21   | Killed Amunaled the pandemonium lord
126404 | Zig:21   | Reached skill level 27 in Ice Magic
126404 | Zig:21   | Killed Tein the pandemonium lord
126404 | Zig:21   | Noticed Ixexuwnaeps the pandemonium lord
126404 | Zig:21   | Noticed Tiaqo the pandemonium lord
126405 | Zig:21   | Noticed Jaest the pandemonium lord
126405 | Zig:21   | Noticed Xext the pandemonium lord
126406 | Zig:21   | Killed Beb Xora the pandemonium lord
126407 | Zig:21   | Noticed Hiletug the pandemonium lord
126408 | Zig:21   | Noticed Erriol the pandemonium lord
126409 | Zig:21   | Noticed Qoal the pandemonium lord
126410 | Zig:21   | Reached skill level 27 in Transmutations
126410 | Zig:21   | Reached skill level 1 in Unarmed Combat
126410 | Zig:21   | Killed Erriol the pandemonium lord
126410 | Zig:21   | Noticed Ygidysech the pandemonium lord
126411 | Zig:21   | Killed Cacses the pandemonium lord
126411 | Zig:21   | Killed Tiaqo the pandemonium lord
126411 | Zig:21   | Killed Jaest the pandemonium lord
126411 | Zig:21   | Killed Xext the pandemonium lord
126411 | Zig:21   | Noticed Notrodolypt the pandemonium lord
126411 | Zig:21   | Noticed Diuvud the pandemonium lord
126411 | Zig:21   | Killed Hiletug the pandemonium lord
126412 | Zig:21   | Noticed Heas the pandemonium lord
126413 | Zig:21   | Killed Ixexuwnaeps the pandemonium lord
126414 | Zig:21   | Killed Notrodolypt the pandemonium lord
126414 | Zig:21   | Killed Ygidysech the pandemonium lord
126414 | Zig:21   | Killed Diuvud the pandemonium lord
126414 | Zig:21   | Noticed Ihoap the pandemonium lord
126414 | Zig:21   | Noticed Cutir the pandemonium lord
126415 | Zig:21   | Reached skill level 10 in Unarmed Combat
126415 | Zig:21   | Noticed Goptam the pandemonium lord
126415 | Zig:21   | Noticed Foinuor the pandemonium lord
126417 | Zig:21   | Noticed Viowoej the pandemonium lord
126417 | Zig:21   | Noticed Uschib the pandemonium lord
126418 | Zig:21   | Noticed Xaheril the pandemonium lord
126418 | Zig:21   | Noticed Hunn the pandemonium lord
126419 | Zig:21   | Noticed Benwumna the pandemonium lord
126419 | Zig:21   | Noticed Haiqoen the pandemonium lord
126419 | Zig:21   | Noticed Xuhich the pandemonium lord
126419 | Zig:21   | Noticed Homepli the pandemonium lord
126419 | Zig:21   | Noticed Leqax the pandemonium lord
126420 | Zig:21   | Noticed Ashruh the pandemonium lord
126420 | Zig:21   | Killed Ashruh the pandemonium lord
126420 | Zig:21   | Killed Heas the pandemonium lord
126420 | Zig:21   | Killed Goptam the pandemonium lord
126420 | Zig:21   | Killed Qoal the pandemonium lord
126420 | Zig:21   | Killed Foinuor the pandemonium lord
126420 | Zig:21   | Killed Ihoap the pandemonium lord
126421 | Zig:21   | Killed Cutir the pandemonium lord
126421 | Zig:21   | Killed Leqax the pandemonium lord
126421 | Zig:21   | Killed Viowoej the pandemonium lord
126421 | Zig:21   | Noticed Ikeso the pandemonium lord
126421 | Zig:21   | Noticed Tacu the pandemonium lord
126422 | Zig:21   | Killed Uschib the pandemonium lord
126422 | Zig:21   | Killed Hunn the pandemonium lord
126422 | Zig:21   | Killed Xaheril the pandemonium lord
126422 | Zig:21   | Killed Iklu the pandemonium lord
126422 | Zig:21   | Killed Xuhich the pandemonium lord
126422 | Zig:21   | Noticed Qoesur the pandemonium lord
126423 | Zig:21   | Killed Benwumna the pandemonium lord
126425 | Zig:21   | Killed Homepli the pandemonium lord
126426 | Zig:21   | Killed Haiqoen the pandemonium lord
126426 | Zig:21   | Killed Ikeso the pandemonium lord
126427 | Zig:21   | Reached skill level 15 in Unarmed Combat
126430 | Zig:21   | Killed Qoesur the pandemonium lord
126433 | Zig:21   | Killed Tacu the pandemonium lord
126749 | Zig:21   | Identified the ring "Betism" {rPois rC+++ AC+4 Int+2
                  | Slay-3}
126753 | Zig:21   | Identified the ring of Jefi {Contam Fly rElec rC+ rCorr}
126761 | Zig:21   | Identified the +1 dagger of Infection {drain, rF+ Str+2}
126807 | Zig:22   | Entered Level 22 of a ziggurat
126832 | Zig:22   | Noticed a dread lich
126835 | Zig:22   | Killed a dread lich
127049 | Zig:22   | Identified the +7 short sword "Imp's Regret" {freeze,
                  | Will+}
127051 | Zig:22   | Identified the amulet "Vairum" {RegenMP *Slow Int+5}
127056 | Zig:22   | Identified the ring "Amnaem" {Wiz rF+ Dex+3}
127057 | Zig:22   | Identified the +3 scimitar of Gula {pain, *Rage +Blink
                  | rCorr Int+3}
127058 | Zig:22   | Identified the ring "Zusi" {Ice MP+9 Stlth+}
127059 | Zig:22   | Identified the staff of Welfare {rN+ rCorr Dex+2 Conj}
127060 | Zig:22   | Identified the +5 orcbow of Laceration {flame, *Corrode
                  | rPois Str+4 Int+3}
127096 | Zig:22   | Identified the staff "Goufudik" {rF+ rC+ Ice}
127100 | Zig:22   | Identified the +0 ring mail of Apathy {rC+}
127101 | Zig:22   | Identified the staff of Dithmenos's Approval {rN+ Str+2
                  | Dex+4 Necro}
127177 | Zig:22   | Identified the +1 leather armour of the Spider Nest {+Inv
                  | rC+ Will+}
127182 | Zig:23   | Entered Level 23 of a ziggurat
127187 | Zig:23   | Noticed a juggernaut
127195 | Zig:23   | Killed a juggernaut
127195 | Zig:23   | Noticed a juggernaut
127196 | Zig:23   | Noticed a juggernaut
127197 | Zig:23   | Noticed a juggernaut
127198 | Zig:23   | Killed a juggernaut
127199 | Zig:23   | Killed a juggernaut
127201 | Zig:23   | Noticed a juggernaut
127201 | Zig:23   | Noticed a juggernaut
127204 | Zig:23   | Killed a juggernaut
127205 | Zig:23   | Killed a juggernaut
127206 | Zig:23   | Killed a juggernaut
127207 | Zig:23   | Noticed a juggernaut
127207 | Zig:23   | Noticed a juggernaut
127208 | Zig:23   | Noticed a juggernaut
127210 | Zig:23   | Noticed a juggernaut
127212 | Zig:23   | Killed a juggernaut
127213 | Zig:23   | Noticed a juggernaut
127213 | Zig:23   | Noticed a juggernaut
127213 | Zig:23   | Killed a juggernaut
127213 | Zig:23   | Killed a juggernaut
127213 | Zig:23   | Killed a juggernaut
127213 | Zig:23   | Killed a juggernaut
127213 | Zig:23   | Killed a juggernaut
127217 | Zig:23   | Reached skill level 27 in Unarmed Combat
127217 | Zig:23   | Noticed a juggernaut
127218 | Zig:23   | Reached skill level 1 in Long Blades
127218 | Zig:23   | Reached skill level 1 in Axes
127218 | Zig:23   | Reached skill level 1 in Polearms
127218 | Zig:23   | Reached skill level 1 in Invocations
127219 | Zig:23   | Reached skill level 1 in Poison Magic
127225 | Zig:23   | Killed a juggernaut
127226 | Zig:23   | Reached skill level 5 in Throwing
127240 | Zig:23   | Found the +9 staff of Olgreb {rPois∞}
127439 | Zig:23   | Found the +2 cloak of the Thief {*Fog Slay-2 SInv Stlth+}
127439 | Zig:23   | Found the +12 pair of quick blades "Gyre" and "Gimble"
                  | {protect}
127458 | Zig:23   | Identified the ring "Fowiloel" {Fly rF+ Int+7 Dex-5 Slay+5}
127465 | Zig:23   | Identified the ring of Biubehoeh {Drain Will++ AC+4}
127474 | Zig:23   | Identified the amulet "Botry" {Reflect -Cast +Blink Fly
                  | rF++ SH+5}
127492 | Zig:23   | Reached skill level 5 in Maces & Flails
127492 | Zig:23   | Reached skill level 5 in Invocations
127532 | Zig:23   | Identified the +2 pearl dragon scales of Classification
                  | {rF+ rN+ Dex+4}
127537 | Zig:23   | Identified the +1 pair of gloves of Ves Eloh {Fly Int+4}
127543 | Zig:24   | Entered Level 24 of a ziggurat
127562 | Zig:24   | Noticed Lepnuj the pandemonium lord
127562 | Zig:24   | Noticed Ybedatel the pandemonium lord
127563 | Zig:24   | Noticed Deruluebb the pandemonium lord
127564 | Zig:24   | Noticed Ybitel the pandemonium lord
127565 | Zig:24   | Noticed Syecru the pandemonium lord
127565 | Zig:24   | Noticed Veg Own the pandemonium lord
127565 | Zig:24   | Noticed Oluy the pandemonium lord
127569 | Zig:24   | Noticed Quefon the pandemonium lord
127570 | Zig:24   | Noticed Juabb the pandemonium lord
127570 | Zig:24   | Noticed Zofipamu the pandemonium lord
127571 | Zig:24   | Killed Ybedatel the pandemonium lord
127571 | Zig:24   | Killed Deruluebb the pandemonium lord
127571 | Zig:24   | Killed Lepnuj the pandemonium lord
127571 | Zig:24   | Killed Veg Own the pandemonium lord
127571 | Zig:24   | Killed Ybitel the pandemonium lord
127572 | Zig:24   | Reached skill level 5 in Polearms
127572 | Zig:24   | Noticed Enahiu the pandemonium lord
127572 | Zig:24   | Noticed Ryovoump the pandemonium lord
127572 | Zig:24   | Noticed Atzuoda the pandemonium lord
127572 | Zig:24   | Noticed Hut Jir the pandemonium lord
127572 | Zig:24   | Noticed Innirhoi the pandemonium lord
127574 | Zig:24   | Killed Quefon the pandemonium lord
127574 | Zig:24   | Killed Juabb the pandemonium lord
127574 | Zig:24   | Killed Oluy the pandemonium lord
127574 | Zig:24   | Noticed Aneggef the pandemonium lord
127574 | Zig:24   | Noticed Lyigik the pandemonium lord
127575 | Zig:24   | Reached skill level 5 in Poison Magic
127575 | Zig:24   | Killed Syecru the pandemonium lord
127575 | Zig:24   | Killed Ryovoump the pandemonium lord
127576 | Zig:24   | Killed Hut Jir the pandemonium lord
127576 | Zig:24   | Killed Enahiu the pandemonium lord
127576 | Zig:24   | Killed Zofipamu the pandemonium lord
127576 | Zig:24   | Killed Aneggef the pandemonium lord
127577 | Zig:24   | Noticed Meecsiw the pandemonium lord
127578 | Zig:24   | Noticed Dab Mopt the pandemonium lord
127580 | Zig:24   | Killed Atzuoda the pandemonium lord
127580 | Zig:24   | Noticed Huufiaku the pandemonium lord
127580 | Zig:24   | Noticed Plog the pandemonium lord
127583 | Zig:24   | Noticed Ydekoschy the pandemonium lord
127583 | Zig:24   | Noticed Xuosh the pandemonium lord
127584 | Zig:24   | Killed Innirhoi the pandemonium lord
127584 | Zig:24   | Killed Plog the pandemonium lord
127585 | Zig:24   | Killed Xuosh the pandemonium lord
127585 | Zig:24   | Killed Huufiaku the pandemonium lord
127585 | Zig:24   | Killed Meecsiw the pandemonium lord
127585 | Zig:24   | Killed Dab Mopt the pandemonium lord
127585 | Zig:24   | Noticed Qameips the pandemonium lord
127586 | Zig:24   | Killed Lyigik the pandemonium lord
127586 | Zig:24   | Noticed Xiagoguj the pandemonium lord
127586 | Zig:24   | Noticed Abuwyc the pandemonium lord
127592 | Zig:24   | Killed Ydekoschy the pandemonium lord
127593 | Zig:24   | Killed Qameips the pandemonium lord
127595 | Zig:24   | Noticed Pumeass the pandemonium lord
127596 | Zig:24   | Noticed Qiorph the pandemonium lord
127596 | Zig:24   | Noticed Becwuh the pandemonium lord
127596 | Zig:24   | Killed Xiagoguj the pandemonium lord
127596 | Zig:24   | Killed Abuwyc the pandemonium lord
127597 | Zig:24   | Noticed Emubbaip the pandemonium lord
127597 | Zig:24   | Noticed Duzixkaa the pandemonium lord
127598 | Zig:24   | Killed Qiorph the pandemonium lord
127598 | Zig:24   | Killed Duzixkaa the pandemonium lord
127599 | Zig:24   | Killed Becwuh the pandemonium lord
127599 | Zig:24   | Killed Emubbaip the pandemonium lord
127603 | Zig:24   | Noticed Gasuutus the pandemonium lord
127603 | Zig:24   | Noticed Hadoscho the pandemonium lord
127607 | Zig:24   | Noticed Voan the pandemonium lord
127607 | Zig:24   | Noticed Qiankyduf the pandemonium lord
127608 | Zig:24   | Noticed Gamnac the pandemonium lord
127608 | Zig:24   | Noticed Surchih the pandemonium lord
127609 | Zig:24   | Noticed Aqe Loweu the pandemonium lord
127610 | Zig:24   | Noticed Siubeut the pandemonium lord
127610 | Zig:24   | Noticed Cunlipp the pandemonium lord
127610 | Zig:24   | Noticed Zogej the pandemonium lord
127610 | Zig:24   | Noticed Lieniej the pandemonium lord
127612 | Zig:24   | Killed Siubeut the pandemonium lord
127612 | Zig:24   | Killed Qiankyduf the pandemonium lord
127613 | Zig:24   | Killed Zogej the pandemonium lord
127613 | Zig:24   | Killed Pumeass the pandemonium lord
127614 | Zig:24   | Reached skill level 10 in Throwing
127614 | Zig:24   | Reached skill level 10 in Invocations
127614 | Zig:24   | Killed Surchih the pandemonium lord
127615 | Zig:24   | Killed Gasuutus the pandemonium lord
127616 | Zig:24   | Killed Lieniej the pandemonium lord
127616 | Zig:24   | Killed Hadoscho the pandemonium lord
127621 | Zig:24   | Noticed Hitokole the pandemonium lord
127623 | Zig:24   | Killed Cunlipp the pandemonium lord
127625 | Zig:24   | Killed Gamnac the pandemonium lord
127625 | Zig:24   | Killed Voan the pandemonium lord
127626 | Zig:24   | Reached skill level 10 in Long Blades
127626 | Zig:24   | Reached skill level 10 in Axes
127626 | Zig:24   | Reached skill level 10 in Maces & Flails
127626 | Zig:24   | Killed Hitokole the pandemonium lord
127627 | Zig:24   | Killed Aqe Loweu the pandemonium lord
127628 | Zig:24   | Noticed Luargh the pandemonium lord
127631 | Zig:24   | Noticed Vetydeco the pandemonium lord
127635 | Zig:24   | Killed Vetydeco the pandemonium lord
127636 | Zig:24   | Reached skill level 10 in Polearms
127636 | Zig:24   | Noticed Saet the pandemonium lord
127638 | Zig:24   | Noticed Ekyg the pandemonium lord
127638 | Zig:24   | Killed Luargh the pandemonium lord
127642 | Zig:24   | Killed Ekyg the pandemonium lord
127642 | Zig:24   | Killed Saet the pandemonium lord
127882 | Zig:24   | Identified the staff of Unpleasantness {Str+4 Earth}
127890 | Zig:24   | Identified the +7 sling of Defence {flame, rN+ Dex+4}
127921 | Zig:24   | Identified the ring of Summertime {Dex+6 SInv}
127996 | Zig:25   | Entered Level 25 of a ziggurat
128025 | Zig:25   | Noticed an ancient lich
128030 | Zig:25   | Noticed an ancient lich
128033 | Zig:25   | Killed an ancient lich
128036 | Zig:25   | Noticed an ancient lich
128037 | Zig:25   | Noticed a dread lich
128037 | Zig:25   | Noticed an ancient lich
128037 | Zig:25   | Noticed a dread lich
128037 | Zig:25   | Noticed an ancient lich
128040 | Zig:25   | Noticed an ancient lich
128040 | Zig:25   | Noticed an ancient lich
128041 | Zig:25   | Reached skill level 10 in Poison Magic
128041 | Zig:25   | Noticed an ancient lich
128041 | Zig:25   | Killed an ancient lich
128042 | Zig:25   | Killed a dread lich
128042 | Zig:25   | Killed an ancient lich
128043 | Zig:25   | Killed an ancient lich
128043 | Zig:25   | Killed an ancient lich
128043 | Zig:25   | Killed a dread lich
128043 | Zig:25   | Killed an ancient lich
128043 | Zig:25   | Killed an ancient lich
128044 | Zig:25   | Noticed a dread lich
128045 | Zig:25   | Killed an ancient lich
128046 | Zig:25   | Killed a dread lich
128047 | Zig:25   | Noticed an ancient lich
128048 | Zig:25   | Noticed an ancient lich
128051 | Zig:25   | Noticed a dread lich
128051 | Zig:25   | Killed an ancient lich
128051 | Zig:25   | Killed an ancient lich
128053 | Zig:25   | Noticed an ancient lich
128061 | Zig:25   | Killed a dread lich
128064 | Zig:25   | Killed an ancient lich
128068 | Zig:25   | Found the +8 autumn katana {manifold assault}
128144 | Zig:25   | Found the +4 skin of Zhor {*Englaciate rC+++ SInv}
128166 | Zig:25   | Reached skill level 15 in Axes
128166 | Zig:25   | Reached skill level 15 in Throwing
128176 | Zig:25   | Identified the +3 lajatang "Ogreslayer" {flame, Str+2}
128520 | Zig:26   | Entered Level 26 of a ziggurat
128548 | Zig:26   | Reached skill level 15 in Maces & Flails
128549 | Zig:26   | Reached skill level 15 in Polearms
128555 | Zig:26   | Reached skill level 15 in Invocations
128563 | Zig:26   | Reached skill level 15 in Long Blades
128801 | Zig:26   | Identified the +3 lajatang "Biun" {drain, rPois rC+ rCorr
                  | Dex+3}
128845 | Zig:26   | Identified the +9 scimitar "Feutumn" {protect, *Noise rC++}
128850 | Zig:26   | Identified the staff of the Dancing Oracle {rElec rC+ Dex+3
                  | Stlth+ Ice}
128884 | Zig:26   | Identified the +3 war axe of the Tired Stars {protect,
                  | rElec rF+++ rC- SInv}
128885 | Zig:26   | Identified the +11 orcbow of Joeh Hoa {freeze, rF+ rC-
                  | Str+4 Dex+7}
129022 | Zig:27   | Entered Level 27 of a ziggurat
129036 | Zig:27   | Noticed Qesoser the pandemonium lord
129037 | Zig:27   | Noticed Zogelu the pandemonium lord
129037 | Zig:27   | Noticed Yxziunna the pandemonium lord
129041 | Zig:27   | Killed Qesoser the pandemonium lord
129042 | Zig:27   | Killed Zogelu the pandemonium lord
129043 | Zig:27   | Noticed Hitsej the pandemonium lord
129045 | Zig:27   | Noticed Fuihonax the pandemonium lord
129049 | Zig:27   | Noticed Wetsihau the pandemonium lord
129049 | Zig:27   | Killed Fuihonax the pandemonium lord
129050 | Zig:27   | Noticed Lume the pandemonium lord
129050 | Zig:27   | Noticed Jihaos the pandemonium lord
129050 | Zig:27   | Noticed Tishry the pandemonium lord
129050 | Zig:27   | Noticed Xophir the pandemonium lord
129051 | Zig:27   | Noticed Isig the pandemonium lord
129051 | Zig:27   | Killed Yxziunna the pandemonium lord
129051 | Zig:27   | Noticed Ideufur the pandemonium lord
129052 | Zig:27   | Noticed Asamohipt the pandemonium lord
129052 | Zig:27   | Killed Hitsej the pandemonium lord
129053 | Zig:27   | Noticed Asyn the pandemonium lord
129053 | Zig:27   | Noticed Jivvox the pandemonium lord
129054 | Zig:27   | Killed Wetsihau the pandemonium lord
129054 | Zig:27   | Noticed Iteinnyr the pandemonium lord
129055 | Zig:27   | Noticed Megaunn the pandemonium lord
129055 | Zig:27   | Killed Lume the pandemonium lord
129055 | Zig:27   | Noticed Nell the pandemonium lord
129056 | Zig:27   | Noticed Sicoeh the pandemonium lord
129056 | Zig:27   | Noticed Faurazen the pandemonium lord
129056 | Zig:27   | Killed Ideufur the pandemonium lord
129058 | Zig:27   | Noticed Gyzef the pandemonium lord
129058 | Zig:27   | Noticed Ohod Yho the pandemonium lord
129058 | Zig:27   | Killed Jihaos the pandemonium lord
129058 | Zig:27   | Noticed Mygiequrgh the pandemonium lord
129059 | Zig:27   | Killed Asyn the pandemonium lord
129059 | Zig:27   | Killed Ohod Yho the pandemonium lord
129059 | Zig:27   | Killed Iteinnyr the pandemonium lord
129059 | Zig:27   | Killed Asamohipt the pandemonium lord
129059 | Zig:27   | Killed Mygiequrgh the pandemonium lord
129059 | Zig:27   | Killed Gemu the pandemonium lord
129059 | Zig:27   | Noticed Dezih the pandemonium lord
129059 | Zig:27   | Killed Sicoeh the pandemonium lord
129060 | Zig:27   | Reached skill level 15 in Poison Magic
129060 | Zig:27   | Killed Megaunn the pandemonium lord
129060 | Zig:27   | Killed Nell the pandemonium lord
129060 | Zig:27   | Noticed Lorhusa the pandemonium lord
129060 | Zig:27   | Killed Faurazen the pandemonium lord
129061 | Zig:27   | Killed Isig the pandemonium lord
129061 | Zig:27   | Killed Jivvox the pandemonium lord
129061 | Zig:27   | Killed Gyzef the pandemonium lord
129061 | Zig:27   | Noticed Cisyh the pandemonium lord
129061 | Zig:27   | Noticed Nicaus the pandemonium lord
129061 | Zig:27   | Noticed Roquochi the pandemonium lord
129062 | Zig:27   | Killed Lorhusa the pandemonium lord
129062 | Zig:27   | Killed Xophir the pandemonium lord
129063 | Zig:27   | Killed Roquochi the pandemonium lord
129064 | Zig:27   | Noticed Fyab the pandemonium lord
129064 | Zig:27   | Noticed Acopint the pandemonium lord
129064 | Zig:27   | Noticed Ycoijex the pandemonium lord
129064 | Zig:27   | Noticed Xangukiss the pandemonium lord
129064 | Zig:27   | Noticed Eneco the pandemonium lord
129065 | Zig:27   | Killed Tishry the pandemonium lord
129065 | Zig:27   | Noticed Giysmoaf the pandemonium lord
129066 | Zig:27   | Noticed Qaqoabb the pandemonium lord
129066 | Zig:27   | Killed Fyab the pandemonium lord
129066 | Zig:27   | Killed Ycoijex the pandemonium lord
129066 | Zig:27   | Noticed Beduycir the pandemonium lord
129068 | Zig:27   | Killed Dezih the pandemonium lord
129068 | Zig:27   | Noticed Udwuz the pandemonium lord
129070 | Zig:27   | Killed Nicaus the pandemonium lord
129070 | Zig:27   | Killed Giysmoaf the pandemonium lord
129070 | Zig:27   | Noticed Beupsaal the pandemonium lord
129070 | Zig:27   | Noticed Voiwarus the pandemonium lord
129071 | Zig:27   | Killed Cisyh the pandemonium lord
129071 | Zig:27   | Noticed Ubrylots the pandemonium lord
129072 | Zig:27   | Noticed Veneng the pandemonium lord
129072 | Zig:27   | Noticed Bydomus the pandemonium lord
129072 | Zig:27   | Noticed Goer the pandemonium lord
129073 | Zig:27   | Killed Acopint the pandemonium lord
129073 | Zig:27   | Killed Xangukiss the pandemonium lord
129073 | Zig:27   | Killed Beduycir the pandemonium lord
129073 | Zig:27   | Noticed Rett the pandemonium lord
129073 | Zig:27   | Noticed Ronaill the pandemonium lord
129077 | Zig:27   | Killed Eneco the pandemonium lord
129077 | Zig:27   | Killed Voiwarus the pandemonium lord
129078 | Zig:27   | Killed Beupsaal the pandemonium lord
129078 | Zig:27   | Killed Qaqoabb the pandemonium lord
129078 | Zig:27   | Killed Ubrylots the pandemonium lord
129080 | Zig:27   | Killed Udwuz the pandemonium lord
129082 | Zig:27   | Killed Ronaill the pandemonium lord
129084 | Zig:27   | Noticed Unisom the pandemonium lord
129084 | Zig:27   | Noticed Gulysyf the pandemonium lord
129084 | Zig:27   | Noticed Gap Inib the pandemonium lord
129085 | Zig:27   | Killed Bydomus the pandemonium lord
129085 | Zig:27   | Noticed Wuroul the pandemonium lord
129089 | Zig:27   | Killed Goer the pandemonium lord
129089 | Zig:27   | Killed Unisom the pandemonium lord
129089 | Zig:27   | Killed Gulysyf the pandemonium lord
129090 | Zig:27   | Killed Gap Inib the pandemonium lord
129090 | Zig:27   | Killed Wuroul the pandemonium lord
129091 | Zig:27   | Noticed Aduem the pandemonium lord
129091 | Zig:27   | Noticed Aprogic the pandemonium lord
129092 | Zig:27   | Noticed Tugigig the pandemonium lord
129094 | Zig:27   | Noticed Ozximitz the pandemonium lord
129094 | Zig:27   | Noticed Pilo the pandemonium lord
129094 | Zig:27   | Noticed Jifofin the pandemonium lord
129095 | Zig:27   | Noticed Wong the pandemonium lord
129096 | Zig:27   | Noticed Puihothe the pandemonium lord
129097 | Zig:27   | Killed Veneng the pandemonium lord
129098 | Zig:27   | Killed Aprogic the pandemonium lord
129098 | Zig:27   | Killed Rett the pandemonium lord
129099 | Zig:27   | Killed Aduem the pandemonium lord
129099 | Zig:27   | Killed Pilo the pandemonium lord
129100 | Zig:27   | Killed Ozximitz the pandemonium lord
129102 | Zig:27   | Noticed Vipses the pandemonium lord
129103 | Zig:27   | Killed Wong the pandemonium lord
129103 | Zig:27   | Killed Jifofin the pandemonium lord
129103 | Zig:27   | Killed Tugigig the pandemonium lord
129106 | Zig:27   | Killed Vipses the pandemonium lord
129124 | Zig:27   | Killed Puihothe the pandemonium lord
129164 | Zig:27   | Found the +16 obsidian axe {drain, demonic, Mesm Drain Fly
                  | SInv}
129507 | Zig:27   | Identified the +7 ring mail of Gozag's Righteous Fury
                  | {Will+ Int+3 Stlth-}
129677 | Depths:2 | Upgraded the game from 0.31-a0-219-g8d62b2e7bb to
                  | 0.31-a0-221-gbddc013574
129696 | Zig:1    | Entered Level 1 of a ziggurat
129696 | Zig:1    | Noticed an ancient lich
129696 | Zig:1    | Noticed an ancient lich
129698 | Zig:1    | Killed an ancient lich
129698 | Zig:1    | Killed an ancient lich
129724 | Zig:2    | Entered Level 2 of a ziggurat
129740 | Zig:2    | Identified the +3 whip of the Puffin {spect, rElec}
129765 | Zig:3    | Entered Level 3 of a ziggurat
129765 | Zig:3    | Noticed a juggernaut
129767 | Zig:3    | Killed a juggernaut
129785 | Zig:3    | Identified the ring of Jofuhoab {rCorr SInv}
129789 | Zig:3    | Identified the +3 rapier "Fonoon" {heavy, Fly SInv}
129792 | Zig:4    | Entered Level 4 of a ziggurat
129889 | Zig:5    | Entered Level 5 of a ziggurat
129904 | Zig:5    | Found the +5 demon whip "Spellbinder" {antimagic, disrupt,
                  | Will+}
129960 | Zig:5    | Identified the ring "Zezix" {*Corrode +Blink rElec Will+
                  | Int+2}
129969 | Zig:5    | Identified the +7 rapier "Goblinbane" {spect, Int+3 Stlth+}
130087 | Zig:6    | Entered Level 6 of a ziggurat
130089 | Zig:6    | Noticed Washru the pandemonium lord
130090 | Zig:6    | Noticed Qotsi the pandemonium lord
130092 | Zig:6    | Killed Qotsi the pandemonium lord
130093 | Zig:6    | Killed Washru the pandemonium lord
130093 | Zig:6    | Noticed Aciomn the pandemonium lord
130094 | Zig:6    | Noticed Bimpuan the pandemonium lord
130096 | Zig:6    | Killed Aciomn the pandemonium lord
130096 | Zig:6    | Killed Bimpuan the pandemonium lord
130209 | Zig:6    | Identified the staff of Tortfeasance {Int+5 Conj}
130221 | Zig:7    | Entered Level 7 of a ziggurat
130499 | Zig:7    | Identified the +3 dagger "Zotrothru" {heavy, rF+ Stlth+}
130554 | Zig:7    | Identified the +9 spear of Bosat {venom, Str+3 Dex+3}
130578 | Zig:8    | Entered Level 8 of a ziggurat
130593 | Zig:8    | Paralysed by a wendigo for 1 turns
130662 | Zig:8    | Identified the +8 glaive "Juicsot" {freeze, rPois}
130769 | Zig:9    | Entered Level 9 of a ziggurat
130781 | Zig:9    | Noticed Poih Jia the pandemonium lord
130784 | Zig:9    | Killed Poih Jia the pandemonium lord
130806 | Zig:9    | Identified the +6 chain mail of Plog {Harm rElec rPois}
130812 | Zig:9    | Identified the +8 falchion "Ihips" {heavy, rF+ rN+}
130926 | Zig:10   | Entered Level 10 of a ziggurat
130942 | Zig:10   | Noticed a dread lich
130943 | Zig:10   | Noticed a dread lich
130950 | Zig:10   | Killed a dread lich
130950 | Zig:10   | Killed a dread lich
130954 | Zig:10   | Noticed an ancient lich
130957 | Zig:10   | Killed an ancient lich
131132 | Zig:10   | Identified the +0 robe of the Robin {rF++ MP-9 Int+2
                  | Slay+6}
131135 | Zig:10   | Identified the staff "Taech" {rC+ Int-2 Tloc Earth}
131149 | Zig:11   | Entered Level 11 of a ziggurat
131155 | Zig:11   | Noticed an ancient lich
131157 | Zig:11   | Killed an ancient lich
131159 | Zig:11   | Noticed an ancient lich
131161 | Zig:11   | Noticed an ancient lich
131161 | Zig:11   | Noticed an ancient lich
131161 | Zig:11   | Noticed an ancient lich
131161 | Zig:11   | Noticed a dread lich
131164 | Zig:11   | Noticed an ancient lich
131165 | Zig:11   | Killed a dread lich
131165 | Zig:11   | Killed an ancient lich
131165 | Zig:11   | Killed an ancient lich
131166 | Zig:11   | Killed an ancient lich
131167 | Zig:11   | Killed an ancient lich
131167 | Zig:11   | Noticed an ancient lich
131167 | Zig:11   | Noticed a dread lich
131170 | Zig:11   | Killed an ancient lich
131170 | Zig:11   | Killed a dread lich
131170 | Zig:11   | Noticed a dread lich
131174 | Zig:11   | Killed an ancient lich
131186 | Zig:11   | Killed a dread lich
131247 | Zig:11   | Identified the +3 lajatang of Vucude {drain, rPois rC+
                  | Str-4}
131340 | Zig:12   | Entered Level 12 of a ziggurat
131514 | Zig:12   | Found the +3 robe of Clouds {*Thunder rCloud rElec}
131554 | Zig:12   | Identified the +3 lajatang of Indomitability {pain, *Noise
                  | *Corrode rC++ Dex+8}
131560 | Zig:12   | Identified the +0 arbalest "Xupn" {drain, rCorr Str+2
                  | Int+2}
131568 | Zig:13   | Entered Level 13 of a ziggurat
131782 | Zig:13   | Identified the +0 pair of boots of the Distant Future {Harm
                  | rF+++ Str-4}
131862 | Zig:13   | Identified the +10 scimitar of the Delicate God {spect,
                  | rC++ Will+ Str+3}
131904 | Zig:14   | Entered Level 14 of a ziggurat
131915 | Zig:14   | Noticed an orb of fire
131932 | Zig:14   | Noticed an orb of fire
131932 | Zig:14   | Noticed an orb of fire
131933 | Zig:14   | Noticed an orb of fire
131934 | Zig:14   | Noticed an orb of fire
131934 | Zig:14   | Noticed an orb of fire
131934 | Zig:14   | Noticed an orb of fire
131934 | Zig:14   | Noticed an orb of fire
131935 | Zig:14   | Killed an orb of fire
131935 | Zig:14   | Killed an orb of fire
131935 | Zig:14   | Killed an orb of fire
131935 | Zig:14   | Noticed an orb of fire
131935 | Zig:14   | Noticed an orb of fire
131935 | Zig:14   | Noticed an orb of fire
131936 | Zig:14   | Killed an orb of fire
131936 | Zig:14   | Noticed an orb of fire
131937 | Zig:14   | Killed an orb of fire
131937 | Zig:14   | Noticed an orb of fire
131937 | Zig:14   | Noticed an orb of fire
131937 | Zig:14   | Noticed an orb of fire
131938 | Zig:14   | Noticed an orb of fire
131938 | Zig:14   | Noticed an orb of fire
131938 | Zig:14   | Killed an orb of fire
131938 | Zig:14   | Killed an orb of fire
131938 | Zig:14   | Noticed an orb of fire
131939 | Zig:14   | Killed an orb of fire
131939 | Zig:14   | Killed an orb of fire
131939 | Zig:14   | Killed an orb of fire
131939 | Zig:14   | Noticed an orb of fire
131940 | Zig:14   | Killed an orb of fire
131940 | Zig:14   | Killed an orb of fire
131940 | Zig:14   | Killed an orb of fire
131940 | Zig:14   | Noticed an orb of fire
131941 | Zig:14   | Killed an orb of fire
131941 | Zig:14   | Killed an orb of fire
131941 | Zig:14   | Killed an orb of fire
131941 | Zig:14   | Killed an orb of fire
131943 | Zig:14   | Killed an orb of fire
131944 | Zig:14   | Killed an orb of fire
131944 | Zig:14   | Killed an orb of fire
132103 | Zig:14   | Identified the amulet of Siumegru {Spirit Dex+2 Slay-5
                  | SInv}
132111 | Zig:14   | Identified the +5 rapier of the Fifty Tables {chaos, rCorr}
132119 | Zig:15   | Entered Level 15 of a ziggurat
132298 | Zig:15   | Identified the +0 orcbow "Siekhaje" {freeze, rPois}
132311 | Zig:15   | Identified the staff "Maodic" {rPois Str+3 Poison}
132324 | Zig:15   | Identified the +1 spear of the Assorted Ghosts {heavy, rC+
                  | Int+3}
132418 | Zig:15   | Identified the +6 halberd "Ankubuf" {spect, rN+ Str+2
                  | Dex+5}
132453 | Zig:16   | Entered Level 16 of a ziggurat
132534 | Zig:16   | Found the +8 demon trident "Rift" {distort, reach+}
132683 | Zig:16   | Identified the +7 mace of Loipituj {venom, rCorr Dex+2}
132688 | Zig:16   | Identified the amulet "Ijaptonu" {Acrobat -Tele rPois
                  | Int+3}
132693 | Zig:16   | Identified the amulet of Devotion {Spirit rF- Regen+ rCorr}
132768 | Zig:17   | Entered Level 17 of a ziggurat
132784 | Zig:17   | Paralysed by an air elemental for 1 turns
132800 | Zig:17   | Found the +7 captain's cutlass {speed, disarm}
132863 | Zig:17   | Found the +12 glaive of Prune {freeze, Prune}
132876 | Zig:17   | Identified the +9 morningstar "Ochuan" {heavy, rCorr}
132878 | Zig:17   | Identified the staff "Cebewn" {rElec Str+3 Air}
132889 | Zig:17   | Identified the amulet of Devotion {RegenMP Harm Str+2 Int+3
                  | Dex+2}
132895 | Zig:17   | Identified the staff of Floods {Str+3 Earth}
132903 | Zig:17   | Identified the staff "Faho Fai" {+Blink rElec Str+4 Air}
132904 | Zig:17   | Identified the +1 scimitar "Xaett" {flame, rC+}
133080 | Zig:17   | Acquired 589 gold pieces
133082 | Zig:17   | Acquired 910 gold pieces
133090 | Zig:18   | Entered Level 18 of a ziggurat
133376 | Zig:18   | Identified the +2 robe of Boit {Str+3 Int+4 Stlth+}
133439 | Zig:19   | Entered Level 19 of a ziggurat
133470 | Zig:19   | Noticed an ancient lich
133472 | Zig:19   | Noticed an ancient lich
133472 | Zig:19   | Noticed an ancient lich
133474 | Zig:19   | Noticed an ancient lich
133474 | Zig:19   | Killed an ancient lich
133475 | Zig:19   | Killed an ancient lich
133475 | Zig:19   | Killed an ancient lich
133475 | Zig:19   | Noticed an ancient lich
133477 | Zig:19   | Noticed an ancient lich
133478 | Zig:19   | Killed an ancient lich
133479 | Zig:19   | Killed an ancient lich
133480 | Zig:19   | Reached skill level 27 in Poison Magic
133480 | Zig:19   | Killed an ancient lich
133483 | Zig:19   | Noticed an ancient lich
133489 | Zig:19   | Killed an ancient lich
133722 | Zig:19   | Identified the ring of Jynu {Fly SInv}
133734 | Zig:19   | Identified the +0 robe of the Sunfish {rF+ rC+ Int+3}
133749 | Zig:19   | Identified the +6 dagger "Togucir" {drain, Will+ Int-3 SInv
                  | Stlth+}
133844 | Zig:20   | Entered Level 20 of a ziggurat
133860 | Zig:20   | Noticed Lymo the pandemonium lord
133860 | Zig:20   | Noticed Duczedgh the pandemonium lord
133863 | Zig:20   | Noticed Cemuileu the pandemonium lord
133863 | Zig:20   | Noticed Esurugol the pandemonium lord
133864 | Zig:20   | Killed Duczedgh the pandemonium lord
133865 | Zig:20   | Killed Lymo the pandemonium lord
133866 | Zig:20   | Noticed Bezxoog the pandemonium lord
133868 | Zig:20   | Reached skill level 27 in Invocations
133868 | Zig:20   | Killed Esurugol the pandemonium lord
133868 | Zig:20   | Noticed Matipp the pandemonium lord
133868 | Zig:20   | Noticed Holiylul the pandemonium lord
133868 | Zig:20   | Noticed Uxikh the pandemonium lord
133869 | Zig:20   | Killed Cemuileu the pandemonium lord
133870 | Zig:20   | Noticed Umog Sea the pandemonium lord
133870 | Zig:20   | Noticed Buociox the pandemonium lord
133871 | Zig:20   | Killed Bezxoog the pandemonium lord
133871 | Zig:20   | Killed Holiylul the pandemonium lord
133871 | Zig:20   | Noticed Foxaz the pandemonium lord
133872 | Zig:20   | Reached skill level 27 in Throwing
133872 | Zig:20   | Killed Matipp the pandemonium lord
133872 | Zig:20   | Noticed Jairutt the pandemonium lord
133873 | Zig:20   | Killed Uxikh the pandemonium lord
133873 | Zig:20   | Noticed Xyzaonoa the pandemonium lord
133874 | Zig:20   | Noticed Lenodwig the pandemonium lord
133875 | Zig:20   | Noticed Tofuneb the pandemonium lord
133876 | Zig:20   | Killed Buociox the pandemonium lord
133876 | Zig:20   | Killed Foxaz the pandemonium lord
133876 | Zig:20   | Killed Umog Sea the pandemonium lord
133876 | Zig:20   | Killed Jairutt the pandemonium lord
133876 | Zig:20   | Noticed Siho the pandemonium lord
133878 | Zig:20   | Killed Tofuneb the pandemonium lord
133878 | Zig:20   | Killed Xyzaonoa the pandemonium lord
133878 | Zig:20   | Noticed Yrur Duh the pandemonium lord
133879 | Zig:20   | Killed Lenodwig the pandemonium lord
133879 | Zig:20   | Noticed Adghayrrera the pandemonium lord
133880 | Zig:20   | Noticed Noyptep the pandemonium lord
133882 | Zig:20   | Killed Yrur Duh the pandemonium lord
133882 | Zig:20   | Killed Noyptep the pandemonium lord
133882 | Zig:20   | Noticed Damuq the pandemonium lord
133883 | Zig:20   | Reached skill level 27 in Long Blades
133883 | Zig:20   | Killed Siho the pandemonium lord
133884 | Zig:20   | Killed Adghayrrera the pandemonium lord
133884 | Zig:20   | Noticed Rauzom the pandemonium lord
133884 | Zig:20   | Noticed Kejij the pandemonium lord
133884 | Zig:20   | Noticed Sefoluuv the pandemonium lord
133886 | Zig:20   | Noticed Zoun the pandemonium lord
133890 | Zig:20   | Killed Damuq the pandemonium lord
133895 | Zig:20   | Killed Zoun the pandemonium lord
133895 | Zig:20   | Noticed Tegu the pandemonium lord
133900 | Zig:20   | Noticed Itethad the pandemonium lord
133902 | Zig:20   | Killed Itethad the pandemonium lord
133903 | Zig:20   | Killed Sefoluuv the pandemonium lord
133903 | Zig:20   | Noticed Tobeasch the pandemonium lord
133904 | Zig:20   | Noticed Buuheh the pandemonium lord
133905 | Zig:20   | Noticed Releklae the pandemonium lord
133905 | Zig:20   | Paralysed by a floating eye for 3 turns
133906 | Zig:20   | Noticed Qexka the pandemonium lord
133913 | Zig:20   | Killed Buuheh the pandemonium lord
133914 | Zig:20   | Noticed Ecwurphi the pandemonium lord
133917 | Zig:20   | Killed Releklae the pandemonium lord
133917 | Zig:20   | Killed Qexka the pandemonium lord
133918 | Zig:20   | Killed Tobeasch the pandemonium lord
133919 | Zig:20   | Killed Ecwurphi the pandemonium lord
133922 | Zig:20   | Killed Kejij the pandemonium lord
133922 | Zig:20   | Killed Rauzom the pandemonium lord
133926 | Zig:20   | Killed Tegu the pandemonium lord
133935 | Zig:20   | Noticed Atweimm the pandemonium lord
133938 | Zig:20   | Killed Atweimm the pandemonium lord
133946 | Zig:20   | Noticed Qiphips the pandemonium lord
133950 | Zig:20   | Killed Qiphips the pandemonium lord
133966 | Zig:20   | Noticed Itucsell the pandemonium lord
133973 | Zig:20   | Killed Itucsell the pandemonium lord
133994 | Zig:20   | Noticed Jeaf the pandemonium lord
134000 | Zig:20   | Killed Jeaf the pandemonium lord
134239 | Zig:20   | Found the +7 sceptre of Torment {pain, torment}
134241 | Zig:20   | Found the +7 great mace "Firestarter" {flame, immolate,
                  | rFlCloud rF++}
134284 | Zig:20   | Identified the +5 ring mail of Cocytus {rN+}
134301 | Zig:20   | Identified the +0 ring mail of the Other Side {Str+3}
134310 | Zig:20   | Identified the +2 whip "Otodgh" {heavy, *Rage rPois rN+
                  | SInv}
134415 | Zig:21   | Entered Level 21 of a ziggurat
134555 | Zig:21   | Identified the +8 glaive of the Evil Eye {drain, rElec rF+
                  | rN+}
134562 | Zig:21   | Identified the -2 kite shield "Kumer" {Str+2 Slay+2}
134568 | Zig:21   | Identified the +9 halberd of Luzov {pain, rC+++ rN+ Will-
                  | MP+9}
134572 | Zig:21   | Identified the ring of Wazilam {rElec rPois rF+ Str-2
                  | Int+3}
134574 | Zig:21   | Identified the ring "Yraxipi" {+Blink rPois rN+ Int+6
                  | Dex-3}
134576 | Zig:21   | Identified the ring "Guczoror" {rC+ Str+2}
134580 | Zig:21   | Identified the +5 mace "Taniytot" {heavy, Str-5 Int+3}
134789 | Zig:22   | Entered Level 22 of a ziggurat
135068 | Zig:22   | Found the +2 Maxwell's thermic engine {flame, freeze, rev}
135075 | Zig:22   | Identified the +0 arbalest of Optimality {antimagic, Fly
                  | rN+ Dex+2}
135078 | Zig:22   | Identified the staff of Forgiveness {Str-5 Int+3 Dex+5
                  | Earth}
135086 | Zig:22   | Identified the staff "Saorom" {Fly rC+ Will+++ rCorr Str-2
                  | Ice}
135087 | Zig:22   | Identified the +9 mace "Gunim" {freeze, rF+ Will+ Int+3}
135093 | Zig:22   | Identified the +9 spear of Debt {elec, +Blink rPois Will-
                  | Str+3}
135103 | Zig:22   | Identified the amulet "Nofugeale" {RegenMP Harm Will+
                  | Int+3}
135245 | Zig:23   | Entered Level 23 of a ziggurat
135267 | Zig:23   | Noticed a dread lich
135267 | Zig:23   | Noticed a dread lich
135268 | Zig:23   | Noticed an ancient lich
135269 | Zig:23   | Noticed a dread lich
135269 | Zig:23   | Noticed an ancient lich
135270 | Zig:23   | Noticed a dread lich
135271 | Zig:23   | Killed a dread lich
135271 | Zig:23   | Killed a dread lich
135272 | Zig:23   | Killed a dread lich
135272 | Zig:23   | Killed an ancient lich
135272 | Zig:23   | Killed an ancient lich
135273 | Zig:23   | Killed a dread lich
135273 | Zig:23   | Noticed a dread lich
135274 | Zig:23   | Noticed an ancient lich
135274 | Zig:23   | Noticed an ancient lich
135276 | Zig:23   | Noticed an ancient lich
135276 | Zig:23   | Noticed a dread lich
135279 | Zig:23   | Noticed an ancient lich
135279 | Zig:23   | Killed an ancient lich
135280 | Zig:23   | Noticed a dread lich
135280 | Zig:23   | Noticed a dread lich
135282 | Zig:23   | Killed an ancient lich
135282 | Zig:23   | Killed a dread lich
135282 | Zig:23   | Killed an ancient lich
135282 | Zig:23   | Killed an ancient lich
135282 | Zig:23   | Noticed a dread lich
135283 | Zig:23   | Reached skill level 27 in Axes
135285 | Zig:23   | Noticed a dread lich
135287 | Zig:23   | Killed a dread lich
135287 | Zig:23   | Killed a dread lich
135288 | Zig:23   | Killed a dread lich
135289 | Zig:23   | Noticed a dread lich
135291 | Zig:23   | Killed a dread lich
135291 | Zig:23   | Killed a dread lich
135292 | Zig:23   | Noticed an ancient lich
135294 | Zig:23   | Killed a dread lich
135297 | Zig:23   | Noticed a dread lich
135298 | Zig:23   | Noticed a dread lich
135299 | Zig:23   | Killed a dread lich
135299 | Zig:23   | Killed an ancient lich
135300 | Zig:23   | Noticed a dread lich
135303 | Zig:23   | Killed a dread lich
135305 | Zig:23   | Killed a dread lich
135324 | Zig:23   | Found the +6 lightning scales {swift, rElec}
135379 | Zig:23   | Identified the +4 dagger of Departure {venom, Str+3 Dex+4}
135384 | Zig:23   | Identified the ring of Ignis, Scorching {rF+ rC+ Int+6
                  | Stlth-}
135412 | Zig:23   | Identified the +9 shortbow of the Crawling Thing {elec,
                  | rCorr SInv}
135426 | Zig:23   | Identified the +1 trident "Ebechant" {freeze, rC+ MP+9}
135476 | Zig:23   | Identified the ring of Ephemeral Luck {rElec rN+ MP+9
                  | Slay-2 Stlth+}
135619 | Zig:24   | Entered Level 24 of a ziggurat
135663 | Zig:24   | Reached skill level 27 in Maces & Flails
135664 | Zig:24   | Paralysed by a floating eye for 3 turns
135668 | Zig:24   | Reached skill level 27 in Polearms
135809 | Zig:24   | Identified the amulet of Ocvyow {Regen+ Int+2}
135862 | Zig:24   | Identified the ring of Ytwojaiw {Wiz rElec Int+2}
135870 | Zig:24   | Identified the staff "Purukok" {rN+ Int-5 SInv Earth}
135895 | Zig:24   | Identified the +8 great sword "Yfiedus" {holy, rN+ Will++}
135897 | Zig:24   | Identified the +7 trident of Dominance {pain, rN++ MP+9}
136062 | Zig:25   | Entered Level 25 of a ziggurat
136129 | Zig:25   | Found the +5 Force Lance {heavy, knockback}
136170 | Zig:25   | Found the sphere of Battle
136185 | Zig:25   | Identified the +12 war axe "Tattletale" {flame, rPois
                  | rCorr}
136194 | Zig:25   | Identified the ring "Myunwix" {rPois rC- Int+2 Dex+3}
136571 | Zig:26   | Entered Level 26 of a ziggurat
136935 | Zig:26   | Found the +11 Singing Sword {sonic wave}
137164 | Zig:26   | Identified the staff of the Open Hand {rPois rF+ rN+ Ice
                  | Poison}
137168 | Zig:26   | Identified the +1 shortbow of Regicide {speed, Fly Dex+4
                  | Stlth+}
137171 | Zig:26   | Identified the +9 falchion of Nuasutar {spect, rCorr Dex+4
                  | Stlth-}
137179 | Zig:26   | Identified the +2 dagger "Lesov" {heavy, rElec rCorr}
137195 | Zig:26   | Identified the amulet "Xuott" {Reflect rF+ rN+ SH+5}
137211 | Zig:26   | Identified the amulet of Pefeeb {RegenMP Str+4}
137522 | Zig:27   | Entered Level 27 of a ziggurat
137726 | Zig:27   | Found the +3 pair of seven-league boots {Rampage+∞}
137956 | Zig:27   | Identified the staff "Ogre's Nightmare" {rN+ Int+3 Necro}
137963 | Zig:27   | Identified the staff of the Valley {rElec rF+ rN+ Dex+3
                  | Fire}
137970 | Zig:27   | Identified the +6 flail of Oozing Pus {flame, rF+ Dex+3}
138075 | Zig:27   | Identified the +1 leather armour of Idealism {rF- Int+4}
138077 | Zig:27   | Identified the +5 scale mail "Rousm" {rPois}
138498 | Shoals:3 | Bought the ring "Sustiehi" {Drain rN+++ Str+6} for 700 gold
                  | pieces
138846 | Geh:1    | Entered Level 1 of Gehenna
140293 | Geh:7    | Entered Level 7 of Gehenna
140593 | Geh:7    | Found the +13 sceptre of Asmodeus
140593 | Geh:7    | Noticed Asmodeus
140613 | Geh:7    | Killed Asmodeus
140677 | Geh:7    | Got an obsidian rune of Zot
140922 | Geh:7    | Identified the +1 crystal plate armour of the Onion {Will+
                  | MP+9 Int+3}
141245 | Coc:1    | Entered Level 1 of Cocytus
142346 | Coc:5    | Noticed an ancient lich
142562 | Coc:5    | You fall into a shaft and drop 1 floor!
142637 | Coc:7    | Entered Level 7 of Cocytus
143038 | Coc:7    | Noticed Antaeus
143056 | Coc:7    | Killed Antaeus
143067 | Coc:7    | Got an icy rune of Zot
143789 | Dis:1    | Entered Level 1 of the Iron City of Dis
144668 | Dis:5    | You fall into a shaft and drop 1 floor!
144854 | Dis:7    | Entered Level 7 of the Iron City of Dis
145175 | Dis:7    | Noticed the Serpent of Hell
145195 | Dis:7    | Noticed Dispater
145203 | Dis:7    | Killed Dispater
145355 | Dis:7    | Identified the +1 plate armour "Isuopn" {Str+3}
145792 | Tar:1    | Entered Level 1 of Tartarus
145792 | Tar:1    | Noticed an ancient lich
145796 | Tar:1    | Noticed an ancient lich
145892 | Tar:1    | Killed an ancient lich
145898 | Tar:1    | Killed an ancient lich
145982 | Tar:3    | Noticed a dread lich
146509 | Tar:7    | Entered Level 7 of Tartarus
146993 | Tar:7    | Noticed Ereshkigal
146993 | Tar:7    | Noticed an ancient lich
146997 | Tar:7    | Killed an ancient lich
147000 | Tar:7    | Killed Ereshkigal
147032 | Tar:7    | Got a bone rune of Zot
147479 | Dis:7    | Got an iron rune of Zot
148004 | Zot:5    | Got the Orb of Zot
148381 | D:13     | You paid a toll of 6 scrolls of blinking to enter a
                  | treasure trove
148382 | Trove    | Entered a treasure trove
148508 | D:13     | Learned a level 2 spell: Passwall
148844 | D:$      | Escaped with the Orb!

Illustrated notes

Levels and vault maps discovered:
D:1:      spicycebolla_arrival_xxxplode, layout_loops_corners, serial_shops,
          shop, shapermc_ecumenical_altar_mp_ritualfount, st_stairs_1,
          nicolae_figureground_pulse
D:2:      layout_basic, serial_shops, nicolae_shop_rolling_square,
          minmay_tree_intersection, kennysheep_doodads,
          kennysheep_generic_room_3
D:3:      layout_basic, serial_shops, shop, nicolae_hexahallways,
          hangedman_decor_diamond_cutter, uniq_natasha, uniq_grinder
D:4:      layout_basic, lemuel_crystal_altar, makhleb_heckhound_becter,
          lemuel_doored_altar, nicolae_ossuary_entry_giza, uniq_ijyb
D:5:      layout_cave_pools, mainiacjoe_overflow_brackets, temple_fountains,
          gammafunk_ghost_nasty_kobolds, uniq_pikel, uniq_prince_ribbit1
D:6:      minmay_angry_zag, layout_gridville, mainiacjoe_overflow_24_doors,
          mainiacjoe_overflow_cross_hatched, lemuel_crystal_altar
D:7:      layout_basic, mainiacjoe_overflow_surrounded_room, uniq_menkaure
D:8:      layout_basic, lemuel_round_altar, trog_book,
          corexii_mini_fake_secret_closet, solitary_fountain,
          minmay_misc_feat_four_crosses, hangedman_decor_clover_reticule,
          minivault_12, uniq_amaemon, uniq_gastronok, uniq_maurice
D:9:      layout_basic, david_lair_generic
D:10:     layout_cave_pools, hiddenorc2_lemuel, gammafunk_ghost_hive,
          serial_shops, nicolae_shop_waterfront, nicolae_diode_quadrants,
          uniq_snorg
D:11:     layout_loops_ring, serial_park_tiny_2, tgw_xom, uniq_fannar
D:12:     gammafunk_indiana_jones, layout_rooms, uniq_frances
D:13:     layout_basic, david_vaults_2, serial_shops,
          nicolae_shop_competitors_out_of_business,
          nicolae_trove_entry_path_of_doom, ebering_dispersal_statue_hall,
          cheibrodos_ashenzari_chains, uniq_urug, uniq_lodul, uniq_kirke
D:14:     layout_loops_ring, solitary_fountain,
          nicolae_dithmenos_through_a_glass_darkly
D:15:     gammafunk_depths_entry_grave, layout_basic, special_room
          [special_room_mythical_zoo], fedhas_altar_2, hangedman_decor_points
Temple:   hellmonk_temple_forest_ring
Lair:1:   layout_layer_cave, infiniplex_staircase_pool, uniq_grum
Lair:2:   dreamdust_cave_troll, layout_cave_pods, serial_bayou_shore_b
Lair:3:   layout_roguey, minmay_shoals_entry_lonely_mermaid,
          minmay_snake_entry_guardpost_medium, ebering_ghost_reflecting_pool,
          serial_bayou_pond_b
Lair:4:   layout_loops_ring, columned_hall_lemuel, grunt_megastairs_5
Lair:5:   minmay_lair_end_enchanted_forest, layout_cave_shapes,
          minmay_slime_entry_jelly_boxes
Shoals:1: layout_shoals, nicolae_shoals_spring_well_temple
Shoals:2: nicolae_shoals_lighthouse, layout_shoals
Shoals:3: nicolae_shoals_offshore_bank_account, layout_shoals, serial_shops,
          shop, shop, shop, shop, nicolae_shop_drivethru
Shoals:4: shoals_end_simple, layout_shoals, lemuel_oklob_altar
Snake:1:  onia_ninara_swampy_vault, layout_layer_cave
Snake:2:  nicolae_snake_crotalidae_crossing, layout_rooms,
          nicolae_snake_linked_coils, nicolae_snake_scaly_snakehead,
          uniq_vashnia
Snake:3:  layout_layer_cave, gammafunk_ghost_grave, uniq_aizul
Snake:4:  grunt_snake_rune_pools, layout_cave_town, serial_shops,
          nicolae_shop_hallway_stairs
Slime:1:  layout_caves, nicolae_slime_barrier
Slime:2:  layout_caves
Slime:3:  layout_caves
Slime:4:  layout_caves
Slime:5
Orc:1:    nicolae_orc_accident_2, layout_diamond_mine, serial_shops,
          nicolae_shop_stone, elf_legates, uniq_harold
Orc:2:    st_orc_rangers, layout_diamond_mine
Elf:1:    elf_arrival_002, layout_gridlike, minmay_elf_crystal_heptagon,
          st_stairs_12
Elf:2:    elven_hall_of_blades_hangedman_original
          [nicolae_blade_entry_diamond_columns], layout_rooms, serial_shops,
          nicolae_shop_tiny_waterfront
Elf:3:    minmay_elf_hall_quartered_circle, layout_loops_cross, serial_shops,
          shop, hellmonk_bongcloud_opening, roderic_roman_lattice,
          amcnicky_mini_rare_corridor_liquid
Vaults:1: portal_desolation_entry_garden, vaults_room_grunt_arrival_ludios,
          vaults_room_ringed_pool, nicolae_vaults_network_square,
          vaults_room_stairs_pillars, vaults_room_octagon,
          nicolae_vaults_six-pack, kb_rosetta, nicolae_vaults_surprise_closet,
          ontoclasm_vaults_idyll, v_rooms_4, nicolae_vaults_alarming,
          layout_vaults_maze, serial_shops,
          nicolae_shop_temple_entry_statues_fountains
Vaults:2: nicolae_vaults_surprise_closet, grunt_vaults_hallway_long,
          v_alt_pattern_6, vaults_dpeg_ring, nicolae_vaults_swerve,
          nicolae_vaults_border_crossing, vaults_dpeg_hooks,
          ontoclasm_vaults_ring_large, nicolae_vaults_storage_closets_2,
          vaults_room_pools, v_misc_2, v_misc_30,
          nicolae_vaults_security_offices_1, layout_vaults_omnicross,
          uniq_margery
Vaults:3: v_pattern_1, nicolae_vaults_museum, v_misc_9,
          minmay_crypt_entry_necro_gods, nicolae_vaults_diagonal_hallway_8,
          v_misc_28, v_alt_pattern_6, vaults_room_semicircle,
          nicolae_vaults_stepped_doors, nicolae_vaults_two_Ls,
          nicolae_vaults_tetromino_T_1, nicolae_vaults_rhombus_5,
          nicolae_vaults_double_plus_1, hangedman_vaults_trim,
          layout_vaults_omnibox
Vaults:4: v_alt_pattern_4, vaults_room_grid, v_pattern_4,
          hangedman_vaults_corner_blocks, nicolae_vaults_closet_pinwheel_1,
          nicolae_vaults_sesquioval_fish, dpeg_vaults_monster_box,
          ontoclasm_vaults_ligature, nicolae_vaults_library_corner,
          ontoclasm_vaults_twist, layout_vaults_chaotic_city, serial_shops, shop
Vaults:5: serial_shops
Crypt:1:  layout_rooms, grunt_ministairs_6, nzn_life_drinkers,
          grunt_megastairs_1, uniq_zenata
Crypt:2:  layout_catacombs, gammafunk_ghost_spectres, hex_medium
Crypt:3:  quadcrypt_mu, uniq_boris
Tomb:1
Tomb:2
Tomb:3
Depths:1: layout_cave_pools, abyss_entry_small_statue_room, serial_bayou_pond_b,
          hell_entry, zin_scriptorium, kennysheep_random_hallway
Depths:2: minmay_tri_box, layout_small_grid, enter_ziggurat_d, grunt_hell_horde,
          grunt_pan_entry_sceptre, lemuel_statue_altar, abyss_entry,
          minmay_shoptagon, uniq_enchantress
Depths:3: minmay_five_octagons, layout_gridlike,
          infiniplex_enter_wizlab_glasses, pf_hell_entry_tar_river,
          minmay_misc_feat_ornament, abyss_entry
Depths:4: grunt_zot_entry_hairpin, layout_gridville, hangedman_decor_riveting,
          hell_entry
Hell
Dis:1:    layout_gridville
Dis:2:    layout_overlapping_boxes
Dis:3:    layout_subdivisions
Dis:4:    layout_jigsaw
Dis:5:    layout_regular_city
Dis:6:    layout_overlapping_boxes, nicolae_dis_metal_lava_thing
Dis:7:    iron_city_of_dis [dis_old, dis_wall_3], layout_gridville
Geh:1:    layout_gehenna_pools_basic
Geh:2:    layout_gehenna_pools_triple, nicolae_hells_hurtin_island
Geh:3:    layout_gehenna_lava_caves
Geh:4:    layout_gehenna_pools_triple
Geh:5:    layout_gehenna_lava_caves
Geh:6:    layout_gehenna_pools_basic
Geh:7:    geh_grunt_pentagon
Coc:1:    layout_ice_bergs, serial_ice, serial_ice_a, serial_ice_h, serial_ice_g
Coc:2:    layout_ice_bergs
Coc:3:    layout_ice_bergs
Coc:4:    layout_cocytus_water_paths
Coc:5:    layout_ice_bergs
Coc:6:    layout_cocytus_delve
Coc:7:    coc_old
Tar:1:    layout_grid_maze, nicolae_tar_spectre_spectrum
Tar:2:    layout_honeycomb
Tar:3:    layout_grid_maze, nicolae_tar_windowcombs
Tar:4:    layout_grid_maze, grunt_tartarus_stairs_gauntlet_trap
Tar:5:    layout_grid_maze
Tar:6:    layout_honeycomb
Tar:7:    tar_mu [tar_mu_maze]
Zot:1:    layout_misc_corridors, st_small_dragon_hoard_5, uniq_josephina
Zot:2:    gammafunk_the_bubble [the_bubble_gammafunk_grid], layout_gridville,
          serial_nicolae_subway, nicolae_sub_station_metal,
          nicolae_sub_station_crystal, nicolae_sub_station_stone
Zot:3:    layout_onion_interference, grunt_megastairs_4, uniq_parghit
Zot:4:    layout_misc_corridors, zot_minivault_1, grunt_megastairs_2
Zot:5:    layout_misc_corridors, ebering_ghost_xom

Skill      XL: |  1  2  3  4  5  6  7  8  9 10 11 12 13 14 15 16 17 18 19 20 21 22 23 24 25 26 27 |
---------------+----------------------------------------------------------------------------------+-----
Stealth        | 3 5 10 27 | 27.0
Fighting       | 1 2 4 8 10 27 | 27.0
Conjurations   | 5 6 11 12 13 15 17 18 19 21 22 27 | 27.0
Spellcasting   | 3 6 7 8 9 11 12 13 15 16 17 18 27 | 27.0
Throwing       | 2 4 27 | 27.0
Evocations     | 1 4 5 7 9 27 | 27.0
Translocations | 4 5 6 27 | 27.0
Hexes          | 2 27 | 27.0
Dodging        | 9 10 12 27 | 27.0
Maces & Flails | 2 27 | 27.0
Shields        | 5 10 14 15 16 18 27 | 27.0
Transmutations | 6 12 13 27 | 27.0
Earth Magic    | 6 8 27 | 27.0
Necromancy     | 3 6 27 | 27.0
Fire Magic     | 5 9 13 15 17 19 21 22 27 | 27.0
Staves         | 3 27 | 27.0
Summonings     | 27 | 27.0
Air Magic      | 27 | 27.0
Ranged Weapons | 27 | 27.0
Short Blades   | 27 | 27.0
Ice Magic      | 27 | 27.0
Unarmed Combat | 27 | 27.0
Long Blades    | 27 | 27.0
Axes           | 27 | 27.0
Polearms       | 27 | 27.0
Invocations    | 27 | 27.0
Poison Magic   | 27 | 27.0

Action                     |  1- 3 |  4- 6 |  7- 9 | 10-12 | 13-15 | 16-18 | 19-21 | 22-24 | 25-27 || total
---------------------------+-------+-------+-------+-------+-------+-------+-------+-------+-------++-------
  Melee: Dagger            |    10 |    12 |    35 |     3 |       |       |       |       |       ||    60
         Unarmed           |     1 |       |       |       |       |       |       |       |       ||     1
         Constrict         |     1 |     3 |     3 |     1 |    20 |    12 |    21 |    33 |   230 ||   324
         Tentacles         |       |     1 |     9 |     2 |    31 |    21 |    28 |    56 |   658 ||   806
         Punch             |       |     1 |       |       |     1 |       |     2 |     4 |   139 ||   147
         Whip              |       |       |       |     5 |     8 |       |       |       |       ||    13
         Falchion          |       |       |       |       |    81 |    43 |    49 |       |       ||   173
         Staff             |       |       |       |       |       |       |    34 |   174 |   702 ||   910
         Short sword       |       |       |       |       |       |       |       |       |   809 ||   809
         Kick              |       |       |       |       |       |       |       |       |   299 ||   299
  Throw: Dart              |       |       |       |       |    15 |    13 |       |     1 |       ||    29
   Cast: Magic Dart        |    37 |    18 |    57 |    76 |   122 |    26 |       |       |       ||   336
         Searing Ray       |    12 |    21 |    33 |    62 |   108 |    34 |       |       |       ||   270
         Fulminant Prism   |       |       |    17 |    76 |    92 |    25 |    11 |     2 |       ||   223
         Iskenderun's Myst |       |       |     4 |   114 |   361 |   228 |   170 |   167 |   235 ||  1279
         Leda's Unmaking   |       |       |       |       |       |   365 |   343 |   271 |   362 ||  1341
         Stone Arrow       |       |       |       |       |       |    68 |    48 |    30 |    32 ||   178
         Passwall          |       |       |       |       |       |     1 |       |       |    21 ||    22
         Fireball          |       |       |       |       |       |       |   218 |   295 |    59 ||   572
         Orb of Destructio |       |       |       |       |       |       |     8 |       |       ||     8
         Blink             |       |       |       |       |       |       |     1 |       |       ||     1
         Ignition          |       |       |       |       |       |       |       |     8 |   577 ||   585
         Plasma Beam       |       |       |       |       |       |       |       |     5 |    15 ||    20
         Fire Storm        |       |       |       |       |       |       |       |       |   951 ||   951
         Lehudib's Crystal |       |       |       |       |       |       |       |       |   804 ||   804
         Chain Lightning   |       |       |       |       |       |       |       |       |   480 ||   480
         Infestation       |       |       |       |       |       |       |       |       |   155 ||   155
         Shatter           |       |       |       |       |       |       |       |       |   140 ||   140
         Borgnjor's Vile C |       |       |       |       |       |       |       |       |   112 ||   112
         Necromutation     |       |       |       |       |       |       |       |       |    91 ||    91
         Spellforged Servi |       |       |       |       |       |       |       |       |    31 ||    31
         Polar Vortex      |       |       |       |       |       |       |       |       |    22 ||    22
         Discord           |       |       |       |       |       |       |       |       |     6 ||     6
         Dragon's Call     |       |       |       |       |       |       |       |       |     2 ||     2
 Invoke: Call Merchant     |       |       |       |       |     4 |     1 |       |       |     1 ||     6
         Potion Petition   |       |       |       |       |     1 |     4 |     4 |     4 |   246 ||   259
         Bribe Branch      |       |       |       |       |       |       |       |       |     8 ||     8
Ability: End Transformatio |       |       |       |       |       |       |       |       |     2 ||     2
  Evoke: Wand              |       |       |       |     4 |     8 |     2 |     3 |     1 |    14 ||    32
         Box of beasts     |       |       |       |     1 |     2 |     1 |     1 |     2 |     7 ||    14
         Phantom mirror    |       |       |       |     1 |     1 |     1 |     1 |       |     3 ||     7
         Lightning rod     |       |       |       |       |       |       |       |     9 |     8 ||    17
         Tin of tremorston |       |       |       |       |       |       |       |     3 |     8 ||    11
         Horn of Geryon    |       |       |       |       |       |       |       |       |     8 ||     8
         Figurine of a zig |       |       |       |       |       |       |       |       |     5 ||     5
    Use: Scroll            |     3 |     3 |     9 |     8 |    10 |     6 |     8 |     7 |    72 ||   126
         Potion            |       |     3 |     1 |     2 |     6 |     6 |     8 |     1 |   151 ||   178
   Stab: Sleeping          |     4 |     2 |    11 |       |     5 |     2 |     2 |     2 |    23 ||    51
         Distracted        |       |       |       |       |     2 |       |     1 |     1 |    57 ||    61
         Invisible         |       |       |       |       |       |       |       |       |    12 ||    12
         Petrifying        |       |       |       |       |       |       |       |       |     4 ||     4
         Paralysed         |       |       |       |       |       |       |       |       |     1 ||     1
 Armour: Skin              |     3 |     4 |     5 |    17 |   124 |    63 |    34 |    52 |   226 ||   528
  Dodge: Dodged            |    24 |    19 |    28 |    88 |   391 |   169 |   145 |   179 |  1818 ||  2861
  Block: Buckler           |       |       |       |       |    35 |    73 |       |       |     6 ||   114
         Kite shield       |       |       |       |       |       |    40 |   189 |   298 |  1705 ||  2232
         Reflection        |       |       |       |       |       |     8 |    56 |    88 |    85 ||   237

Table legend: (Time is in decaauts)
 A = Elapsed time spent in this place.
 B = Non-inter-level travel time spent in this place.
 C = Inter-level travel time spent in this place.
 D = Time resting spent in this place.
 E = Time spent auto-exploring this place.
 F = Levels seen in this place.
 G = Mean time per level.
                   A        B        C        D        E       F      G
               +--------+--------+--------+--------+--------+-----+--------+
         Total | 155495 | 140071 |  15424 |  25677 |  59116 | 274 |  567.5 |
       Dungeon |  22117 |  17998 |   4119 |   3312 |   9373 |  15 | 1474.5 |
        Temple |     71 |     53 |     18 |      0 |     38 |   1 |   71.0 |
          Lair |  10027 |   8092 |   1935 |   2039 |   3742 |   5 | 2005.4 |
        Shoals |   6691 |   6102 |    589 |   1567 |   1896 |   4 | 1672.8 |
     Snake Pit |   9776 |   9063 |    713 |   2758 |   4041 |   4 | 2444.0 |
    Slime Pits |   1254 |   1197 |     57 |    495 |      0 |   5 |  250.8 |
  Orcish Mines |   3316 |   2663 |    653 |    592 |   1260 |   2 | 1658.0 |
   Elven Halls |   4010 |   3428 |    582 |    143 |   2205 |   3 | 1336.7 |
        Vaults |  10304 |   8722 |   1582 |   1862 |   4114 |   5 | 2060.8 |
         Crypt |   4439 |   3871 |    568 |    406 |   2318 |   3 | 1479.7 |
          Tomb |   3611 |   3519 |     92 |    816 |   1486 |   3 | 1203.7 |
        Depths |   9317 |   6578 |   2739 |   1397 |   2398 |   4 | 2329.2 |
          Hell |   1327 |   1228 |     99 |    164 |    509 |   1 | 1327.0 |
           Dis |   2423 |   2196 |    227 |    211 |    167 |   7 |  346.1 |
       Gehenna |   2432 |   2313 |    119 |     99 |   1060 |   7 |  347.4 |
       Cocytus |   2653 |   2548 |    105 |     23 |   1213 |   7 |  379.0 |
      Tartarus |   1420 |   1420 |      0 |      0 |    179 |   7 |  202.9 |
           Zot |   7800 |   6583 |   1217 |   1871 |   2335 |   5 | 1560.0 |
         Abyss |    621 |    621 |      0 |     63 |     18 |   3 |  207.0 |
   Pandemonium |  10133 |  10133 |      0 |   1383 |   2185 |  17 |  596.1 |
      Ziggurat |  38972 |  38972 |      0 |   5931 |  17937 | 162 |  240.6 |
         Trove |     83 |     83 |      0 |     13 |      0 |   1 |   83.0 |
       Ossuary |    420 |    420 |      0 |     90 |    103 |   1 |  420.0 |
        Wizlab |    638 |    638 |      0 |     46 |    129 |   1 |  638.0 |
    Desolation |   1629 |   1629 |      0 |    389 |    402 |   1 | 1629.0 |
               +--------+--------+--------+--------+--------+-----+--------+

Top non-repeatable levels by time:
 Snake:1: 3498 daAuts
  Lair:3: 3144 daAuts
  Zig:26: 3097 daAuts
Depths:2: 2706 daAuts
Shoals:2: 2685 daAuts
  Zig:27: 2638 daAuts
    D:15: 2580 daAuts
Vaults:3: 2570 daAuts
  Zig:25: 2425 daAuts
 Snake:2: 2405 daAuts
 Crypt:3: 2352 daAuts
Depths:3: 2351 daAuts
Vaults:5: 2338 daAuts
Depths:1: 2294 daAuts
  Zig:24: 2185 daAuts
